Workbook

Sheet S
A1: Mērķtiecīga organisko augšņu apmežošana LIZ
A2: Ikdienišķais scenārijs | B2: =INDEX(Pasākumi!C2:C15,MATCH(Izdruka!A5,Pasākumi!A2:A15,0)) -> GL_M_D
A3: Pasākuma īstenošanas scenārijs | B3: =INDEX(Pasākumi!D2:D15,MATCH(Izdruka!A5,Pasākumi!A2:A15,0)) -> AF_M_D_S
A4: SEG emisijas alternatīvajā scenārijā (zālājs ar organisku augsni)
A5: Parametrs | B5: Mērvienība | C5: 1 | D5: 2 | E5: 3 | F5: 4 | G5: 5 | H5: 6 | I5: 7 | J5: 8 | K5: 9 | L5: 10 | M5: 11 | N5: 12 | O5: 13 | P5: 14 | Q5: 15 | R5: 16 | S5: 17 | T5: 18 | U5: 19 | V5: 20 | W5: 21 | X5: 22 | Y5: 23 | Z5: 24 | AA5: 25 | AB5: 26 | AC5: 27 | AD5: 28 | AE5: 29 | AF5: 30 | AG5: 31 | AH5: 32 | AI5: 33 | AJ5: 34 | AK5: 35 | AL5: 36 | AM5: 37 | AN5: 38 | AO5: 39 | AP5: 40 | AQ5: 41 | AR5: 42 | AS5: 43 | AT5: 44 | AU5: 45 | AV5: 46 | AW5: 47 | AX5: 48 | AY5: 49 | AZ5: 50 | BA5: 51 | BB5: 52 | BC5: 53 | BD5: 54 | BE5: 55 | BF5: 56 | BG5: 57 | BH5: 58 | BI5: 59 | BJ5: 60 | BK5: 61 | BL5: 62 | BM5: 63 | BN5: 64 | BO5: 65 | BP5: 66 | BQ5: 67 | BR5: 68 | BS5: 69 | BT5: 70 | BU5: 71 | BV5: 72 | BW5: 73 | BX5: 74 | BY5: 75 | BZ5: 76 | CA5: 77 | CB5: 78 | CC5: 79 | CD5: 80 | CE5: 81 | CF5: 82 | CG5: 83 | CH5: 84 | CI5: 85 | CJ5: 86 | CK5: 87 | CL5: 88 | CM5: 89 | CN5: 90 | CO5: 91 | CP5: 92 | CQ5: 93 | CR5: 94 | CS5: 95 | CT5: 96 | CU5: 97 | CV5: 98 | CW5: 99 | CX5: 100 | CY5: 101 | CZ5: 102 | DA5: 103 | DB5: 104 | DC5: 105 | DD5: 106 | DE5: 107 | DF5: 108 | DG5: 109 | DH5: 110 | DI5: 111 | DJ5: 112 | DK5: 113 | DL5: 114 | DM5: 115 | DN5: 116 | DO5: 117 | DP5: 118 | DQ5: 119 | DR5: 120 | DS5: 121 | DT5: 122 | DU5: 123 | DV5: 124 | DW5: 125 | DX5: 126 | DY5: 127 | DZ5: 128 | EA5: 129 | EB5: 130 | EC5: 131 | ED5: 132 | EE5: 133 | EF5: 134 | EG5: 135 | EH5: 136 | EI5: 137 | EJ5: 138 | EK5: 139 | EL5: 140 | EM5: 141 | EN5: 142 | EO5: 143 | EP5: 144 | EQ5: 145 | ER5: 146 | ES5: 147 | ET5: 148 | EU5: 149 | EV5: 150 | EW5: 151 | EX5: 152 | EY5: 153 | EZ5: 154 | FA5: 155 | FB5: 156 | FC5: 157 | FD5: 158 | FE5: 159 | FF5: 160 | FG5: 161 | FH5: 162 | FI5: 163 | FJ5: 164 | FK5: 165 | FL5: 166 | FM5: 167 | FN5: 168 | FO5: 169 | FP5: 170 | FQ5: 171 | FR5: 172 | FS5: 173 | FT5: 174 | FU5: 175 | FV5: 176 | FW5: 177 | FX5: 178 | FY5: 179 | FZ5: 180 | GA5: 181 | GB5: 182 | GC5: 183 | GD5: 184 | GE5: 185 | GF5: 186 | GG5: 187 | GH5: 188 | GI5: 189 | GJ5: 190 | GK5: 191 | GL5: 192 | GM5: 193 | GN5: 194 | GO5: 195 | GP5: 196 | GQ5: 197 | GR5: 198 | GS5: 199 | GT5: 200
A6: Neto SEG emisijas | B6: tons CO₂ eq. ha⁻¹ yr⁻¹ | C6: =SUMIF(Summary!$B$3:$B$47,$B$2,Summary!C$3:C$47) -> 0 | D6: =SUMIF(Summary!$B$3:$B$47,$B$2,Summary!D$3:D$47) -> 0 | E6: =SUMIF(Summary!$B$3:$B$47,$B$2,Summary!E$3:E$47) -> 0 | F6: =SUMIF(Summary!$B$3:$B$47,$B$2,Summary!F$3:F$47) -> 0 | G6: =SUMIF(Summary!$B$3:$B$47,$B$2,Summary!G$3:G$47) -> 0 | H6: =SUMIF(Summary!$B$3:$B$47,$B$2,Summary!H$3:H$47) -> 0 | I6: =SUMIF(Summary!$B$3:$B$47,$B$2,Summary!I$3:I$47) -> 0 | J6: =SUMIF(Summary!$B$3:$B$47,$B$2,Summary!J$3:J$47) -> 0 | ... GT6: =SUMIF(Summary!$B$3:$B$47,$B$2,Summary!GT$3:GT$47) -> 0
A7: Neto SEG emisijas, neskaitot meža biokurināmo | B7: tons CO₂ eq. ha⁻¹ yr⁻¹ | C7: =SUMIF(Summary!$B$54:$B$98,$B$2,Summary!C$54:C$98) -> 0 | D7: =SUMIF(Summary!$B$54:$B$98,$B$2,Summary!D$54:D$98) -> 0 | E7: =SUMIF(Summary!$B$54:$B$98,$B$2,Summary!E$54:E$98) -> 0 | F7: =SUMIF(Summary!$B$54:$B$98,$B$2,Summary!F$54:F$98) -> 0 | G7: =SUMIF(Summary!$B$54:$B$98,$B$2,Summary!G$54:G$98) -> 0 | H7: =SUMIF(Summary!$B$54:$B$98,$B$2,Summary!H$54:H$98) -> 0 | I7: =SUMIF(Summary!$B$54:$B$98,$B$2,Summary!I$54:I$98) -> 0 | J7: =SUMIF(Summary!$B$54:$B$98,$B$2,Summary!J$54:J$98) -> 0 | ... GT7: =SUMIF(Summary!$B$54:$B$98,$B$2,Summary!GT$54:GT$98) -> 0
A8: Oglekļa uzkrājums zemsedzes augu biomasā | B8: tons C ha⁻¹ | C8: =SUMIF(Summary!$B$102:$B$146,$B$2,Summary!C$102:C$146) -> 6.8 | D8: =SUMIF(Summary!$B$102:$B$146,$B$2,Summary!D$102:D$146) -> 6.8 | E8: =SUMIF(Summary!$B$102:$B$146,$B$2,Summary!E$102:E$146) -> 6.8 | F8: =SUMIF(Summary!$B$102:$B$146,$B$2,Summary!F$102:F$146) -> 6.8 | G8: =SUMIF(Summary!$B$102:$B$146,$B$2,Summary!G$102:G$146) -> 6.8 | H8: =SUMIF(Summary!$B$102:$B$146,$B$2,Summary!H$102:H$146) -> 6.8 | I8: =SUMIF(Summary!$B$102:$B$146,$B$2,Summary!I$102:I$146) -> 6.8 | J8: =SUMIF(Summary!$B$102:$B$146,$B$2,Summary!J$102:J$146) -> 6.8 | ... GT8: =SUMIF(Summary!$B$102:$B$146,$B$2,Summary!GT$102:GT$146) -> 6.8
A10: SEG emisijas pasākuma īstenošanas scenārijā (egles audze)
A11: =A5 -> Parametrs | B11: =B5 -> Mērvienība | C11: =C5 -> 1 | D11: =D5 -> 2 | E11: =E5 -> 3 | F11: =F5 -> 4 | G11: =G5 -> 5 | H11: =H5 -> 6 | ... GT11: =GT5 -> 200
A12: =A6 -> Neto SEG emisijas | B12: tons CO₂ eq. ha⁻¹ yr⁻¹ | C12: =SUMIF(Summary!$B$3:$B$47,$B$3,Summary!C$3:C$47) -> -1.8558286 | D12: =SUMIF(Summary!$B$3:$B$47,$B$3,Summary!D$3:D$47) -> -2.6335427 | E12: =SUMIF(Summary!$B$3:$B$47,$B$3,Summary!E$3:E$47) -> -2.0502532 | F12: =SUMIF(Summary!$B$3:$B$47,$B$3,Summary!F$3:F$47) -> -2.1719032 | G12: =SUMIF(Summary!$B$3:$B$47,$B$3,Summary!G$3:G$47) -> -2.3220385 | H12: =SUMIF(Summary!$B$3:$B$47,$B$3,Summary!H$3:H$47) -> -2.4972152 | I12: =SUMIF(Summary!$B$3:$B$47,$B$3,Summary!I$3:I$47) -> -2.6952761 | J12: =SUMIF(Summary!$B$3:$B$47,$B$3,Summary!J$3:J$47) -> -2.9149301 | ... GT12: =SUMIF(Summary!$B$3:$B$47,$B$3,Summary!GT$3:GT$47) -> -8.7352724
A13: =A7 -> Neto SEG emisijas, neskaitot meža biokurināmo | B13: tons CO₂ eq. ha⁻¹ yr⁻¹ | C13: =SUMIF(Summary!$B$54:$B$98,$B$3,Summary!C$54:C$98) -> -1.8558286 | D13: =SUMIF(Summary!$B$54:$B$98,$B$3,Summary!D$54:D$98) -> -2.6335427 | E13: =SUMIF(Summary!$B$54:$B$98,$B$3,Summary!E$54:E$98) -> -2.0502532 | F13: =SUMIF(Summary!$B$54:$B$98,$B$3,Summary!F$54:F$98) -> -2.1719032 | G13: =SUMIF(Summary!$B$54:$B$98,$B$3,Summary!G$54:G$98) -> -2.3220385 | H13: =SUMIF(Summary!$B$54:$B$98,$B$3,Summary!H$54:H$98) -> -2.4972152 | I13: =SUMIF(Summary!$B$54:$B$98,$B$3,Summary!I$54:I$98) -> -2.6952761 | J13: =SUMIF(Summary!$B$54:$B$98,$B$3,Summary!J$54:J$98) -> -2.9149301 | ... GT13: =SUMIF(Summary!$B$54:$B$98,$B$3,Summary!GT$54:GT$98) -> -7.5859042
A14: =A8 -> Oglekļa uzkrājums zemsedzes augu biomasā | B14: tons C ha⁻¹ | C14: =SUMIF(Summary!$B$102:$B$146,$B$3,Summary!C$102:C$146) -> 4.0885934 | D14: =SUMIF(Summary!$B$102:$B$146,$B$3,Summary!D$102:D$146) -> 4.0524646 | E14: =SUMIF(Summary!$B$102:$B$146,$B$3,Summary!E$102:E$146) -> 3.9932258 | F14: =SUMIF(Summary!$B$102:$B$146,$B$3,Summary!F$102:F$146) -> 3.9121881 | G14: =SUMIF(Summary!$B$102:$B$146,$B$3,Summary!G$102:G$146) -> 3.8110823 | H14: =SUMIF(Summary!$B$102:$B$146,$B$3,Summary!H$102:H$146) -> 3.6920179 | I14: =SUMIF(Summary!$B$102:$B$146,$B$3,Summary!I$102:I$146) -> 3.5574351 | J14: =SUMIF(Summary!$B$102:$B$146,$B$3,Summary!J$102:J$146) -> 3.4100479 | ... GT14: =SUMIF(Summary!$B$102:$B$146,$B$3,Summary!GT$102:GT$146) -> 1.5044115
A15: Oglekļa uzkrājuma izmaiņas zemsedzes augu biomasā | B15: tons CO₂ eq. ha⁻¹ yr⁻¹ | C15: =(C14-C8)*44/12 -> -9.9418244 | D15: =((D14-D8)*44/12-SUM($C15:C15)) -> -0.13247195 | E15: =((E14-E8)*44/12-SUM($C15:D15)) -> -0.21720922 | F15: =((F14-F8)*44/12-SUM($C15:E15)) -> -0.29713795 | G15: =((G14-G8)*44/12-SUM($C15:F15)) -> -0.37072139 | H15: =((H14-H8)*44/12-SUM($C15:G15)) -> -0.43656938 | I15: =((I14-I8)*44/12-SUM($C15:H15)) -> -0.49347031 | J15: =((J14-J8)*44/12-SUM($C15:I15)) -> -0.5404199 | K15: =((K14-K8)*44/12-SUM($C15:J15)) -> -0.57664622 | ... GT15: =((GT14-GT8)*44/12-SUM($C15:GS15)) -> -0.061536206
A16: Kopējās izmaksas | B16: € ha⁻¹ | C16: =SUMIF(Summary!$B$150:$B$194,$B$3,Summary!C$150:C$194) -> 951.83 | D16: =SUMIF(Summary!$B$150:$B$194,$B$3,Summary!D$150:D$194) -> 154.69 | E16: =SUMIF(Summary!$B$150:$B$194,$B$3,Summary!E$150:E$194) -> 154.69 | F16: =SUMIF(Summary!$B$150:$B$194,$B$3,Summary!F$150:F$194) -> 154.69 | G16: =SUMIF(Summary!$B$150:$B$194,$B$3,Summary!G$150:G$194) -> 0 | H16: =SUMIF(Summary!$B$150:$B$194,$B$3,Summary!H$150:H$194) -> 0 | I16: =SUMIF(Summary!$B$150:$B$194,$B$3,Summary!I$150:I$194) -> 0 | J16: =SUMIF(Summary!$B$150:$B$194,$B$3,Summary!J$150:J$194) -> 0 | ... GT16: =SUMIF(Summary!$B$150:$B$194,$B$3,Summary!GT$150:GT$194) -> 0
A17: Kopējie ieņēmumi | B17: € ha⁻¹ | C17: =SUMIF(Summary!$B$198:$B$242,$B$3,Summary!C$198:C$242) -> 0 | D17: =SUMIF(Summary!$B$198:$B$242,$B$3,Summary!D$198:D$242) -> 0 | E17: =SUMIF(Summary!$B$198:$B$242,$B$3,Summary!E$198:E$242) -> 0 | F17: =SUMIF(Summary!$B$198:$B$242,$B$3,Summary!F$198:F$242) -> 0 | G17: =SUMIF(Summary!$B$198:$B$242,$B$3,Summary!G$198:G$242) -> 0 | H17: =SUMIF(Summary!$B$198:$B$242,$B$3,Summary!H$198:H$242) -> 0 | I17: =SUMIF(Summary!$B$198:$B$242,$B$3,Summary!I$198:I$242) -> 0 | J17: =SUMIF(Summary!$B$198:$B$242,$B$3,Summary!J$198:J$242) -> 0 | ... GT17: =SUMIF(Summary!$B$198:$B$242,$B$3,Summary!GT$198:GT$242) -> 0
A18: Naudas plūsma | B18: € ha⁻¹ | C18: =SUM(C17,-C16) -> -951.83 | D18: =SUM(D17,-D16) -> -154.69 | E18: =SUM(E17,-E16) -> -154.69 | F18: =SUM(F17,-F16) -> -154.69 | G18: =SUM(G17,-G16) -> 0 | H18: =SUM(H17,-H16) -> 0 | I18: =SUM(I17,-I16) -> 0 | J18: =SUM(J17,-J16) -> 0 | ... GT18: =SUM(GT17,-GT16) -> 0
A19: SEG emisiju samazinājums | B19: tons CO₂ eq. ha⁻¹ yr⁻¹ | C19: =C7-C13+C15 -> -8.0859957 | D19: =D7-D13+D15 -> 2.5010707 | E19: =E7-E13+E15 -> 1.833044 | F19: =F7-F13+F15 -> 1.8747653 | G19: =G7-G13+G15 -> 1.9513171 | H19: =H7-H13+H15 -> 2.0606458 | I19: =I7-I13+I15 -> 2.2018058 | J19: =J7-J13+J15 -> 2.3745102 | ... GT19: =GT7-GT13+GT15 -> 7.524368
A20: SEG emisiju samazinājums ar biokurināmā aizstāšanas efektu | B20: tons CO₂ eq. ha⁻¹ yr⁻¹ | C20: =C6-C12+C15 -> -8.0859957 | D20: =D6-D12+D15 -> 2.5010707 | E20: =E6-E12+E15 -> 1.833044 | F20: =F6-F12+F15 -> 1.8747653 | G20: =G6-G12+G15 -> 1.9513171 | H20: =H6-H12+H15 -> 2.0606458 | I20: =I6-I12+I15 -> 2.2018058 | J20: =J6-J12+J15 -> 2.3745102 | ... GT20: =GT6-GT12+GT15 -> 8.6737362
A21: SEG emisiju samazinājums kumulatīvi | B21: tons CO₂ eq. ha⁻¹ | C21: =SUM($C19:C19) -> -8.0859957 | D21: =SUM($C19:D19) -> -5.584925 | E21: =SUM($C19:E19) -> -3.751881 | F21: =SUM($C19:F19) -> -1.8771158 | G21: =SUM($C19:G19) -> 0.074201344 | H21: =SUM($C19:H19) -> 2.1348471 | I21: =SUM($C19:I19) -> 4.3366529 | J21: =SUM($C19:J19) -> 6.7111631 | ... GT21: =SUM($C19:GT19) -> 738.24614
A22: SEG emisiju samazinājums kumulatīvi ar biokurināmo | B22: tons CO₂ eq. ha⁻¹ | C22: =SUM($C20:C20) -> -8.0859957 | D22: =SUM($C20:D20) -> -5.584925 | E22: =SUM($C20:E20) -> -3.751881 | F22: =SUM($C20:F20) -> -1.8771158 | G22: =SUM($C20:G20) -> 0.074201344 | H22: =SUM($C20:H20) -> 2.1348471 | I22: =SUM($C20:I20) -> 4.3366529 | J22: =SUM($C20:J20) -> 6.7111631 | ... GT22: =SUM($C20:GT20) -> 1310.6915
A24: SEG emisiju samazinājuma izmaksu aprēķins, diskontējot naudas plūsmu
A25: =A11 -> Parametrs | B25: =B11 -> Mērvienība | C25: =C11 -> 1 | D25: =D11 -> 2 | E25: =E11 -> 3 | F25: =F11 -> 4 | G25: =G11 -> 5 | H25: =H11 -> 6 | ... GT25: =GT11 -> 200
A26: Diskontētās izmaksas un ieņēmumi:
A27: 0 | B27: =B18 -> € ha⁻¹ | C27: =C$18/(1+$A27)^C$25 -> -951.83 | D27: =D$18/(1+$A27)^D$25 -> -154.69 | E27: =E$18/(1+$A27)^E$25 -> -154.69 | F27: =F$18/(1+$A27)^F$25 -> -154.69 | G27: =G$18/(1+$A27)^G$25 -> 0 | H27: =H$18/(1+$A27)^H$25 -> 0 | I27: =I$18/(1+$A27)^I$25 -> 0 | J27: =J$18/(1+$A27)^J$25 -> 0 | ... GT27: =GT$18/(1+$A27)^GT$25 -> 0
A28: 0.025 | B28: =B27 -> € ha⁻¹ | C28: =C$18/(1+$A28)^C$25 -> -928.61463 | D28: =D$18/(1+$A28)^D$25 -> -147.23617 | E28: =E$18/(1+$A28)^E$25 -> -143.64504 | F28: =F$18/(1+$A28)^F$25 -> -140.14151 | G28: =G$18/(1+$A28)^G$25 -> 0 | H28: =H$18/(1+$A28)^H$25 -> 0 | I28: =I$18/(1+$A28)^I$25 -> 0 | J28: =J$18/(1+$A28)^J$25 -> 0 | ... GT28: =GT$18/(1+$A28)^GT$25 -> 0
A29: 0.05 | B29: =B28 -> € ha⁻¹ | C29: =C$18/(1+$A29)^C$25 -> -906.50476 | D29: =D$18/(1+$A29)^D$25 -> -140.30839 | E29: =E$18/(1+$A29)^E$25 -> -133.62704 | F29: =F$18/(1+$A29)^F$25 -> -127.26385 | G29: =G$18/(1+$A29)^G$25 -> 0 | H29: =H$18/(1+$A29)^H$25 -> 0 | I29: =I$18/(1+$A29)^I$25 -> 0 | J29: =J$18/(1+$A29)^J$25 -> 0 | ... GT29: =GT$18/(1+$A29)^GT$25 -> 0
A30: 0.075 | B30: =B29 -> € ha⁻¹ | C30: =C$18/(1+$A30)^C$25 -> -885.42326 | D30: =D$18/(1+$A30)^D$25 -> -133.8583 | E30: =E$18/(1+$A30)^E$25 -> -124.51935 | F30: =F$18/(1+$A30)^F$25 -> -115.83195 | G30: =G$18/(1+$A30)^G$25 -> 0 | H30: =H$18/(1+$A30)^H$25 -> 0 | I30: =I$18/(1+$A30)^I$25 -> 0 | J30: =J$18/(1+$A30)^J$25 -> 0 | ... GT30: =GT$18/(1+$A30)^GT$25 -> 0
A31: 0.1 | B31: =B30 -> € ha⁻¹ | C31: =C$18/(1+$A31)^C$25 -> -865.3 | D31: =D$18/(1+$A31)^D$25 -> -127.84298 | E31: =E$18/(1+$A31)^E$25 -> -116.22089 | F31: =F$18/(1+$A31)^F$25 -> -105.65535 | G31: =G$18/(1+$A31)^G$25 -> 0 | H31: =H$18/(1+$A31)^H$25 -> 0 | I31: =I$18/(1+$A31)^I$25 -> 0 | J31: =J$18/(1+$A31)^J$25 -> 0 | ... GT31: =GT$18/(1+$A31)^GT$25 -> 0
A32: Diskontētā finanšu plūsma
A33: =A27 -> 0 | B33: =B27 -> € ha⁻¹ | C33: =SUM($C27:C27) -> -951.83 | D33: =SUM($C27:D27) -> -1106.52 | E33: =SUM($C27:E27) -> -1261.21 | F33: =SUM($C27:F27) -> -1415.9 | G33: =SUM($C27:G27) -> -1415.9 | H33: =SUM($C27:H27) -> -1415.9 | I33: =SUM($C27:I27) -> -1415.9 | J33: =SUM($C27:J27) -> -1415.9 | ... GT33: =SUM($C27:GT27) -> 64079.458
A34: =A28 -> 0.025 | B34: =B28 -> € ha⁻¹ | C34: =SUM($C28:C28) -> -928.61463 | D34: =SUM($C28:D28) -> -1075.8508 | E34: =SUM($C28:E28) -> -1219.4958 | F34: =SUM($C28:F28) -> -1359.6374 | G34: =SUM($C28:G28) -> -1359.6374 | H34: =SUM($C28:H28) -> -1359.6374 | I34: =SUM($C28:I28) -> -1359.6374 | J34: =SUM($C28:J28) -> -1359.6374 | ... GT34: =SUM($C28:GT28) -> 5923.2979
A35: =A29 -> 0.05 | B35: =B29 -> € ha⁻¹ | C35: =SUM($C29:C29) -> -906.50476 | D35: =SUM($C29:D29) -> -1046.8132 | E35: =SUM($C29:E29) -> -1180.4402 | F35: =SUM($C29:F29) -> -1307.704 | G35: =SUM($C29:G29) -> -1307.704 | H35: =SUM($C29:H29) -> -1307.704 | I35: =SUM($C29:I29) -> -1307.704 | J35: =SUM($C29:J29) -> -1307.704 | ... GT35: =SUM($C29:GT29) -> 493.8917
A36: =A30 -> 0.075 | B36: =B30 -> € ha⁻¹ | C36: =SUM($C30:C30) -> -885.42326 | D36: =SUM($C30:D30) -> -1019.2816 | E36: =SUM($C30:E30) -> -1143.8009 | F36: =SUM($C30:F30) -> -1259.6329 | G36: =SUM($C30:G30) -> -1259.6329 | H36: =SUM($C30:H30) -> -1259.6329 | I36: =SUM($C30:I30) -> -1259.6329 | J36: =SUM($C30:J30) -> -1259.6329 | ... GT36: =SUM($C30:GT30) -> -667.33883
A37: =A31 -> 0.1 | B37: =B31 -> € ha⁻¹ | C37: =SUM($C31:C31) -> -865.3 | D37: =SUM($C31:D31) -> -993.14298 | E37: =SUM($C31:E31) -> -1109.3639 | F37: =SUM($C31:F31) -> -1215.0192 | G37: =SUM($C31:G31) -> -1215.0192 | H37: =SUM($C31:H31) -> -1215.0192 | I37: =SUM($C31:I31) -> -1215.0192 | J37: =SUM($C31:J31) -> -1215.0192 | ... GT37: =SUM($C31:GT31) -> -987.20547
A38: SEG emisiju samazinājuma izmaksas, atkarībā no diskonta likmes:
A39: =A33 -> 0 | B39: =B55 -> € tonna⁻¹ CO₂ ekv. | C39: =IFERROR(-C33/C$21,"") -> -117.71339 | D39: =IFERROR(-D33/D$21,"") -> -198.12621 | E39: =IFERROR(-E33/E$21,"") -> -336.15405 | F39: =IFERROR(-F33/F$21,"") -> -754.29551 | G39: =IFERROR(-G33/G$21,"") -> 19081.865 | H39: =IFERROR(-H33/H$21,"") -> 663.2325 | I39: =IFERROR(-I33/I$21,"") -> 326.49604 | J39: =IFERROR(-J33/J$21,"") -> 210.97684 | ... GT39: =IFERROR(-GT33/GT$21,"") -> -86.799584
A40: =A34 -> 0.025 | B40: =B39 -> € tonna⁻¹ CO₂ ekv. | C40: =IFERROR(-C34/C$21,"") -> -114.84234 | D40: =IFERROR(-D34/D$21,"") -> -192.63478 | E40: =IFERROR(-E34/E$21,"") -> -325.03585 | F40: =IFERROR(-F34/F$21,"") -> -724.32258 | G40: =IFERROR(-G34/G$21,"") -> 18323.622 | H40: =IFERROR(-H34/H$21,"") -> 636.87809 | I40: =IFERROR(-I34/I$21,"") -> 313.52229 | J40: =IFERROR(-J34/J$21,"") -> 202.5934 | ... GT40: =IFERROR(-GT34/GT$21,"") -> -8.023473
A41: =A35 -> 0.05 | B41: =B40 -> € tonna⁻¹ CO₂ ekv. | C41: =IFERROR(-C35/C$21,"") -> -112.10799 | D41: =IFERROR(-D35/D$21,"") -> -187.43549 | E41: =IFERROR(-E35/E$21,"") -> -314.62623 | F41: =IFERROR(-F35/F$21,"") -> -696.65603 | G41: =IFERROR(-G35/G$21,"") -> 17623.724 | H41: =IFERROR(-H35/H$21,"") -> 612.55161 | I41: =IFERROR(-I35/I$21,"") -> 301.54685 | J41: =IFERROR(-J35/J$21,"") -> 194.85505 | ... GT41: =IFERROR(-GT35/GT$21,"") -> -0.66900682
A42: =A36 -> 0.075 | B42: =B41 -> € tonna⁻¹ CO₂ ekv. | C42: =IFERROR(-C36/C$21,"") -> -109.50083 | D42: =IFERROR(-D36/D$21,"") -> -182.50586 | E42: =IFERROR(-E36/E$21,"") -> -304.86065 | F42: =IFERROR(-F36/F$21,"") -> -671.04697 | G42: =IFERROR(-G36/G$21,"") -> 16975.877 | H42: =IFERROR(-H36/H$21,"") -> 590.03422 | I42: =IFERROR(-I36/I$21,"") -> 290.46199 | J42: =IFERROR(-J36/J$21,"") -> 187.69218 | ... GT42: =IFERROR(-GT36/GT$21,"") -> 0.90395167
A43: =A37 -> 0.1 | B43: =B42 -> € tonna⁻¹ CO₂ ekv. | C43: =IFERROR(-C37/C$21,"") -> -107.01218 | D43: =IFERROR(-D37/D$21,"") -> -177.82566 | E43: =IFERROR(-E37/E$21,"") -> -295.68205 | F43: =IFERROR(-F37/F$21,"") -> -647.27985 | G43: =IFERROR(-G37/G$21,"") -> 16374.625 | H43: =IFERROR(-H37/H$21,"") -> 569.1364 | I43: =IFERROR(-I37/I$21,"") -> 280.17442 | J43: =IFERROR(-J37/J$21,"") -> 181.04451 | ... GT43: =IFERROR(-GT37/GT$21,"") -> 1.3372308
A45: IRR | C45: =IFERROR(IF(IRR($C18:C18)<0,"",IRR($C18:C18)),"") | D45: =IFERROR(IF(IRR($C18:D18)<0,"",IRR($C18:D18)),"") | E45: =IFERROR(IF(IRR($C18:E18)<0,"",IRR($C18:E18)),"") | F45: =IFERROR(IF(IRR($C18:F18)<0,"",IRR($C18:F18)),"") | G45: =IFERROR(IF(IRR($C18:G18)<0,"",IRR($C18:G18)),"") | H45: =IFERROR(IF(IRR($C18:H18)<0,"",IRR($C18:H18)),"") | I45: =IFERROR(IF(IRR($C18:I18)<0,"",IRR($C18:I18)),"") | J45: =IFERROR(IF(IRR($C18:J18)<0,"",IRR($C18:J18)),"") | ... GT45: =IFERROR(IF(IRR($C18:GT18)<0,"",IRR($C18:GT18)),"") -> 0.056986284
A47: Laika perioda ilgums | B47: gadi | C47: 200
A48: Periods sākums | B48: gads | C48: 1
A49: SEG emisiju samazinājums, neskaitot aizstāšanas efektu | B49: tonnas CO₂ ekv. ha⁻¹ | C49: =INDIRECT(CELL("address",INDEX(C21:GT21,MATCH(C47+C48-C11,C11:GT11,0)))) -> 738.24614
A50: Kopējais SEG emisiju samazinājums ar aizstāšanas efektu | B50: =B49 -> tonnas CO₂ ekv. ha⁻¹ | C50: =INDIRECT(CELL("address",INDEX(C22:GT22,MATCH(C47+C48-C11,C11:GT11,0)))) -> 1310.6915
A51: Aizstāšanas efekts SEG emisiju samazinājumā | B51: =B50 -> tonnas CO₂ ekv. ha⁻¹ | C51: =C50-C49 -> 572.44535
B52: NPV | C52: {=TRANSPOSE(A39:A43)} -> 0 | D52: 0.025 | E52: 0.05 | F52: 0.075 | G52: 0.1
A53: SEG emisiju samazinājums, neskaitot aizstāšanas efektu:
A54: Diskontētā finanšu plūsma | B54: € ha⁻¹ | C54: =SUM(INDIRECT(CELL("address",INDEX(C27:GT27,MATCH(C48,C25:GT25,0)))):INDIRECT(CELL("address",INDEX(C27:GT27,MATCH(C47+C48-C25,C25:GT25,0))))) -> 64079.458 | D54: =SUM(INDIRECT(CELL("address",INDEX(C28:GT28,MATCH(C48,C25:GT25,0)))):INDIRECT(CELL("address",INDEX(C28:GT28,MATCH(C47+C48-C25,C25:GT25,0))))) -> 5923.2979 | E54: =SUM(INDIRECT(CELL("address",INDEX(C29:GT29,MATCH(C48,C25:GT25,0)))):INDIRECT(CELL("address",INDEX(C29:GT29,MATCH(C47+C48-C25,C25:GT25,0))))) -> 493.8917 | F54: =SUM(INDIRECT(CELL("address",INDEX(C30:GT30,MATCH(C48,C25:GT25,0)))):INDIRECT(CELL("address",INDEX(C30:GT30,MATCH(C47+C48-C25,C25:GT25,0))))) -> -667.33883 | G54: =SUM(INDIRECT(CELL("address",INDEX(C31:GT31,MATCH(C48,C25:GT25,0)))):INDIRECT(CELL("address",INDEX(C31:GT31,MATCH(C47+C48-C25,C25:GT25,0))))) -> -987.20547
A55: SEG emisiju samazinājuma izmaksas | B55: € tonna⁻¹ CO₂ ekv. | C55: =-C54/$C49 -> -86.799584 | D55: =-D54/$C49 -> -8.023473 | E55: =-E54/$C49 -> -0.66900682 | F55: =-F54/$C49 -> 0.90395167 | G55: =-G54/$C49 -> 1.3372308
A56: Kopējais SEG emisiju samazinājums:
A57: =A55 -> SEG emisiju samazinājuma izmaksas | B57: =B55 -> € tonna⁻¹ CO₂ ekv. | C57: =-C54/$C50 -> -48.88981 | D57: =-D54/$C50 -> -4.519216 | E57: =-E54/$C50 -> -0.37681766 | F57: =-F54/$C50 -> 0.5091502 | G57: =-G54/$C50 -> 0.75319439

Sheet Summary
A1: Summary of GHG emissions
A2: No | B2: Sheet | C2: 1 | D2: 2 | E2: 3 | F2: 4 | G2: 5 | H2: 6 | I2: 7 | J2: 8 | K2: 9 | L2: 10 | M2: 11 | N2: 12 | O2: 13 | P2: 14 | Q2: 15 | R2: 16 | S2: 17 | T2: 18 | U2: 19 | V2: 20 | W2: 21 | X2: 22 | Y2: 23 | Z2: 24 | AA2: 25 | AB2: 26 | AC2: 27 | AD2: 28 | AE2: 29 | AF2: 30 | AG2: 31 | AH2: 32 | AI2: 33 | AJ2: 34 | AK2: 35 | AL2: 36 | AM2: 37 | AN2: 38 | AO2: 39 | AP2: 40 | AQ2: 41 | AR2: 42 | AS2: 43 | AT2: 44 | AU2: 45 | AV2: 46 | AW2: 47 | AX2: 48 | AY2: 49 | AZ2: 50 | BA2: 51 | BB2: 52 | BC2: 53 | BD2: 54 | BE2: 55 | BF2: 56 | BG2: 57 | BH2: 58 | BI2: 59 | BJ2: 60 | BK2: 61 | BL2: 62 | BM2: 63 | BN2: 64 | BO2: 65 | BP2: 66 | BQ2: 67 | BR2: 68 | BS2: 69 | BT2: 70 | BU2: 71 | BV2: 72 | BW2: 73 | BX2: 74 | BY2: 75 | BZ2: 76 | CA2: 77 | CB2: 78 | CC2: 79 | CD2: 80 | CE2: 81 | CF2: 82 | CG2: 83 | CH2: 84 | CI2: 85 | CJ2: 86 | CK2: 87 | CL2: 88 | CM2: 89 | CN2: 90 | CO2: 91 | CP2: 92 | CQ2: 93 | CR2: 94 | CS2: 95 | CT2: 96 | CU2: 97 | CV2: 98 | CW2: 99 | CX2: 100 | CY2: 101 | CZ2: 102 | DA2: 103 | DB2: 104 | DC2: 105 | DD2: 106 | DE2: 107 | DF2: 108 | DG2: 109 | DH2: 110 | DI2: 111 | DJ2: 112 | DK2: 113 | DL2: 114 | DM2: 115 | DN2: 116 | DO2: 117 | DP2: 118 | DQ2: 119 | DR2: 120 | DS2: 121 | DT2: 122 | DU2: 123 | DV2: 124 | DW2: 125 | DX2: 126 | DY2: 127 | DZ2: 128 | EA2: 129 | EB2: 130 | EC2: 131 | ED2: 132 | EE2: 133 | EF2: 134 | EG2: 135 | EH2: 136 | EI2: 137 | EJ2: 138 | EK2: 139 | EL2: 140 | EM2: 141 | EN2: 142 | EO2: 143 | EP2: 144 | EQ2: 145 | ER2: 146 | ES2: 147 | ET2: 148 | EU2: 149 | EV2: 150 | EW2: 151 | EX2: 152 | EY2: 153 | EZ2: 154 | FA2: 155 | FB2: 156 | FC2: 157 | FD2: 158 | FE2: 159 | FF2: 160 | FG2: 161 | FH2: 162 | FI2: 163 | FJ2: 164 | FK2: 165 | FL2: 166 | FM2: 167 | FN2: 168 | FO2: 169 | FP2: 170 | FQ2: 171 | FR2: 172 | FS2: 173 | FT2: 174 | FU2: 175 | FV2: 176 | FW2: 177 | FX2: 178 | FY2: 179 | FZ2: 180 | GA2: 181 | GB2: 182 | GC2: 183 | GD2: 184 | GE2: 185 | GF2: 186 | GG2: 187 | GH2: 188 | GI2: 189 | GJ2: 190 | GK2: 191 | GL2: 192 | GM2: 193 | GN2: 194 | GO2: 195 | GP2: 196 | GQ2: 197 | GR2: 198 | GS2: 199 | GT2: 200
A3: 6 | B3: CL_O_D | C3: 8.4606644 | D3: 8.4606644 | E3: 8.4606644 | F3: 8.4606644 | G3: 8.4606644 | H3: 8.4606644 | I3: 8.4606644 | J3: 8.4606644 | K3: 8.4606644 | L3: 8.4606644 | M3: 8.4606644 | N3: 8.4606644 | O3: 8.4606644 | P3: 8.4606644 | Q3: 8.4606644 | R3: 8.4606644 | S3: 8.4606644 | T3: 8.4606644 | U3: 8.4606644 | V3: 8.4606644 | W3: 8.4606644 | X3: 8.4606644 | Y3: 8.4606644 | Z3: 8.4606644 | AA3: 8.4606644 | AB3: 8.4606644 | AC3: 8.4606644 | AD3: 8.4606644 | AE3: 8.4606644 | AF3: 8.4606644 | AG3: 8.4606644 | AH3: 8.4606644 | AI3: 8.4606644 | AJ3: 8.4606644 | AK3: 8.4606644 | AL3: 8.4606644 | AM3: 8.4606644 | AN3: 8.4606644 | AO3: 8.4606644 | AP3: 8.4606644 | AQ3: 8.4606644 | AR3: 8.4606644 | AS3: 8.4606644 | AT3: 8.4606644 | AU3: 8.4606644 | AV3: 8.4606644 | AW3: 8.4606644 | AX3: 8.4606644 | AY3: 8.4606644 | AZ3: 8.4606644 | BA3: 8.4606644 | BB3: 8.4606644 | BC3: 8.4606644 | BD3: 8.4606644 | BE3: 8.4606644 | BF3: 8.4606644 | BG3: 8.4606644 | BH3: 8.4606644 | BI3: 8.4606644 | BJ3: 8.4606644 | BK3: 8.4606644 | BL3: 8.4606644 | BM3: 8.4606644 | BN3: 8.4606644 | BO3: 8.4606644 | BP3: 8.4606644 | BQ3: 8.4606644 | BR3: 8.4606644 | BS3: 8.4606644 | BT3: 8.4606644 | BU3: 8.4606644 | BV3: 8.4606644 | BW3: 8.4606644 | BX3: 8.4606644 | BY3: 8.4606644 | BZ3: 8.4606644 | CA3: 8.4606644 | CB3: 8.4606644 | CC3: 8.4606644 | CD3: 8.4606644 | CE3: 8.4606644 | CF3: 8.4606644 | CG3: 8.4606644 | CH3: 8.4606644 | CI3: 8.4606644 | CJ3: 8.4606644 | CK3: 8.4606644 | CL3: 8.4606644 | CM3: 8.4606644 | CN3: 8.4606644 | CO3: 8.4606644 | CP3: 8.4606644 | CQ3: 8.4606644 | CR3: 8.4606644 | CS3: 8.4606644 | CT3: 8.4606644 | CU3: 8.4606644 | CV3: 8.4606644 | CW3: 8.4606644 | CX3: 8.4606644 | CY3: 8.4606644 | CZ3: 8.4606644 | DA3: 8.4606644 | DB3: 8.4606644 | DC3: 8.4606644 | DD3: 8.4606644 | DE3: 8.4606644 | DF3: 8.4606644 | DG3: 8.4606644 | DH3: 8.4606644 | DI3: 8.4606644 | DJ3: 8.4606644 | DK3: 8.4606644 | DL3: 8.4606644 | DM3: 8.4606644 | DN3: 8.4606644 | DO3: 8.4606644 | DP3: 8.4606644 | DQ3: 8.4606644 | DR3: 8.4606644 | DS3: 8.4606644 | DT3: 8.4606644 | DU3: 8.4606644 | DV3: 8.4606644 | DW3: 8.4606644 | DX3: 8.4606644 | DY3: 8.4606644 | DZ3: 8.4606644 | EA3: 8.4606644 | EB3: 8.4606644 | EC3: 8.4606644 | ED3: 8.4606644 | EE3: 8.4606644 | EF3: 8.4606644 | EG3: 8.4606644 | EH3: 8.4606644 | EI3: 8.4606644 | EJ3: 8.4606644 | EK3: 8.4606644 | EL3: 8.4606644 | EM3: 8.4606644 | EN3: 8.4606644 | EO3: 8.4606644 | EP3: 8.4606644 | EQ3: 8.4606644 | ER3: 8.4606644 | ES3: 8.4606644 | ET3: 8.4606644 | EU3: 8.4606644 | EV3: 8.4606644 | EW3: 8.4606644 | EX3: 8.4606644 | EY3: 8.4606644 | EZ3: 8.4606644 | FA3: 8.4606644 | FB3: 8.4606644 | FC3: 8.4606644 | FD3: 8.4606644 | FE3: 8.4606644 | FF3: 8.4606644 | FG3: 8.4606644 | FH3: 8.4606644 | FI3: 8.4606644 | FJ3: 8.4606644 | FK3: 8.4606644 | FL3: 8.4606644 | FM3: 8.4606644 | FN3: 8.4606644 | FO3: 8.4606644 | FP3: 8.4606644 | FQ3: 8.4606644 | FR3: 8.4606644 | FS3: 8.4606644 | FT3: 8.4606644 | FU3: 8.4606644 | FV3: 8.4606644 | FW3: 8.4606644 | FX3: 8.4606644 | FY3: 8.4606644 | FZ3: 8.4606644 | GA3: 8.4606644 | GB3: 8.4606644 | GC3: 8.4606644 | GD3: 8.4606644 | GE3: 8.4606644 | GF3: 8.4606644 | GG3: 8.4606644 | GH3: 8.4606644 | GI3: 8.4606644 | GJ3: 8.4606644 | GK3: 8.4606644 | GL3: 8.4606644 | GM3: 8.4606644 | GN3: 8.4606644 | GO3: 8.4606644 | GP3: 8.4606644 | GQ3: 8.4606644 | GR3: 8.4606644 | GS3: 8.4606644 | GT3: 8.4606644
A4: 7 | B4: GL_O_D | C4: 7.2665247 | D4: 7.2665247 | E4: 7.2665247 | F4: 7.2665247 | G4: 7.2665247 | H4: 7.2665247 | I4: 7.2665247 | J4: 7.2665247 | K4: 7.2665247 | L4: 7.2665247 | M4: 7.2665247 | N4: 7.2665247 | O4: 7.2665247 | P4: 7.2665247 | Q4: 7.2665247 | R4: 7.2665247 | S4: 7.2665247 | T4: 7.2665247 | U4: 7.2665247 | V4: 7.2665247 | W4: 7.2665247 | X4: 7.2665247 | Y4: 7.2665247 | Z4: 7.2665247 | AA4: 7.2665247 | AB4: 7.2665247 | AC4: 7.2665247 | AD4: 7.2665247 | AE4: 7.2665247 | AF4: 7.2665247 | AG4: 7.2665247 | AH4: 7.2665247 | AI4: 7.2665247 | AJ4: 7.2665247 | AK4: 7.2665247 | AL4: 7.2665247 | AM4: 7.2665247 | AN4: 7.2665247 | AO4: 7.2665247 | AP4: 7.2665247 | AQ4: 7.2665247 | AR4: 7.2665247 | AS4: 7.2665247 | AT4: 7.2665247 | AU4: 7.2665247 | AV4: 7.2665247 | AW4: 7.2665247 | AX4: 7.2665247 | AY4: 7.2665247 | AZ4: 7.2665247 | BA4: 7.2665247 | BB4: 7.2665247 | BC4: 7.2665247 | BD4: 7.2665247 | BE4: 7.2665247 | BF4: 7.2665247 | BG4: 7.2665247 | BH4: 7.2665247 | BI4: 7.2665247 | BJ4: 7.2665247 | BK4: 7.2665247 | BL4: 7.2665247 | BM4: 7.2665247 | BN4: 7.2665247 | BO4: 7.2665247 | BP4: 7.2665247 | BQ4: 7.2665247 | BR4: 7.2665247 | BS4: 7.2665247 | BT4: 7.2665247 | BU4: 7.2665247 | BV4: 7.2665247 | BW4: 7.2665247 | BX4: 7.2665247 | BY4: 7.2665247 | BZ4: 7.2665247 | CA4: 7.2665247 | CB4: 7.2665247 | CC4: 7.2665247 | CD4: 7.2665247 | CE4: 7.2665247 | CF4: 7.2665247 | CG4: 7.2665247 | CH4: 7.2665247 | CI4: 7.2665247 | CJ4: 7.2665247 | CK4: 7.2665247 | CL4: 7.2665247 | CM4: 7.2665247 | CN4: 7.2665247 | CO4: 7.2665247 | CP4: 7.2665247 | CQ4: 7.2665247 | CR4: 7.2665247 | CS4: 7.2665247 | CT4: 7.2665247 | CU4: 7.2665247 | CV4: 7.2665247 | CW4: 7.2665247 | CX4: 7.2665247 | CY4: 7.2665247 | CZ4: 7.2665247 | DA4: 7.2665247 | DB4: 7.2665247 | DC4: 7.2665247 | DD4: 7.2665247 | DE4: 7.2665247 | DF4: 7.2665247 | DG4: 7.2665247 | DH4: 7.2665247 | DI4: 7.2665247 | DJ4: 7.2665247 | DK4: 7.2665247 | DL4: 7.2665247 | DM4: 7.2665247 | DN4: 7.2665247 | DO4: 7.2665247 | DP4: 7.2665247 | DQ4: 7.2665247 | DR4: 7.2665247 | DS4: 7.2665247 | DT4: 7.2665247 | DU4: 7.2665247 | DV4: 7.2665247 | DW4: 7.2665247 | DX4: 7.2665247 | DY4: 7.2665247 | DZ4: 7.2665247 | EA4: 7.2665247 | EB4: 7.2665247 | EC4: 7.2665247 | ED4: 7.2665247 | EE4: 7.2665247 | EF4: 7.2665247 | EG4: 7.2665247 | EH4: 7.2665247 | EI4: 7.2665247 | EJ4: 7.2665247 | EK4: 7.2665247 | EL4: 7.2665247 | EM4: 7.2665247 | EN4: 7.2665247 | EO4: 7.2665247 | EP4: 7.2665247 | EQ4: 7.2665247 | ER4: 7.2665247 | ES4: 7.2665247 | ET4: 7.2665247 | EU4: 7.2665247 | EV4: 7.2665247 | EW4: 7.2665247 | EX4: 7.2665247 | EY4: 7.2665247 | EZ4: 7.2665247 | FA4: 7.2665247 | FB4: 7.2665247 | FC4: 7.2665247 | FD4: 7.2665247 | FE4: 7.2665247 | FF4: 7.2665247 | FG4: 7.2665247 | FH4: 7.2665247 | FI4: 7.2665247 | FJ4: 7.2665247 | FK4: 7.2665247 | FL4: 7.2665247 | FM4: 7.2665247 | FN4: 7.2665247 | FO4: 7.2665247 | FP4: 7.2665247 | FQ4: 7.2665247 | FR4: 7.2665247 | FS4: 7.2665247 | FT4: 7.2665247 | FU4: 7.2665247 | FV4: 7.2665247 | FW4: 7.2665247 | FX4: 7.2665247 | FY4: 7.2665247 | FZ4: 7.2665247 | GA4: 7.2665247 | GB4: 7.2665247 | GC4: 7.2665247 | GD4: 7.2665247 | GE4: 7.2665247 | GF4: 7.2665247 | GG4: 7.2665247 | GH4: 7.2665247 | GI4: 7.2665247 | GJ4: 7.2665247 | GK4: 7.2665247 | GL4: 7.2665247 | GM4: 7.2665247 | GN4: 7.2665247 | GO4: 7.2665247 | GP4: 7.2665247 | GQ4: 7.2665247 | GR4: 7.2665247 | GS4: 7.2665247 | GT4: 7.2665247
A5: 8 | B5: CL_M_D | C5: 0 | D5: 0 | E5: 0 | F5: 0 | G5: 0 | H5: 0 | I5: 0 | J5: 0 | K5: 0 | L5: 0 | M5: 0 | N5: 0 | O5: 0 | P5: 0 | Q5: 0 | R5: 0 | S5: 0 | T5: 0 | U5: 0 | V5: 0 | W5: 0 | X5: 0 | Y5: 0 | Z5: 0 | AA5: 0 | AB5: 0 | AC5: 0 | AD5: 0 | AE5: 0 | AF5: 0 | AG5: 0 | AH5: 0 | AI5: 0 | AJ5: 0 | AK5: 0 | AL5: 0 | AM5: 0 | AN5: 0 | AO5: 0 | AP5: 0 | AQ5: 0 | AR5: 0 | AS5: 0 | AT5: 0 | AU5: 0 | AV5: 0 | AW5: 0 | AX5: 0 | AY5: 0 | AZ5: 0 | BA5: 0 | BB5: 0 | BC5: 0 | BD5: 0 | BE5: 0 | BF5: 0 | BG5: 0 | BH5: 0 | BI5: 0 | BJ5: 0 | BK5: 0 | BL5: 0 | BM5: 0 | BN5: 0 | BO5: 0 | BP5: 0 | BQ5: 0 | BR5: 0 | BS5: 0 | BT5: 0 | BU5: 0 | BV5: 0 | BW5: 0 | BX5: 0 | BY5: 0 | BZ5: 0 | CA5: 0 | CB5: 0 | CC5: 0 | CD5: 0 | CE5: 0 | CF5: 0 | CG5: 0 | CH5: 0 | CI5: 0 | CJ5: 0 | CK5: 0 | CL5: 0 | CM5: 0 | CN5: 0 | CO5: 0 | CP5: 0 | CQ5: 0 | CR5: 0 | CS5: 0 | CT5: 0 | CU5: 0 | CV5: 0 | CW5: 0 | CX5: 0 | CY5: 0 | CZ5: 0 | DA5: 0 | DB5: 0 | DC5: 0 | DD5: 0 | DE5: 0 | DF5: 0 | DG5: 0 | DH5: 0 | DI5: 0 | DJ5: 0 | DK5: 0 | DL5: 0 | DM5: 0 | DN5: 0 | DO5: 0 | DP5: 0 | DQ5: 0 | DR5: 0 | DS5: 0 | DT5: 0 | DU5: 0 | DV5: 0 | DW5: 0 | DX5: 0 | DY5: 0 | DZ5: 0 | EA5: 0 | EB5: 0 | EC5: 0 | ED5: 0 | EE5: 0 | EF5: 0 | EG5: 0 | EH5: 0 | EI5: 0 | EJ5: 0 | EK5: 0 | EL5: 0 | EM5: 0 | EN5: 0 | EO5: 0 | EP5: 0 | EQ5: 0 | ER5: 0 | ES5: 0 | ET5: 0 | EU5: 0 | EV5: 0 | EW5: 0 | EX5: 0 | EY5: 0 | EZ5: 0 | FA5: 0 | FB5: 0 | FC5: 0 | FD5: 0 | FE5: 0 | FF5: 0 | FG5: 0 | FH5: 0 | FI5: 0 | FJ5: 0 | FK5: 0 | FL5: 0 | FM5: 0 | FN5: 0 | FO5: 0 | FP5: 0 | FQ5: 0 | FR5: 0 | FS5: 0 | FT5: 0 | FU5: 0 | FV5: 0 | FW5: 0 | FX5: 0 | FY5: 0 | FZ5: 0 | GA5: 0 | GB5: 0 | GC5: 0 | GD5: 0 | GE5: 0 | GF5: 0 | GG5: 0 | GH5: 0 | GI5: 0 | GJ5: 0 | GK5: 0 | GL5: 0 | GM5: 0 | GN5: 0 | GO5: 0 | GP5: 0 | GQ5: 0 | GR5: 0 | GS5: 0 | GT5: 0
A6: 9 | B6: GL_M_D | C6: 0 | D6: 0 | E6: 0 | F6: 0 | G6: 0 | H6: 0 | I6: 0 | J6: 0 | K6: 0 | L6: 0 | M6: 0 | N6: 0 | O6: 0 | P6: 0 | Q6: 0 | R6: 0 | S6: 0 | T6: 0 | U6: 0 | V6: 0 | W6: 0 | X6: 0 | Y6: 0 | Z6: 0 | AA6: 0 | AB6: 0 | AC6: 0 | AD6: 0 | AE6: 0 | AF6: 0 | AG6: 0 | AH6: 0 | AI6: 0 | AJ6: 0 | AK6: 0 | AL6: 0 | AM6: 0 | AN6: 0 | AO6: 0 | AP6: 0 | AQ6: 0 | AR6: 0 | AS6: 0 | AT6: 0 | AU6: 0 | AV6: 0 | AW6: 0 | AX6: 0 | AY6: 0 | AZ6: 0 | BA6: 0 | BB6: 0 | BC6: 0 | BD6: 0 | BE6: 0 | BF6: 0 | BG6: 0 | BH6: 0 | BI6: 0 | BJ6: 0 | BK6: 0 | BL6: 0 | BM6: 0 | BN6: 0 | BO6: 0 | BP6: 0 | BQ6: 0 | BR6: 0 | BS6: 0 | BT6: 0 | BU6: 0 | BV6: 0 | BW6: 0 | BX6: 0 | BY6: 0 | BZ6: 0 | CA6: 0 | CB6: 0 | CC6: 0 | CD6: 0 | CE6: 0 | CF6: 0 | CG6: 0 | CH6: 0 | CI6: 0 | CJ6: 0 | CK6: 0 | CL6: 0 | CM6: 0 | CN6: 0 | CO6: 0 | CP6: 0 | CQ6: 0 | CR6: 0 | CS6: 0 | CT6: 0 | CU6: 0 | CV6: 0 | CW6: 0 | CX6: 0 | CY6: 0 | CZ6: 0 | DA6: 0 | DB6: 0 | DC6: 0 | DD6: 0 | DE6: 0 | DF6: 0 | DG6: 0 | DH6: 0 | DI6: 0 | DJ6: 0 | DK6: 0 | DL6: 0 | DM6: 0 | DN6: 0 | DO6: 0 | DP6: 0 | DQ6: 0 | DR6: 0 | DS6: 0 | DT6: 0 | DU6: 0 | DV6: 0 | DW6: 0 | DX6: 0 | DY6: 0 | DZ6: 0 | EA6: 0 | EB6: 0 | EC6: 0 | ED6: 0 | EE6: 0 | EF6: 0 | EG6: 0 | EH6: 0 | EI6: 0 | EJ6: 0 | EK6: 0 | EL6: 0 | EM6: 0 | EN6: 0 | EO6: 0 | EP6: 0 | EQ6: 0 | ER6: 0 | ES6: 0 | ET6: 0 | EU6: 0 | EV6: 0 | EW6: 0 | EX6: 0 | EY6: 0 | EZ6: 0 | FA6: 0 | FB6: 0 | FC6: 0 | FD6: 0 | FE6: 0 | FF6: 0 | FG6: 0 | FH6: 0 | FI6: 0 | FJ6: 0 | FK6: 0 | FL6: 0 | FM6: 0 | FN6: 0 | FO6: 0 | FP6: 0 | FQ6: 0 | FR6: 0 | FS6: 0 | FT6: 0 | FU6: 0 | FV6: 0 | FW6: 0 | FX6: 0 | FY6: 0 | FZ6: 0 | GA6: 0 | GB6: 0 | GC6: 0 | GD6: 0 | GE6: 0 | GF6: 0 | GG6: 0 | GH6: 0 | GI6: 0 | GJ6: 0 | GK6: 0 | GL6: 0 | GM6: 0 | GN6: 0 | GO6: 0 | GP6: 0 | GQ6: 0 | GR6: 0 | GS6: 0 | GT6: 0
A7: 10 | B7: WL_O_W | C7: 8.4751788 | D7: 8.4751788 | E7: 8.4751788 | F7: 8.4751788 | G7: 8.4751788 | H7: 8.4751788 | I7: 8.4751788 | J7: 8.4751788 | K7: 8.4751788 | L7: 8.4751788 | M7: 8.4751788 | N7: 8.4751788 | O7: 8.4751788 | P7: 8.4751788 | Q7: 8.4751788 | R7: 8.4751788 | S7: 8.4751788 | T7: 8.4751788 | U7: 8.4751788 | V7: 8.4751788 | W7: 8.4751788 | X7: 8.4751788 | Y7: 8.4751788 | Z7: 8.4751788 | AA7: 8.4751788 | AB7: 8.4751788 | AC7: 8.4751788 | AD7: 8.4751788 | AE7: 8.4751788 | AF7: 8.4751788 | AG7: 8.4751788 | AH7: 8.4751788 | AI7: 8.4751788 | AJ7: 8.4751788 | AK7: 8.4751788 | AL7: 8.4751788 | AM7: 8.4751788 | AN7: 8.4751788 | AO7: 8.4751788 | AP7: 8.4751788 | AQ7: 8.4751788 | AR7: 8.4751788 | AS7: 8.4751788 | AT7: 8.4751788 | AU7: 8.4751788 | AV7: 8.4751788 | AW7: 8.4751788 | AX7: 8.4751788 | AY7: 8.4751788 | AZ7: 8.4751788 | BA7: 8.4751788 | BB7: 8.4751788 | BC7: 8.4751788 | BD7: 8.4751788 | BE7: 8.4751788 | BF7: 8.4751788 | BG7: 8.4751788 | BH7: 8.4751788 | BI7: 8.4751788 | BJ7: 8.4751788 | BK7: 8.4751788 | BL7: 8.4751788 | BM7: 8.4751788 | BN7: 8.4751788 | BO7: 8.4751788 | BP7: 8.4751788 | BQ7: 8.4751788 | BR7: 8.4751788 | BS7: 8.4751788 | BT7: 8.4751788 | BU7: 8.4751788 | BV7: 8.4751788 | BW7: 8.4751788 | BX7: 8.4751788 | BY7: 8.4751788 | BZ7: 8.4751788 | CA7: 8.4751788 | CB7: 8.4751788 | CC7: 8.4751788 | CD7: 8.4751788 | CE7: 8.4751788 | CF7: 8.4751788 | CG7: 8.4751788 | CH7: 8.4751788 | CI7: 8.4751788 | CJ7: 8.4751788 | CK7: 8.4751788 | CL7: 8.4751788 | CM7: 8.4751788 | CN7: 8.4751788 | CO7: 8.4751788 | CP7: 8.4751788 | CQ7: 8.4751788 | CR7: 8.4751788 | CS7: 8.4751788 | CT7: 8.4751788 | CU7: 8.4751788 | CV7: 8.4751788 | CW7: 8.4751788 | CX7: 8.4751788 | CY7: 8.4751788 | CZ7: 8.4751788 | DA7: 8.4751788 | DB7: 8.4751788 | DC7: 8.4751788 | DD7: 8.4751788 | DE7: 8.4751788 | DF7: 8.4751788 | DG7: 8.4751788 | DH7: 8.4751788 | DI7: 8.4751788 | DJ7: 8.4751788 | DK7: 8.4751788 | DL7: 8.4751788 | DM7: 8.4751788 | DN7: 8.4751788 | DO7: 8.4751788 | DP7: 8.4751788 | DQ7: 8.4751788 | DR7: 8.4751788 | DS7: 8.4751788 | DT7: 8.4751788 | DU7: 8.4751788 | DV7: 8.4751788 | DW7: 8.4751788 | DX7: 8.4751788 | DY7: 8.4751788 | DZ7: 8.4751788 | EA7: 8.4751788 | EB7: 8.4751788 | EC7: 8.4751788 | ED7: 8.4751788 | EE7: 8.4751788 | EF7: 8.4751788 | EG7: 8.4751788 | EH7: 8.4751788 | EI7: 8.4751788 | EJ7: 8.4751788 | EK7: 8.4751788 | EL7: 8.4751788 | EM7: 8.4751788 | EN7: 8.4751788 | EO7: 8.4751788 | EP7: 8.4751788 | EQ7: 8.4751788 | ER7: 8.4751788 | ES7: 8.4751788 | ET7: 8.4751788 | EU7: 8.4751788 | EV7: 8.4751788 | EW7: 8.4751788 | EX7: 8.4751788 | EY7: 8.4751788 | EZ7: 8.4751788 | FA7: 8.4751788 | FB7: 8.4751788 | FC7: 8.4751788 | FD7: 8.4751788 | FE7: 8.4751788 | FF7: 8.4751788 | FG7: 8.4751788 | FH7: 8.4751788 | FI7: 8.4751788 | FJ7: 8.4751788 | FK7: 8.4751788 | FL7: 8.4751788 | FM7: 8.4751788 | FN7: 8.4751788 | FO7: 8.4751788 | FP7: 8.4751788 | FQ7: 8.4751788 | FR7: 8.4751788 | FS7: 8.4751788 | FT7: 8.4751788 | FU7: 8.4751788 | FV7: 8.4751788 | FW7: 8.4751788 | FX7: 8.4751788 | FY7: 8.4751788 | FZ7: 8.4751788 | GA7: 8.4751788 | GB7: 8.4751788 | GC7: 8.4751788 | GD7: 8.4751788 | GE7: 8.4751788 | GF7: 8.4751788 | GG7: 8.4751788 | GH7: 8.4751788 | GI7: 8.4751788 | GJ7: 8.4751788 | GK7: 8.4751788 | GL7: 8.4751788 | GM7: 8.4751788 | GN7: 8.4751788 | GO7: 8.4751788 | GP7: 8.4751788 | GQ7: 8.4751788 | GR7: 8.4751788 | GS7: 8.4751788 | GT7: 8.4751788
A8: 11 | B8: AF_O_D_S | C8: 0.36108426 | D8: -0.31603624 | E8: 0.43180039 | F8: 0.53442623 | G8: 0.66269882 | H8: 0.81322583 | I8: 0.98024895 | J8: 1.1562516 | K8: 1.3325467 | L8: 1.4997382 | M8: -3.2462075 | N8: -4.0919143 | O8: -5.1463147 | P8: -5.8344401 | Q8: -6.3828081 | R8: -7.8775029 | S8: -9.3787556 | T8: -10.866631 | U8: -12.321625 | V8: -13.726564 | W8: -15.06749 | X8: -16.334049 | Y8: -7.295912 | Z8: -9.2554798 | AA8: -11.117999 | AB8: -12.211181 | AC8: -13.216654 | AD8: -14.142045 | AE8: -14.993686 | AF8: -15.777427 | AG8: -16.499193 | AH8: -17.16536 | AI8: -2.4766284 | AJ8: -10.118167 | AK8: -10.621254 | AL8: -11.335803 | AM8: -11.973497 | AN8: -12.548363 | AO8: -13.071428 | AP8: -13.551754 | AQ8: -13.997165 | AR8: -14.414751 | AS8: -14.811228 | AT8: -15.193172 | AU8: -15.567194 | AV8: -15.940048 | AW8: 2.2065216 | AX8: -9.4562525 | AY8: -8.4131442 | AZ8: -9.0596297 | BA8: -9.5985913 | BB8: -10.059776 | BC8: -10.465033 | BD8: -10.830677 | BE8: -11.243772 | BF8: -11.666111 | BG8: -12.079578 | BH8: -12.490491 | BI8: -12.904315 | BJ8: -13.325947 | BK8: 0.090171259 | BL8: 69.393683 | BM8: 9.6806493 | BN8: 9.3474115 | BO8: 9.1042335 | BP8: 8.9316737 | BQ8: 8.814573 | BR8: 8.7388176 | BS8: 8.6909486 | BT8: 8.6580433 | BU8: 8.6276784 | BV8: 3.6936474 | BW8: 2.6677596 | BX8: 1.4399439 | BY8: 0.58433443 | BZ8: -0.12620492 | CA8: -1.7782239 | CB8: -3.43231 | CC8: -5.0688067 | CD8: -6.6684328 | CE8: -8.2141982 | CF8: -9.6922977 | CG8: -11.092511 | CH8: -2.1846265 | CI8: -4.2711509 | CJ8: -6.2574274 | CK8: -7.4712591 | CL8: -8.5943576 | CM8: -9.6344311 | CN8: -10.597889 | CO8: -11.490657 | CP8: -12.31873 | CQ8: -13.088553 | CR8: 1.4991052 | CS8: -6.2409891 | CT8: -6.8401767 | CU8: -7.6484328 | CV8: -8.3775019 | CW8: -9.0414682 | CX8: -9.6514156 | CY8: -10.216462 | CZ8: -10.744485 | DA8: -11.242629 | DB8: -11.717659 | DC8: -12.176202 | DD8: -12.624918 | DE8: -13.070609 | DF8: 5.0049355 | DG8: -6.727098 | DH8: -5.7515271 | DI8: -6.4638712 | DJ8: -7.0670543 | DK8: -7.5908642 | DL8: -8.0571906 | DM8: -8.4823855 | DN8: -8.9535522 | DO8: -9.4325205 | DP8: -9.9012096 | DQ8: -10.365974 | DR8: -10.832311 | DS8: -11.305151 | DT8: 2.0610293 | DU8: 71.315843 | DV8: 11.555321 | DW8: 11.175774 | DX8: 10.887436 | DY8: 10.670837 | DZ8: 10.51079 | EA8: 10.393154 | EB8: 10.304443 | EC8: 10.231709 | ED8: 10.162504 | EE8: 5.1905959 | EF8: 4.1277704 | EG8: 2.863933 | EH8: 1.9731951 | EI8: 1.2283982 | EJ8: -0.45702903 | EK8: -2.1436954 | EL8: -3.8119647 | EM8: -5.4425762 | EN8: -7.018559 | EO8: -8.5261273 | EP8: -9.9550791 | EQ8: -1.0752218 | ER8: -3.1890788 | ES8: -5.2020111 | ET8: -6.4418385 | EU8: -7.590289 | EV8: -8.6550869 | EW8: -9.345989 | EX8: -10.262272 | EY8: -11.113278 | EZ8: -11.905467 | FA8: 2.660378 | FB8: -5.1009892 | FC8: -5.7209235 | FD8: -6.5494132 | FE8: -7.2982154 | FF8: -7.9814269 | FG8: -8.6101436 | FH8: -9.1934952 | FI8: -9.739371 | FJ8: -10.254927 | FK8: -10.746937 | FL8: -11.222042 | FM8: -11.686911 | FN8: -12.148355 | FO8: 5.9118257 | FP8: -5.8351923 | FQ8: -4.8742361 | FR8: -5.6008338 | FS8: -6.2179186 | FT8: -6.7552871 | FU8: -7.2348374 | FV8: -7.6729297 | FW8: -8.1566756 | FX8: -8.6479127 | FY8: -9.1285679 | FZ8: -9.6050029 | GA8: -10.082723 | GB8: -10.566666 | GC8: 2.7886862 | GD8: 72.032939 | GE8: 12.262116 | GF8: 11.872521 | GG8: 11.574383 | GH8: 11.348226 | GI8: 11.178856 | GJ8: 11.052127 | GK8: 10.954548 | GL8: 10.873164 | GM8: 10.795521 | GN8: 5.8153835 | GO8: 4.7445309 | GP8: 3.4728641 | GQ8: 2.5744895 | GR8: 1.8222439 | GS8: 0.12955119 | GT8: -1.5642018
A9: 12 | B9: AF_O_D_S_Ash | C9: 0.36108426 | D9: -0.31603624 | E9: 0.43180039 | F9: 0.53442623 | G9: 0.66269882 | H9: 0.81322583 | I9: 0.98024895 | J9: 1.1562516 | K9: 1.3325467 | L9: 1.4997382 | M9: -3.2462075 | N9: -4.0919143 | O9: -5.1463147 | P9: -5.8344401 | Q9: -6.3828081 | R9: -7.8775029 | S9: -9.3787556 | T9: -10.866631 | U9: -12.321625 | V9: -13.726564 | W9: -15.06749 | X9: -16.334049 | Y9: -17.519631 | Z9: -18.621378 | AA9: -5.9533911 | AB9: -9.7055445 | AC9: -11.177951 | AD9: -12.20245 | AE9: -13.131486 | AF9: -13.977311 | AG9: -14.749738 | AH9: -15.457199 | AI9: -16.107497 | AJ9: -16.708312 | AK9: -17.267552 | AL9: -17.793585 | AM9: -18.295395 | AN9: -18.782679 | AO9: -19.265902 | AP9: -1.9008702 | AQ9: -14.846661 | AR9: -15.56902 | AS9: -16.186816 | AT9: -16.729482 | AU9: -17.220636 | AV9: -17.679979 | AW9: -18.124633 | AX9: -18.570073 | AY9: -18.904809 | AZ9: -19.027101 | BA9: -19.140836 | BB9: -19.239767 | BC9: -4.2016422 | BD9: -13.951721 | BE9: -13.198551 | BF9: -14.044681 | BG9: -14.805368 | BH9: -15.212211 | BI9: -15.399745 | BJ9: -15.543544 | BK9: 0.50869694 | BL9: 78.155417 | BM9: 9.1511965 | BN9: 9.6436092 | BO9: 9.5030899 | BP9: 9.3984601 | BQ9: 9.3248485 | BR9: 9.2754128 | BS9: 9.2418331 | BT9: 9.2148177 | BU9: 9.1845081 | BV9: 4.2465091 | BW9: 3.2139075 | BX9: 1.9775338 | BY9: 1.1121568 | BZ9: 0.39108684 | CA9: -1.2719124 | CB9: -2.937209 | CC9: -4.5849935 | CD9: -6.1958789 | CE9: -7.752802 | CF9: -9.2419083 | CG9: -10.652944 | CH9: -11.979396 | CI9: -13.218499 | CJ9: -0.68444176 | CK9: -4.567187 | CL9: -6.1669317 | CM9: -7.3155969 | CN9: -8.3657058 | CO9: -9.3295906 | CP9: -10.217137 | CQ9: -11.036853 | CR9: -11.796611 | CS9: -12.504163 | CT9: -13.167483 | CU9: -13.795008 | CV9: -14.395785 | CW9: -14.979574 | CX9: -15.556902 | CY9: 1.7163646 | CZ9: -11.318909 | DA9: -12.128527 | DB9: -12.831412 | DC9: -13.457052 | DD9: -14.029118 | DE9: -14.567363 | DF9: -15.088958 | DG9: -15.609426 | DH9: -16.017328 | DI9: -16.210968 | DJ9: -16.394278 | DK9: -16.561057 | DL9: -1.5890952 | DM9: -11.403694 | DN9: -10.713443 | DO9: -11.62093 | DP9: -12.44145 | DQ9: -12.906642 | DR9: -13.151076 | DS9: -13.350364 | DT9: 2.647764 | DU9: 80.241714 | DV9: 11.186032 | DW9: 11.62826 | DX9: 11.4388 | DY9: 11.286444 | DZ9: 11.166288 | EA9: 11.071462 | EB9: 10.993618 | EC9: 10.923434 | ED9: 10.851027 | EE9: 5.8719722 | EF9: 4.7993326 | EG9: 3.5239125 | EH9: 2.6204563 | EI9: 1.8622501 | EJ9: 0.16303427 | EK9: -1.5375824 | EL9: -3.2198125 | EM9: -4.8642908 | EN9: -6.4539754 | EO9: -7.9750325 | EP9: -9.4172286 | EQ9: -10.77407 | ER9: -12.04281 | ES9: 0.4623423 | ET9: -3.4485926 | EU9: -5.0758299 | EV9: -6.251308 | EW9: -7.0308983 | EX9: -8.0202868 | EY9: -8.9327062 | EZ9: -9.7766807 | FA9: -10.560099 | FB9: -11.290725 | FC9: -11.97655 | FD9: -12.626023 | FE9: -13.248207 | FF9: -13.852875 | FG9: -14.450566 | FH9: 2.802841 | FI9: -10.251803 | FJ9: -11.080312 | FK9: -11.801623 | FL9: -12.445235 | FM9: -13.034828 | FN9: -13.590168 | FO9: -14.128437 | FP9: -14.665168 | FQ9: -15.088931 | FR9: -15.298042 | FS9: -15.496442 | FT9: -15.677937 | FU9: -0.72033072 | FV9: -10.548931 | FW9: -9.8723358 | FX9: -10.793142 | FY9: -11.626655 | FZ9: -12.104518 | GA9: -12.361312 | GB9: -12.572656 | GC9: 3.4137137 | GD9: 80.996194 | GE9: 11.929325 | GF9: 12.360641 | GG9: 12.160538 | GH9: 11.997799 | GI9: 11.867517 | GJ9: 11.762814 | GK9: 11.675335 | GL9: 11.595754 | GM9: 11.514179 | GN9: 6.5261836 | GO9: 5.4448221 | GP9: 4.1608945 | GQ9: 3.2491397 | GR9: 2.4828387 | GS9: 0.77572688 | GT9: -0.93259188
A10: 13 | B10: AF_O_W_S | C10: 0.70331617 | D10: 0.34940438 | E10: 1.1838319 | F10: 1.2555921 | G10: 1.3261201 | H10: 1.3995915 | I10: 1.4781834 | J10: 1.5629993 | K10: 1.6545174 | L10: 1.7528228 | M10: 1.8577384 | N10: 1.9689018 | O10: 0.067096585 | P10: 0.31799901 | Q10: 0.61096292 | R10: 0.89028186 | S10: 1.3328305 | T10: 1.4058058 | U10: 1.4478638 | V10: 1.4559082 | W10: 1.4291241 | X10: 1.3680419 | Y10: 0.45974908 | Z10: 0.31339594 | AA10: 0.43869991 | AB10: 0.006742173 | AC10: -0.45863872 | AD10: -0.95244746 | AE10: -1.4696254 | AF10: -2.0051903 | AG10: -2.5543355 | AH10: -3.1125031 | AI10: -3.6754363 | AJ10: -4.2392185 | AK10: -4.8003015 | AL10: -5.3555256 | AM10: -5.9021334 | AN10: -6.4377786 | AO10: -6.9605306 | AP10: -7.4688766 | AQ10: -7.9617197 | AR10: -8.4383763 | AS10: -8.8985702 | AT10: -9.3424264 | AU10: -2.7680465 | AV10: -2.7675114 | AW10: -3.9422912 | AX10: -4.5071467 | AY10: -5.0186387 | AZ10: -5.4885488 | BA10: -5.9252895 | BB10: -6.3349422 | BC10: -6.7219888 | BD10: -7.0898273 | BE10: -7.4411349 | BF10: -7.7781224 | BG10: -8.102712 | BH10: -8.4166618 | BI10: -8.7216505 | BJ10: -9.0193366 | BK10: -9.3113973 | BL10: 1.3353715 | BM10: -3.3025519 | BN10: -3.399708 | BO10: -3.8635586 | BP10: -4.2679022 | BQ10: -4.6279436 | BR10: -4.9545961 | BS10: -5.2557534 | BT10: -5.5371864 | BU10: -5.8031777 | BV10: -6.0569688 | BW10: -6.3010746 | BX10: -6.5375061 | BY10: -6.7679259 | BZ10: -6.9937572 | CA10: -7.2162608 | CB10: -7.4365876 | CC10: -7.6558151 | CD10: -7.8749726 | CE10: 1.0393666 | CF10: 52.1106 | CG10: 11.009429 | CH10: 10.091059 | CI10: 9.4087157 | CJ10: 8.8998531 | CK10: 8.5186271 | CL10: 8.2318164 | CM10: 8.015466 | CN10: 7.8523075 | CO10: 7.7298507 | CP10: 7.6390003 | CQ10: 7.5730623 | CR10: 5.5083187 | CS10: 5.6072382 | CT10: 5.756883 | CU10: 5.8999036 | CV10: 6.2119901 | CW10: 6.1594804 | CX10: 6.0804016 | CY10: 5.9711919 | CZ10: 5.8306872 | DA10: 5.6591512 | DB10: 4.6434636 | DC10: 4.3926091 | DD10: 4.4161695 | DE10: 3.8851127 | DF10: 3.3231796 | DG10: 2.7352793 | DH10: 2.1263934 | DI10: 1.5014334 | DJ10: 0.86514017 | DK10: 0.22200994 | DL10: -0.42375909 | DM10: -1.0683063 | DN10: -1.7081371 | DO10: -2.3401437 | DP10: -2.9616186 | DQ10: -3.5702642 | DR10: -4.1641971 | DS10: -4.7419501 | DT10: -5.3024711 | DU10: -5.8451197 | DV10: -6.3696619 | DW10: -6.876264 | DX10: -0.3630675 | DY10: -0.42219247 | DZ10: -1.655147 | EA10: -2.2767292 | EB10: -2.8435358 | EC10: -3.3673837 | ED10: -3.85672 | EE10: -4.3176593 | EF10: -4.7547164 | EG10: -5.1713211 | EH10: -5.5701816 | EI10: -5.953539 | EJ10: -6.3233451 | EK10: -6.6813866 | EL10: -7.0293705 | EM10: -7.3689825 | EN10: -7.7019264 | EO10: 2.9049756 | EP10: -1.7718233 | EQ10: -1.9068883 | ER10: -2.4077055 | ES10: -2.8480969 | ET10: -3.2432899 | EU10: -3.6042206 | EV10: -3.9388041 | EW10: -3.9561642 | EX10: -4.2539413 | EY10: -4.5387283 | EZ10: -4.8130602 | FA10: -5.0789668 | FB10: -5.3381296 | FC10: -5.5919901 | FD10: -5.8418268 | FE10: -6.0888078 | FF10: -6.3340278 | FG10: -6.5785325 | FH10: 2.3110889 | FI10: 53.358218 | FJ10: 12.233541 | FK10: 11.292249 | FL10: 10.587552 | FM10: 10.05689 | FN10: 9.654406 | FO10: 9.3468647 | FP10: 9.110298 | FQ10: 8.9274246 | FR10: 8.785742 | FS10: 8.6761426 | FT10: 8.5919207 | FU10: 6.5093464 | FV10: 6.5908774 | FW10: 6.7235649 | FX10: 6.8500484 | FY10: 7.1460079 | FZ10: 7.0777709 | GA10: 6.9833545 | GB10: 6.8591873 | GC10: 6.7040958 | GD10: 6.5183344 | GE10: 5.4887738 | GF10: 5.2243899 | GG10: 5.2347562 | GH10: 4.690832 | GI10: 4.1163501 | GJ10: 3.5162118 | GK10: 2.8953909 | GL10: 2.2587915 | GM10: 1.6111468 | GN10: 0.95694624 | GO10: 0.30038084 | GP10: -0.35469551 | GQ10: -1.004795 | GR10: -1.6468161 | GS10: -2.2780578 | GT10: -2.8962285
A11: 14 | B11: AF_M_W_S | C11: -1.6899173 | D11: -2.0719996 | E11: -1.2795814 | F11: -1.263415 | G11: -1.2617452 | H11: -1.2700131 | I11: -1.2855964 | J11: -1.3068868 | K11: -1.3328451 | L11: -1.3627705 | M11: -1.3961741 | N11: -1.4327049 | O11: -3.8961591 | P11: -4.231606 | Q11: -4.5082678 | R11: -4.7571375 | S11: -4.7888084 | T11: -5.1312828 | U11: -5.4455948 | V11: -5.7369361 | W11: -6.0093682 | X11: -6.2660423 | Y11: -7.3739013 | Z11: -7.635805 | AA11: -7.5514944 | AB11: -7.9585025 | AC11: -8.3409183 | AD11: -8.7010841 | AE11: -9.0407498 | AF11: -9.3612493 | AG11: -9.6636229 | AH11: -9.9487033 | AI11: -10.217177 | AJ11: -10.469626 | AK11: -10.706564 | AL11: -10.928454 | AM11: -11.135727 | AN11: -11.328793 | AO11: -11.50805 | AP11: -11.673891 | AQ11: -11.826703 | AR11: -11.966876 | AS11: -12.094797 | AT11: -12.210859 | AU11: -7.9258896 | AV11: -7.6436546 | AW11: -8.536367 | AX11: -8.8198583 | AY11: -9.0515791 | AZ11: -9.2440084 | BA11: -9.4060665 | BB11: -9.5441573 | BC11: -9.6629041 | BD11: -9.7656699 | BE11: -9.8549257 | BF11: -9.93251 | BG11: -9.9998128 | BH11: -10.057905 | BI11: -10.10763 | BJ11: -10.14967 | BK11: -10.184588 | BL11: -2.231892 | BM11: -6.6512137 | BN11: -6.5322306 | BO11: -6.7824493 | BP11: -6.975633 | BQ11: -7.1268823 | BR11: -7.2469414 | BS11: -7.3434721 | BT11: -7.4219546 | BU11: -7.4863252 | BV11: -7.5394267 | BW11: -7.5833264 | BX11: -7.6195423 | BY11: -7.6492014 | BZ11: -7.6731531 | CA11: -7.6920487 | CB11: -7.7063975 | CC11: -7.7166068 | CD11: -7.7230103 | CE11: 1.4085369 | CF11: 49.717367 | CG11: 8.5880245 | CH11: 7.6276461 | CI11: 6.8897086 | CJ11: 6.3119878 | CK11: 5.8490225 | CL11: 5.4680366 | CM11: 5.1455799 | CN11: 4.864945 | CO11: 4.6142574 | CP11: 4.3850878 | CQ11: 4.1714557 | CR11: 1.545063 | CS11: 1.0576332 | CT11: 0.63765228 | CU11: 0.25248426 | CV11: 0.090351218 | CW11: -0.37760819 | CX11: -0.81305704 | CY11: -1.2216524 | CZ11: -1.607805 | DA11: -1.9749329 | DB11: -3.1901867 | DC11: -3.5565919 | DD11: -3.5740247 | DE11: -4.080132 | DF11: -4.5591 | DG11: -5.0133573 | DH11: -5.4447309 | DI11: -5.8546256 | DJ11: -6.2441472 | DK11: -6.6141903 | DL11: -6.9654995 | DM11: -7.2987141 | DN11: -7.6143999 | DO11: -7.913072 | DP11: -8.1952117 | DQ11: -8.4612782 | DR11: -8.7117166 | DS11: -8.9469643 | DT11: -9.1674546 | DU11: -9.373619 | DV11: -9.565889 | DW11: -9.7446969 | DX11: -5.5209106 | DY11: -5.2983357 | DZ11: -6.2492228 | EA11: -6.5894407 | EB11: -6.8764762 | EC11: -7.1228434 | ED11: -7.337497 | EE11: -7.5268745 | EF11: -7.6956317 | EG11: -7.8471637 | EH11: -7.9839724 | EI11: -8.1079266 | EJ11: -8.2204458 | EK11: -8.3226298 | EL11: -8.4153503 | EM11: -8.4993158 | EN11: -8.5751171 | EO11: -0.6622878 | EP11: -5.120485 | EQ11: -5.039411 | ER11: -5.3265962 | ES11: -5.5558276 | ET11: -5.7422287 | EU11: -5.8965659 | EV11: -6.0265228 | EW11: -5.8409324 | EX11: -5.9370888 | EY11: -6.0211863 | EZ11: -6.095312 | FA11: -6.161003 | FB11: -6.2194051 | FC11: -6.271386 | FD11: -6.3176147 | FE11: -6.3586177 | FF11: -6.3948195 | FG11: -6.4265701 | FH11: 2.6802592 | FI11: 50.964985 | FJ11: 9.8121366 | FK11: 8.8288356 | FL11: 8.0685445 | FM11: 7.4690247 | FN11: 6.9848014 | FO11: 6.5830849 | FP11: 6.2404118 | FQ11: 5.9400622 | FR11: 5.6701488 | FS11: 5.4222301 | FT11: 5.190314 | FU11: 2.5460907 | FV11: 2.0412724 | FW11: 1.6043341 | FX11: 1.2026291 | FY11: 1.024369 | FZ11: 0.54068224 | GA11: 0.089895832 | GB11: -0.33365698 | GC11: -0.73439646 | GD11: -1.1157498 | GE11: -2.3448765 | GF11: -2.724811 | GG11: -2.7554381 | GH11: -3.2744127 | GI11: -3.7659295 | GJ11: -4.2324248 | GK11: -4.6757334 | GL11: -5.0972676 | GM11: -5.4981406 | GN11: -5.879254 | GO11: -6.2413596 | GP11: -6.5851034 | GQ11: -6.9110578 | GR11: -7.2197444 | GS11: -7.5116509 | GT11: -7.7872425
A12: 15 | B12: AF_M_D_S | C12: -1.8558286 | D12: -2.6335427 | E12: -2.0502532 | F12: -2.1719032 | G12: -2.3220385 | H12: -2.4972152 | I12: -2.6952761 | J12: -2.9149301 | K12: -3.1553728 | L12: -3.4160533 | M12: -9.3135973 | N12: -11.072593 | O12: -12.7042 | P12: -13.618621 | Q12: -14.126313 | R12: -15.386283 | S12: -16.512626 | T12: -17.526877 | U12: -18.442129 | V12: -19.266914 | W12: -20.007273 | X12: -20.667895 | Y12: -13.418787 | Z12: -14.919188 | AA12: -16.306079 | AB12: -16.915597 | AC12: -17.436037 | AD12: -17.87998 | AE12: -18.25706 | AF12: -18.574831 | AG12: -18.839374 | AH12: -19.055712 | AI12: -6.7760576 | AJ12: -14.028362 | AK12: -14.145838 | AL12: -14.479747 | AM12: -14.742432 | AN12: -14.947919 | AO12: -15.106592 | AP12: -15.226239 | AQ12: -15.3128 | AR12: -15.370884 | AS12: -15.404143 | AT12: -15.415533 | AU12: -15.407502 | AV12: -15.382115 | AW12: -0.25928544 | AX12: -11.62873 | AY12: -10.29525 | AZ12: -10.653544 | BA12: -10.905436 | BB12: -11.07938 | BC12: -11.195703 | BD12: -11.268976 | BE12: -11.384312 | BF12: -11.501348 | BG12: -11.599623 | BH12: -11.682928 | BI12: -11.754028 | BJ12: -11.814957 | BK12: 1.921156 | BL12: 67.17677 | BM12: 7.3631429 | BN12: 6.8653579 | BO12: 6.3979041 | BP12: 5.9469363 | BQ12: 5.504132 | BR12: 5.0632926 | BS12: 4.6197669 | BT12: 4.1701238 | BU12: 3.7118868 | BV12: -2.2691438 | BW12: -4.028985 | BX12: -5.5880664 | BY12: -6.3969331 | BZ12: -7.9007912 | CA12: -9.317309 | CB12: -10.595728 | CC12: -11.757861 | CD12: -12.817025 | CE12: -13.781934 | CF12: -14.658782 | CG12: -15.452391 | CH12: -8.3328849 | CI12: -9.9596075 | CJ12: -11.469637 | CK12: -12.199201 | CL12: -12.836679 | CM12: -13.394731 | CN12: -13.883069 | CO12: -14.309322 | CP12: -14.679639 | CQ12: -14.999116 | CR12: -2.8200295 | CS12: -10.170396 | CT12: -10.383493 | CU12: -10.810641 | CV12: -11.164244 | CW12: -11.458386 | CX12: -11.703507 | CY12: -11.907453 | CZ12: -12.076213 | DA12: -12.214452 | DB12: -12.325872 | DC12: -12.413479 | DD12: -12.479769 | DE12: -12.526855 | DF12: 2.5253038 | DG12: -8.9130547 | DH12: -7.6467755 | DI12: -8.0705985 | DJ12: -8.3863916 | DK12: -8.6226487 | DL12: -8.7997366 | DM12: -8.9322644 | DN12: -9.1053823 | DO12: -9.2787655 | DP12: -9.4319876 | DQ12: -9.5688747 | DR12: -9.692226 | DS12: -9.8041093 | DT12: 3.8823152 | DU12: 69.089474 | DV12: 9.2285951 | DW12: 8.684731 | DX12: 8.1723418 | DY12: 7.6775538 | DZ12: 7.1920167 | EA12: 6.7095049 | EB12: 6.2253407 | EC12: 5.7360672 | ED12: 5.2391828 | EE12: -0.7795365 | EF12: -2.5761319 | EG12: -4.171056 | EH12: -5.0148767 | EI12: -6.5528223 | EJ12: -8.0025825 | EK12: -9.3134198 | EL12: -10.507168 | EM12: -11.597164 | EN12: -12.59214 | EO12: -13.498311 | EP12: -14.320516 | EQ12: -7.228898 | ER12: -8.8828178 | ES12: -10.419372 | ET12: -11.174802 | EU12: -11.837506 | EV12: -12.42016 | EW12: -12.635823 | EX12: -13.085475 | EY12: -13.478612 | EZ12: -13.820344 | FA12: -1.6629628 | FB12: -9.034497 | FC12: -9.2682377 | FD12: -9.7155195 | FE12: -10.088758 | FF12: -10.402051 | FG12: -10.665849 | FH12: -10.888009 | FI12: -11.074534 | FJ12: -11.230098 | FK12: -11.358415 | FL12: -11.462503 | FM12: -11.544865 | FN12: -11.607627 | FO12: 3.4292433 | FP12: -8.0240261 | FQ12: -6.7722895 | FR12: -7.210296 | FS12: -7.5399226 | FT12: -7.7896715 | FU12: -7.9799183 | FV12: -8.1252801 | FW12: -8.3109155 | FX12: -8.4965073 | FY12: -8.6616366 | FZ12: -8.8101375 | GA12: -8.9448159 | GB12: -9.0677471 | GC12: 4.607902 | GD12: 69.804551 | GE12: 9.9334214 | GF12: 9.3795593 | GG12: 8.8574185 | GH12: 8.3531192 | GI12: 7.8583051 | GJ12: 7.3667448 | GK12: 6.8737551 | GL12: 6.3758735 | GM12: 5.8705929 | GN12: -0.15631591 | GO12: -1.9608991 | GP12: -3.5636145 | GQ12: -4.4150347 | GR12: -5.9603926 | GS12: -7.4173829 | GT12: -8.7352724
A13: 16 | B13: AF_M_D_S_N | C13: -1.8558286 | D13: -2.6335427 | E13: -2.0502532 | F13: -2.1719032 | G13: -2.3220385 | H13: -2.4972152 | I13: -2.6952761 | J13: -2.9149301 | K13: -3.1553728 | L13: -3.4160533 | M13: -9.3135973 | N13: -11.072593 | O13: -12.7042 | P13: -13.618621 | Q13: -14.126313 | R13: -15.386283 | S13: -16.512626 | T13: -17.526877 | U13: -18.442129 | V13: -19.266914 | W13: -20.007273 | X13: -20.667895 | Y13: -21.252755 | Z13: -21.765473 | AA13: -11.594894 | AB13: -14.891012 | AC13: -15.899903 | AD13: -16.459314 | AE13: -16.92616 | AF13: -17.315769 | AG13: -17.639668 | AH13: -17.90669 | AI13: -18.123747 | AJ13: -18.296384 | AK13: -18.429154 | AL13: -18.525893 | AM13: -18.589903 | AN13: -18.624088 | AO13: -18.631044 | AP13: -3.9307709 | AQ13: -16.472814 | AR13: -16.793262 | AS13: -17.007315 | AT13: -17.139827 | AU13: -17.208956 | AV13: -17.22809 | AW13: -17.207211 | AX13: -17.153861 | AY13: -17.073824 | AZ13: -17.196117 | BA13: -17.309851 | BB13: -17.408782 | BC13: -4.1216402 | BD13: -13.504321 | BE13: -12.366541 | BF13: -12.806413 | BG13: -13.134395 | BH13: -13.381227 | BI13: -13.56876 | BJ13: -13.712559 | BK13: 2.3396817 | BL13: 75.938504 | BM13: 6.8336901 | BN13: 7.1615556 | BO13: 6.7967605 | BP13: 6.4137228 | BQ13: 6.0144075 | BR13: 5.5998877 | BS13: 5.1706514 | BT13: 4.7268982 | BU13: 4.2687165 | BV13: -1.8208807 | BW13: -3.7667716 | BX13: -5.5803512 | BY13: -6.6720238 | BZ13: -7.3524177 | CA13: -8.7806927 | CB13: -10.07108 | CC13: -11.24524 | CD13: -12.316383 | CE13: -13.293152 | CF13: -14.181691 | CG13: -14.986791 | CH13: -15.712521 | CI13: -16.362593 | CJ13: -6.3259444 | CK13: -9.7526543 | CL13: -10.888883 | CM13: -11.57246 | CN13: -12.16038 | CO13: -12.668048 | CP13: -13.107067 | CQ13: -13.486343 | CR13: -13.812861 | CS13: -14.092235 | CT13: -14.329086 | CU13: -14.527316 | CV13: -14.690293 | CW13: -14.820984 | CX13: -14.922044 | CY13: -0.31353609 | CZ13: -12.945062 | DA13: -13.352769 | DB13: -13.651911 | DC13: -13.867398 | DD13: -14.017439 | DE13: -14.115474 | DF13: -14.171536 | DG13: -14.193215 | DH13: -14.186343 | DI13: -14.379983 | DJ13: -14.563294 | DK13: -14.730072 | DL13: -1.5090932 | DM13: -10.956294 | DN13: -9.8814322 | DO13: -10.382662 | DP13: -10.770477 | DQ13: -11.075657 | DR13: -11.320092 | DS13: -11.51938 | DT13: 4.4787488 | DU13: 78.024801 | DV13: 8.8685259 | DW13: 9.1462065 | DX13: 8.7324709 | DY13: 8.3017062 | DZ13: 7.8558471 | EA13: 7.3959374 | EB13: 6.922436 | EC13: 6.4355148 | ED13: 5.9352349 | EE13: -0.19541755 | EF13: -2.1813466 | EG13: -4.0339724 | EH13: -5.1637243 | EI13: -5.8812544 | EJ13: -7.3457461 | EK13: -8.6714531 | EL13: -9.8800588 | EM13: -10.984795 | EN13: -11.994325 | EO13: -12.914816 | EP13: -13.751075 | EQ13: -14.507195 | ER13: -15.186905 | ES13: -5.1791603 | ET13: -8.6340599 | EU13: -9.7977817 | EV13: -10.508171 | EW13: -10.825572 | EX13: -11.358744 | EY13: -11.822637 | EZ13: -12.226171 | FA13: -12.576349 | FB13: -12.878797 | FC13: -13.138153 | FD13: -13.358332 | FE13: -13.542716 | FF13: -13.694284 | FG13: -13.815707 | FH13: 0.77294028 | FI13: -11.877956 | FJ13: -12.304554 | FK13: -12.622122 | FL13: -12.85558 | FM13: -13.023148 | FN13: -13.138279 | FO13: -13.211015 | FP13: -13.248957 | FQ13: -13.257946 | FR13: -13.467057 | FS13: -13.665457 | FT13: -13.846953 | FU13: -0.64032873 | FV13: -10.101531 | FW13: -9.0403249 | FX13: -9.5548742 | FY13: -9.9556817 | FZ13: -10.273533 | GA13: -10.530327 | GB13: -10.741671 | GC13: 5.2446985 | GD13: 78.779282 | GE13: 9.611819 | GF13: 9.8785876 | GG13: 9.4542085 | GH13: 9.013062 | GI13: 8.5570765 | GJ13: 8.0872893 | GK13: 7.6041534 | GL13: 7.1078345 | GM13: 6.5983878 | GN13: 0.45879376 | GO13: -1.5358571 | GP13: -3.3969905 | GQ13: -4.5350409 | GR13: -5.2606658 | GS13: -6.7330535 | GT13: -8.0664626
A14: 17 | B14: FM_O_D_S | C14: 10.183306 | D14: 9.229764 | E14: 9.7204048 | F14: 9.5809516 | G14: 9.4793184 | H14: 9.4099951 | I14: 9.3656899 | J14: 9.3377671 | K14: 9.3167141 | L14: 9.2925182 | M14: 4.3606771 | N14: 3.3342041 | O14: 2.1038793 | P14: 1.244438 | Q14: 0.5291685 | R14: -1.1281793 | S14: -2.7879815 | T14: -4.4304328 | U14: -6.0361474 | V14: -7.5880615 | W14: -9.0723187 | X14: -10.478662 | Y14: -1.5768573 | Z14: -3.6693919 | AA14: -5.6615985 | AB14: -6.8812723 | AC14: -8.0101201 | AD14: -9.0558473 | AE14: -10.024862 | AF14: -10.923088 | AG14: -11.756521 | AH14: -12.531607 | AI14: 2.0508841 | AJ14: -5.6942812 | AK14: -6.2984455 | AL14: -7.1115853 | AM14: -7.8454465 | AN14: -8.5141146 | AO14: -9.1286751 | AP14: -9.6982472 | AQ14: -10.23071 | AR14: -10.73321 | AS14: -11.212512 | AT14: -11.675246 | AU14: -12.128072 | AV14: -12.577795 | AW14: 5.4937953 | AX14: -6.2421164 | AY14: -5.2703492 | AZ14: -5.9864234 | BA14: -6.5932645 | BB14: -7.1206617 | BC14: -7.5905058 | BD14: -8.0191499 | BE14: -8.4936989 | BF14: -8.9759836 | BG14: -9.4479244 | BH14: -9.9158766 | BI14: -10.38534 | BJ14: -10.861245 | BK14: 2.5019316 | BL14: 71.7538 | BM14: 11.990391 | BN14: 11.608013 | BO14: 11.3169 | BP14: 11.097581 | BQ14: 10.934867 | BR14: 10.814618 | BS14: 10.723346 | BT14: 10.648101 | BU14: 10.576435 | BV14: 5.6021148 | BW14: 4.5369253 | BX14: 3.2707711 | BY14: 2.3777626 | BZ14: 1.6307404 | CA14: -0.056867591 | CB14: -1.745671 | CC14: -3.4160346 | CD14: -5.0486983 | CE14: -6.6266921 | CF14: -8.1362311 | CG14: -9.5671137 | CH14: -0.68914847 | CI14: -2.8048594 | CJ14: -4.8196081 | CK14: -6.0612153 | CL14: -7.2114096 | CM14: -8.277916 | CN14: -9.2671605 | CO14: -10.185083 | CP14: -11.037696 | CQ14: -11.83146 | CR14: 2.732844 | CS14: -5.0300339 | CT14: -5.6514481 | CU14: -6.4813875 | CV14: -7.2316099 | CW14: -7.9162125 | CX14: -8.546292 | CY14: -9.1309785 | CZ14: -9.6781618 | DA14: -10.194998 | DB14: -10.688264 | DC14: -11.164597 | DD14: -11.630669 | DE14: -12.093292 | DF14: 5.9657336 | DG14: -5.7824154 | DH14: -4.8225667 | DI14: -5.5502493 | DJ14: -6.1683966 | DK14: -6.7068056 | DL14: -7.187375 | DM14: -7.6264653 | DN14: -8.1111887 | DO14: -8.6033829 | DP14: -9.0849756 | DQ14: -9.5623285 | DR14: -10.040948 | DS14: -10.525771 | DT14: 2.8287191 | DU14: 72.072127 | DV14: 12.300478 | DW14: 11.910073 | DX14: 11.611143 | DY14: 11.38421 | DZ14: 11.21408 | EA14: 11.086607 | EB14: 10.988299 | EC14: 10.906201 | ED14: 10.827859 | EE14: 5.8470378 | EF14: 4.7755154 | EG14: 3.5031928 | EH14: 2.6041761 | EI14: 1.8513018 | EJ14: 0.15799354 | EK14: -1.5363621 | EL14: -3.2121339 | EM14: -4.8500653 | EN14: -6.4331902 | EO14: -7.9477271 | EP14: -9.383478 | EQ14: -0.51025464 | ER14: -2.6305845 | ES14: -4.6498323 | ET14: -5.8958219 | EU14: -7.050285 | EV14: -8.1209495 | EW14: -9.1142442 | EX14: -10.036112 | EY14: -10.892568 | EZ14: -11.690075 | FA14: 2.8705821 | FB14: -4.8958477 | FC14: -5.5207217 | FD14: -6.3540314 | FE14: -7.1075367 | FF14: -7.7953372 | FG14: -8.4285317 | FH14: -9.0162527 | FI14: -9.5663918 | FJ14: -10.086107 | FK14: -10.582178 | FL14: -11.061244 | FM14: -11.529977 | FN14: -11.995192 | FO14: 6.0613078 | FP14: -5.6893014 | FQ14: -4.7318492 | FR14: -5.4618663 | FS14: -6.0822877 | FT14: -6.6229121 | FU14: -7.1056396 | FV14: -7.5468322 | FW14: -8.0336034 | FX14: -8.5277927 | FY14: -9.0113287 | FZ14: -9.4905749 | GA14: -9.9710386 | GB14: -10.457658 | GC14: 2.8950817 | GD14: 72.136785 | GE14: 12.363474 | GF14: 11.971452 | GG14: 11.670945 | GH14: 11.442476 | GI14: 11.270851 | GJ14: 11.14192 | GK14: 11.042192 | GL14: 10.958711 | GM14: 10.879022 | GN14: 5.8968881 | GO14: 4.824087 | GP14: 3.5505186 | GQ14: 2.6502882 | GR14: 1.8962315 | GS14: 0.20177135 | GT14: -1.4937065
... A30: 33 | B30: AF_M_D_B | C30: -0.73958784 | D30: -1.1534357 | E30: -1.2974113 | F30: -1.6223224 | G30: -1.99862 | H30: -2.42511 | I30: -2.8989243 | J30: -3.415999 | K30: -6.8289234 | L30: -8.1720398 | M30: -9.8181127 | N30: -11.19925 | O30: -12.413315 | P30: -13.481014 | Q30: -14.410186 | R30: -15.208504 | S30: -15.883876 | T30: -16.444511 | U30: -16.89885 | V30: -17.255442 | W30: -17.522796 | X30: -17.709264 | Y30: -17.822925 | Z30: -17.871509 | AA30: -12.867224 | AB30: -12.591088 | AC30: -12.600415 | AD30: -13.022212 | AE30: -13.305722 | AF30: -13.483389 | AG30: -13.579224 | AH30: -13.611178 | AI30: -13.592825 | AJ30: -13.534555 | AK30: -13.444431 | AL30: -13.328793 | AM30: -13.192695 | AN30: -13.040221 | AO30: -12.874711 | AP30: -12.698925 | AQ30: -4.2852098 | AR30: -8.707717 | AS30: -7.6529378 | AT30: -8.155755 | AU30: -8.4871689 | AV30: -8.6955281 | AW30: -8.8152899 | AX30: -8.8710619 | AY30: -8.8804613 | AZ30: -8.8561395 | BA30: -8.8072153 | BB30: -8.7402902 | BC30: -8.6601686 | BD30: -8.5703679 | BE30: -8.4734811 | BF30: -8.3714344 | BG30: -8.2883154 | BH30: 1.1972232 | BI30: 51.09105 | BJ30: 14.953991 | BK30: 11.777872 | BL30: 9.3198039 | BM30: 7.3553478 | BN30: 5.7299422 | BO30: 4.3361288 | BP30: 3.0997778 | BQ30: -0.77815699 | BR30: -2.7047963 | BS30: -4.740817 | BT30: -6.4539931 | BU30: -7.9564344 | BV30: -9.2790534 | BW30: -10.437032 | BX30: -11.443359 | BY30: -12.309812 | BZ30: -13.047447 | CA30: -13.666823 | CB30: -14.17808 | CC30: -14.590953 | CD30: -14.914741 | CE30: -15.158285 | CF30: -15.329929 | CG30: -10.442393 | CH30: -10.27713 | CI30: -10.391831 | CJ30: -10.913834 | CK30: -11.292678 | CL30: -11.561077 | CM30: -11.743288 | CN30: -11.85749 | CO30: -11.917469 | CP30: -11.933814 | CQ30: -11.914774 | CR30: -11.866863 | CS30: -11.795303 | CT30: -11.704333 | CU30: -11.597441 | CV30: -11.477529 | CW30: -3.1170769 | CX30: -7.5903626 | CY30: -6.5839978 | CZ30: -7.1329795 | DA30: -7.5084169 | DB30: -7.7587614 | DC30: -7.9185687 | DD30: -8.0125396 | DE30: -8.0583802 | DF30: -8.0688259 | DG30: -8.0530758 | DH30: -8.0178079 | DI30: -7.9678989 | DJ30: -7.9069352 | DK30: -7.8375754 | DL30: -7.7618083 | DM30: -7.7037807 | DN30: 1.7577984 | DO30: 51.628743 | DP30: 15.46983 | DQ30: 12.272834 | DR30: 9.7948221 | DS30: 7.8113098 | DT30: 6.1676941 | DU30: 4.7564772 | DV30: 3.503491 | DW30: -0.3903464 | DX30: -2.3321902 | DY30: -4.3827499 | DZ30: -6.1098306 | EA30: -7.6255716 | EB30: -8.9609136 | EC30: -10.131066 | ED30: -11.149041 | EE30: -12.026643 | EF30: -12.774949 | EG30: -13.404541 | EH30: -13.925581 | EI30: -14.347821 | EJ30: -14.680583 | EK30: -14.932722 | EL30: -15.112602 | EM30: -10.232959 | EN30: -10.07526 | EO30: -10.197212 | EP30: -10.726167 | EQ30: -11.111678 | ER30: -11.386471 | ES30: -11.574815 | ET30: -11.694903 | EU30: -11.760529 | EV30: -11.782295 | EW30: -11.47179 | EX30: -11.428875 | EY30: -11.362113 | EZ30: -11.275752 | FA30: -11.173287 | FB30: -11.05763 | FC30: -2.7012662 | FD30: -7.1784821 | FE30: -6.175896 | FF30: -6.7285113 | FG30: -7.1074435 | FH30: -7.3611501 | FI30: -7.5241925 | FJ30: -7.6212767 | FK30: -7.670114 | FL30: -7.683445 | FM30: -7.6704733 | FN30: -7.6378814 | FO30: -7.5905503 | FP30: -7.5320706 | FQ30: -7.4651048 | FR30: -7.3916452 | FS30: -7.3358423 | FT30: 2.1235913 | FU30: 51.992467 | FV30: 15.831557 | FW30: 12.632635 | FX30: 10.152764 | FY30: 8.1674574 | FZ30: 6.5221092 | GA30: 5.1092191 | GB30: 3.854617 | GC30: -0.040781613 | GD30: -1.9841339 | GE30: -4.0361515 | GF30: -5.7646415 | GG30: -7.281745 | GH30: -8.6184045 | GI30: -9.789831 | GJ30: -10.80904 | GK30: -11.687834 | GL30: -12.437295 | GM30: -13.068004 | GN30: -13.590125 | GO30: -14.013413 | GP30: -14.347189 | GQ30: -14.600311 | GR30: -14.781143 | GS30: -9.9024221 | GT30: -9.7456175
A31: 34 | B31: AF_M_D_B_KG | C31: =C30*0.1 -> -0.073958784 | D31: =D30*0.1 -> -0.11534357 | E31: =E30*0.1 -> -0.12974113 | F31: =F30*0.1 -> -0.16223224 | G31: =G30*0.1 -> -0.199862 | H31: =H30*0.1 -> -0.242511 | I31: =I30*0.1 -> -0.28989243 | J31: =J30*0.1 -> -0.3415999 | ... GT31: =GT30*0.1 -> -0.97456175
A32: 35 | B32: AF_M_W_B | C32: -0.60440216 | D32: -0.78071346 | E32: -0.7581128 | F32: -0.82819534 | G32: -0.9094993 | H32: -1.0017655 | I32: -1.1044124 | J32: -1.2168921 | K32: -2.0093143 | L32: -2.2559114 | M32: -2.5817658 | N32: -2.8950792 | O32: -3.1974279 | P32: -3.4903995 | Q32: -3.7753789 | R32: -4.0534904 | S32: -4.3256031 | T32: -4.5923597 | U32: -4.8542116 | V32: -5.1114511 | W32: -5.4801131 | X32: -5.8543756 | Y32: -6.1986767 | Z32: -6.5144774 | AA32: -6.8031333 | AB32: -7.0659291 | AC32: -7.3040995 | AD32: -7.5188422 | AE32: -7.7113247 | AF32: -7.8826882 | AG32: -8.0340483 | AH32: -8.166495 | AI32: -8.2810913 | AJ32: -8.3788717 | AK32: -8.4608402 | AL32: -8.5279692 | AM32: -8.581197 | AN32: -8.6214274 | AO32: -8.6495282 | AP32: -8.6663303 | AQ32: -8.6726278 | AR32: -8.6691773 | AS32: -8.656698 | AT32: -8.6358724 | AU32: -8.6073462 | AV32: -8.5717296 | AW32: -8.5295975 | AX32: -8.4814906 | AY32: -8.427917 | AZ32: -8.3693524 | BA32: -8.3062418 | BB32: -8.239001 | BC32: -4.610664 | BD32: -4.8603341 | BE32: -4.5354428 | BF32: -4.9439128 | BG32: -5.2290289 | BH32: -5.4252849 | BI32: -5.5571834 | BJ32: -5.6421547 | BK32: -5.6926217 | BL32: -5.7174602 | BM32: -5.7230317 | BN32: -5.7139142 | BO32: -5.6934191 | BP32: -5.6639574 | BQ32: -5.6272982 | BR32: -5.5741584 | BS32: -5.4967471 | BT32: -5.4174379 | BU32: 1.2953924 | BV32: 30.355562 | BW32: 12.312174 | BX32: 9.8198797 | BY32: 7.9647586 | BZ32: 6.5580839 | CA32: 5.4685802 | CB32: 4.6036665 | CC32: 3.8978689 | CD32: 2.6342548 | CE32: 2.0053511 | CF32: 1.3624455 | CG32: 0.78050863 | CH32: 0.24595209 | CI32: -0.25141291 | CJ32: -0.7191554 | CK32: -1.1628694 | CL32: -1.5866766 | CM32: -1.9936077 | CN32: -2.3858854 | CO32: -2.7651341 | CP32: -3.2484051 | CQ32: -3.7306673 | CR32: -4.1769856 | CS32: -4.5893285 | CT32: -4.9694722 | CU32: -5.3190569 | CV32: -5.639624 | CW32: -5.9326407 | CX32: -6.1995153 | CY32: -6.4416065 | CZ32: -6.6602291 | DA32: -6.8566568 | DB32: -7.0321234 | DC32: -7.1878228 | DD32: -7.3249089 | DE32: -7.4444947 | DF32: -7.5476517 | DG32: -7.6354091 | DH32: -7.7087536 | DI32: -7.7686292 | DJ32: -7.8159365 | DK32: -7.8515336 | DL32: -7.8762362 | DM32: -7.8908179 | DN32: -7.8960116 | DO32: -7.8925098 | DP32: -7.8809658 | DQ32: -7.861995 | DR32: -7.836176 | DS32: -7.8040521 | DT32: -7.7661323 | DU32: -7.7228929 | DV32: -4.1174259 | DW32: -4.3888898 | DX32: -4.084768 | DY32: -4.5130329 | DZ32: -4.8170166 | EA32: -5.031258 | EB32: -5.1803022 | EC32: -5.28162 | ED32: -5.347673 | EE32: -5.3873737 | EF32: -5.4071185 | EG32: -5.4115186 | EH32: -5.4039169 | EI32: -5.3867544 | EJ32: -5.3618288 | EK32: -5.319884 | EL32: -5.2531551 | EM32: -5.18404 | EN32: 1.5190609 | EO32: 30.569944 | EP32: 12.517691 | EQ32: 10.016933 | ER32: 8.15373 | ES32: 6.739338 | ET32: 5.6424639 | EU32: 4.7705102 | EV32: 4.0579875 | EW32: 3.0846167 | EX32: 2.4495735 | EY32: 1.8008006 | EZ32: 1.213256 | FA32: 0.67333907 | FB32: 0.1708493 | FC32: -0.30179332 | FD32: -0.75019326 | FE32: -1.1784824 | FF32: -1.5897007 | FG32: -1.9860801 | FH32: -2.3692534 | FI32: -2.8562804 | FJ32: -3.3421376 | FK32: -3.7918974 | FL32: -4.2075353 | FM32: -4.5908344 | FN32: -4.9434411 | FO32: -5.2669031 | FP32: -5.5626934 | FQ32: -5.8322256 | FR32: -6.076864 | FS32: -6.2979282 | FT32: -6.4966967 | FU32: -6.6744079 | FV32: -6.8322601 | FW32: -6.9714112 | FX32: -7.0929781 | FY32: -7.1980362 | FZ32: -7.2876182 | GA32: -7.3627144 | GB32: -7.4242716 | GC32: -7.4731939 | GD32: -7.5103422 | GE32: -7.5365349 | GF32: -7.5525486 | GG32: -7.5591184 | GH32: -7.5569393 | GI32: -7.546667 | GJ32: -7.5289191 | GK32: -7.5042763 | GL32: -7.4732839 | GM32: -7.4364528 | GN32: -7.3942613 | GO32: -3.7898029 | GP32: -4.0622378 | GQ32: -3.7590511 | GR32: -4.1882167 | GS32: -4.4930681 | GT32: -4.7081456
A33: 36 | B33: FM_O_D_B | C33: 9.9397193 | D33: 9.0395363 | E33: 8.7351937 | F33: 8.5056226 | G33: 8.4196871 | H33: 8.4247065 | I33: 8.4750926 | J33: 8.5314281 | K33: 6.3074734 | L33: 5.9275668 | M33: 4.9798992 | N33: 3.9926646 | O33: 2.9684041 | P33: 1.9276121 | Q33: 0.89650193 | R33: -0.10447037 | S33: -1.059981 | T33: -1.9590832 | U33: -2.7944671 | V33: -3.5617902 | W33: -4.2590978 | X33: -4.8863314 | Y33: -5.4449208 | Z33: -5.9374475 | AA33: 0.67239681 | AB33: 0.61444371 | AC33: 0.2604597 | AD33: -0.51204319 | AE33: -1.1488013 | AF33: -1.6794047 | AG33: -2.125589 | AH33: -2.5035392 | AI33: -2.8255133 | AJ33: -3.1009842 | AK33: -3.3374428 | AL33: -3.5409628 | AM33: -3.7165966 | AN33: -3.8686537 | AO33: -4.0008946 | AP33: -4.1166668 | AQ33: 6.6430836 | AR33: 1.9617354 | AS33: 2.7618498 | AT33: 2.0092345 | AU33: 1.4331308 | AV33: 0.98532202 | AW33: 0.63138559 | AX33: 0.34666589 | AY33: 0.11342638 | AZ33: -0.081163449 | BA33: -0.24645126 | BB33: -0.38930788 | BC33: -0.51483844 | BD33: -0.62688506 | BE33: -0.72838216 | BF33: -0.82160756 | BG33: -0.93100476 | BH33: 8.3644186 | BI33: 56.292199 | BJ33: 20.399721 | BK33: 17.621155 | BL33: 15.69202 | BM33: 14.361701 | BN33: 13.44626 | BO33: 12.807195 | BP33: 12.339292 | BQ33: 9.709693 | BR33: 9.0096879 | BS33: 7.8040146 | BT33: 6.6042054 | BU33: 5.4009448 | BV33: 4.2062725 | BW33: 3.0403562 | BX33: 1.9193126 | BY33: 0.85533634 | BZ33: -0.14289644 | CA33: -1.0697365 | CB33: -1.9220681 | CC33: -2.6988535 | CD33: -3.4007302 | CE33: -4.0296649 | CF33: -4.5886619 | CG33: 1.958248 | CH33: 1.8406175 | CI33: 1.4299794 | CJ33: 0.60364522 | CK33: -0.084296083 | CL33: -0.66358994 | CM33: -1.1561116 | CN33: -1.5781738 | CO33: -1.9421518 | CP33: -2.257627 | CQ33: -2.532192 | CR33: -2.7720155 | CS33: -2.9822397 | CT33: -3.1672582 | CU33: -3.3309112 | CV33: -3.4766221 | CW33: 7.2545917 | CX33: 2.5460409 | CY33: 3.3202226 | CZ33: 2.5428829 | DA33: 1.9432051 | DB33: 1.4729172 | DC33: 1.0975441 | DD33: 0.79238028 | DE33: 0.5396416 | DF33: 0.32645239 | DG33: 0.14342204 | DH33: -0.016361163 | DI33: -0.15804123 | DJ33: -0.28549727 | DK33: -0.40169886 | DL33: -0.50895733 | DM33: -0.63174799 | DN33: 8.6508912 | DO33: 56.566468 | DP33: 20.662339 | DQ33: 17.87265 | DR33: 15.932892 | DS33: 14.59243 | DT33: 13.667302 | DU33: 13.018985 | DV33: 12.542242 | DW33: 9.9041999 | DX33: 9.1961272 | DY33: 7.9827451 | DZ33: 6.775569 | EA33: 5.5652676 | EB33: 4.3638654 | EC33: 3.1915157 | ED33: 2.0643215 | EE33: 0.9944642 | EF33: -0.0093924023 | EG33: -0.94161092 | EH33: -1.799087 | EI33: -2.5807936 | EJ33: -3.2873785 | EK33: -3.9208181 | EL33: -4.484126 | EM33: 2.0586581 | EN33: 1.9370785 | EO33: 1.5226599 | EP33: 0.69270627 | EQ33: 0.001299199 | ER33: -0.58131367 | ES33: -1.0770142 | ET33: -1.5021215 | EU33: -1.8690167 | EV33: -2.1872871 | EW33: -2.4645306 | EX33: -2.7069213 | EY33: -2.9196061 | EZ33: -3.1069836 | FA33: -3.2728984 | FB33: -3.4207781 | FC33: 7.3083556 | FD33: 2.5978097 | FE33: 3.3700774 | FF33: 2.5909013 | FG33: 1.9894614 | FH33: 1.5174822 | FI33: 1.1404859 | FJ33: 0.83376367 | FK33: 0.57952878 | FL33: 0.36490281 | FM33: 0.1804926 | FN33: 0.01938399 | FO33: -0.12356936 | FP33: -0.25224878 | FQ33: -0.36962599 | FR33: -0.47801432 | FS33: -0.60189105 | FT33: 8.679704 | FU33: 56.594277 | FV33: 20.689183 | FW33: 17.898565 | FX33: 15.957914 | FY33: 14.616593 | FZ33: 13.690638 | GA33: 13.041525 | GB33: 12.564017 | GC33: 9.9252373 | GD33: 9.2164549 | GE33: 8.0023895 | GF33: 6.7945553 | GG33: 5.5836201 | GH33: 4.3816074 | GI33: 3.2086695 | GJ33: 2.0809084 | GK33: 1.0105049 | GL33: 0.0061218657 | GM33: -0.92660414 | GN33: -1.7845695 | GO33: -2.5667478 | GP33: -3.2737877 | GQ33: -3.9076661 | GR33: -4.4713973 | GS33: 2.0709785 | GT33: 1.9490048
A34: 37 | B34: FM_O_W_B | C34: 7.6686462 | D34: 6.8253903 | E34: 6.4070375 | F34: 6.0701924 | G34: 5.8582205 | H34: 5.7428708 | I34: 5.7029121 | J34: 5.7217611 | K34: 5.3994971 | L34: 5.6421234 | M34: 5.7985675 | N34: 5.9473261 | O34: 6.0803566 | P34: 6.1931048 | Q34: 6.2829312 | R34: 6.3482406 | S34: 6.3880111 | T34: 6.4015435 | U34: 6.3883349 | V34: 6.3480206 | W34: 6.2319763 | X34: 6.0468014 | Y34: 5.8344992 | Z34: 5.5996124 | AA34: 5.346358 | AB34: 5.0786054 | AC34: 4.7998718 | AD34: 4.5133269 | AE34: 4.2218057 | AF34: 3.9278247 | AG34: 3.6336012 | AH34: 3.3410733 | AI34: 3.0519209 | AJ34: 2.7675859 | AK34: 2.4892922 | AL34: 2.2180652 | AM34: 1.9547498 | AN34: 1.7000278 | AO34: 1.454434 | AP34: 1.2183712 | AQ34: 0.9921248 | AR34: 0.77587513 | AS34: 0.56971015 | AT34: 0.37363636 | AU34: 0.18758917 | AV34: 0.01144241 | AW34: -0.15498302 | AX34: -0.3119111 | AY34: -0.45960338 | AZ34: -0.59835231 | BA34: -0.72847511 | BB34: -0.85030824 | BC34: 4.819492 | BD34: 4.4140297 | BE34: 4.5845675 | BF34: 4.0236352 | BG34: 3.5882184 | BH34: 3.2440548 | BI34: 2.9668388 | BJ34: 2.7393051 | BK34: 2.5491679 | BL34: 2.3876632 | BM34: 2.2485189 | BN34: 2.1272268 | BO34: 2.0205278 | BP34: 1.9260485 | BQ34: 1.8420439 | BR34: 1.7941823 | BS34: 1.7735092 | BT34: 1.7576375 | BU34: 8.3781732 | BV34: 33.017209 | BW34: 15.047579 | BX34: 12.680441 | BY34: 10.999149 | BZ34: 9.8116821 | CA34: 8.9829616 | CB34: 8.4161556 | CC34: 8.0411649 | CD34: 7.4201719 | CE34: 7.43233 | CF34: 7.407531 | CG34: 7.4107638 | CH34: 7.424389 | CI34: 7.4370238 | CJ34: 7.4411589 | CK34: 7.4317172 | CL34: 7.4051778 | CM34: 7.3590393 | CN34: 7.2914913 | CO34: 7.2012129 | CP34: 7.0388737 | CQ34: 6.810545 | CR34: 6.5578298 | CS34: 6.2849618 | CT34: 5.9959149 | CU34: 5.6943638 | CV34: 5.3836653 | CW34: 5.066855 | CX34: 4.7466529 | CY34: 4.4254753 | CZ34: 4.1054505 | DA34: 3.7884368 | DB34: 3.4760408 | DC34: 3.1696375 | DD34: 2.8703888 | DE34: 2.579262 | DF34: 2.2970479 | DG34: 2.0243771 | DH34: 1.7617363 | DI34: 1.5094831 | DJ34: 1.2678597 | DK34: 1.0370058 | DL34: 0.81697074 | DM34: 0.6077245 | DN34: 0.40916772 | DO34: 0.22114123 | DP34: 0.043434628 | DQ34: -0.12420581 | DR34: -0.28206991 | DS34: -0.43047696 | DT34: -0.5697697 | DU34: -0.70030884 | DV34: 4.9612263 | DW34: 4.5479179 | DX34: 4.7110077 | DY34: 4.1430059 | DZ34: 3.7008791 | EA34: 3.3503473 | EB34: 3.0670878 | EC34: 2.8338193 | ED34: 2.6382405 | EE34: 2.4715729 | EF34: 2.3275305 | EG34: 2.2015919 | EH34: 2.0904857 | EI34: 1.9918263 | EJ34: 1.9038575 | EK34: 1.8522369 | EL34: 1.8279998 | EM34: 1.8087492 | EN34: 8.426082 | EO34: 33.062082 | EP34: 15.089575 | EQ34: 12.719711 | ER34: 11.035836 | ES34: 9.8459237 | ET34: 9.0148863 | EU34: 8.4458864 | EV34: 8.0688186 | EW34: 7.4458593 | EX34: 7.4561566 | EY34: 7.4295967 | EZ34: 7.4311638 | FA34: 7.4432136 | FB34: 7.4543586 | FC34: 7.4570854 | FD34: 7.4463128 | FE34: 7.4185157 | FF34: 7.3711894 | FG34: 7.3025198 | FH34: 7.2111825 | FI34: 7.0478441 | FJ34: 6.8185729 | FK34: 6.5649689 | FL34: 6.2912631 | FM34: 6.0014269 | FN34: 5.6991324 | FO34: 5.3877341 | FP34: 5.0702653 | FQ34: 4.749444 | FR34: 4.4276845 | FS34: 4.1071132 | FT34: 3.7895863 | FU34: 3.476709 | FV34: 3.1698545 | FW34: 2.8701831 | FX34: 2.5786607 | FY34: 2.2960766 | FZ34: 2.0230602 | GA34: 1.7600969 | GB34: 1.507543 | GC34: 1.2656395 | GD34: 1.0345251 | GE34: 0.81424815 | GF34: 0.60477756 | GG34: 0.40601305 | GH34: 0.21779457 | GI34: 0.039910857 | GJ34: -0.12789261 | GK34: -0.28590643 | GL34: -0.43445061 | GM34: -0.57386858 | GN34: -0.70452171 | GO34: 4.9569101 | GP34: 4.5435083 | GQ34: 4.7065143 | GR34: 4.1384375 | GS34: 3.6962442 | GT34: 3.3456539
A35: 38 | B35: FM_M_D_B | C35: 5.3530676 | D35: 4.1967401 | E35: 3.4837725 | F35: 2.7146676 | G35: 1.9844411 | H35: 1.2697686 | I35: 0.556087 | J35: -0.16495583 | K35: -3.7548139 | L35: -5.2541788 | M35: -7.0403821 | N35: -8.5488337 | O35: -9.8798028 | P35: -11.055762 | Q35: -12.085861 | R35: -12.978763 | S35: -13.743128 | T35: -14.387756 | U35: -14.921554 | V35: -15.353449 | W35: -15.692267 | X35: -15.946623 | Y35: -16.124829 | Z35: -16.234816 | AA35: -11.288974 | AB35: -11.068484 | AC35: -11.130811 | AD35: -11.603102 | AE35: -11.934727 | AF35: -12.15825 | AG35: -12.297797 | AH35: -12.371425 | AI35: -12.392808 | AJ35: -12.372432 | AK35: -12.318449 | AL35: -12.237286 | AM35: -12.134076 | AN35: -12.012981 | AO35: -11.877414 | AP35: -11.730204 | AQ35: -3.3437631 | AR35: -7.7923065 | AS35: -6.7623845 | AT35: -7.2889364 | AU35: -7.6430163 | AV35: -7.8730239 | AW35: -8.0134651 | AX35: -8.0889936 | AY35: -8.1172707 | AZ35: -8.1109895 | BA35: -8.0793085 | BB35: -8.028867 | BC35: -7.9645054 | BD35: -7.8897753 | BE35: -7.8073021 | BF35: -7.719043 | BG35: -7.649115 | BH35: 1.8238012 | BI35: 51.705547 | BJ35: 15.556925 | BK35: 12.369734 | BL35: 9.9010648 | BM35: 7.9264549 | BN35: 6.2913225 | BO35: 4.8881896 | BP35: 3.6429076 | BQ35: -0.24358749 | BR35: -2.1784335 | BS35: -4.2223236 | BT35: -5.9430471 | BU35: -7.4527285 | BV35: -8.7822943 | BW35: -9.94694 | BX35: -10.959667 | BY35: -11.832263 | BZ35: -12.575799 | CA35: -13.200842 | CB35: -13.717545 | CC35: -14.135649 | CD35: -14.464467 | CE35: -14.712846 | CF35: -14.889139 | CG35: -10.006077 | CH35: -9.8451164 | CI35: -9.9639576 | CJ35: -10.489946 | CK35: -10.872627 | CL35: -11.144721 | CM35: -11.330491 | CN35: -11.448122 | CO35: -11.511406 | CP35: -11.530936 | CQ35: -11.514967 | CR35: -11.470018 | CS35: -11.401315 | CT35: -11.313102 | CU35: -11.208871 | CV35: -11.091527 | CW35: -2.7335551 | CX35: -7.2092359 | CY35: -6.2051851 | CZ35: -6.7564026 | DA35: -7.134001 | DB35: -7.3864347 | DC35: -7.5482622 | DD35: -7.6441871 | DE35: -7.691918 | DF35: -7.704193 | DG35: -7.6902135 | DH35: -7.6566598 | DI35: -7.6084107 | DJ35: -7.5490548 | DK35: -7.4812528 | DL35: -7.4069951 | DM35: -7.3504305 | DN35: 2.1097302 | DO35: 51.9793 | DP35: 15.819052 | DQ35: 12.620763 | DR35: 10.141495 | DS35: 8.1567637 | DT35: 6.5119651 | DU35: 5.0995994 | DV35: 3.8454978 | DW35: -0.049423194 | DX35: -1.9923197 | DY35: -4.0439024 | DZ35: -5.7719772 | EA35: -7.2886847 | EB35: -8.6249664 | EC35: -9.7960323 | ED35: -10.814897 | EE35: -11.693363 | EF35: -12.442511 | EG35: -13.072922 | EH35: -13.594758 | EI35: -14.017774 | EJ35: -14.351291 | EK35: -14.604166 | EL35: -14.784762 | EM35: -9.9058172 | EN35: -9.7487986 | EO35: -9.8714131 | EP35: -10.401014 | EQ35: -10.787155 | ER35: -11.062561 | ES35: -11.251504 | ET35: -11.372175 | EU35: -11.438371 | EV35: -11.460692 | EW35: -11.447396 | EX35: -11.40501 | EY35: -11.338763 | EZ35: -11.252905 | FA35: -11.150932 | FB35: -11.035753 | FC35: -2.6798575 | FD35: -7.1575302 | FE35: -6.1553902 | FF35: -6.7084411 | FG35: -7.0877988 | FH35: -7.341921 | FI35: -7.5053692 | FJ35: -7.6028501 | FK35: -7.6520748 | FL35: -7.6657844 | FM35: -7.6531827 | FN35: -7.6209524 | FO35: -7.5739747 | FP35: -7.5158404 | FQ35: -7.4492123 | FR35: -7.3760828 | FS35: -7.3206027 | FT35: 2.1385153 | FU35: 52.007083 | FV35: 15.845871 | FW35: 12.646654 | FX35: 10.166494 | FY35: 8.1809049 | FZ35: 6.5352806 | GA35: 5.1221203 | GB35: 3.8672539 | GC35: -0.028403293 | GD35: -1.9720086 | GE35: -4.0242738 | GF35: -5.7530059 | GG35: -7.2703465 | GH35: -8.607238 | GI35: -9.7788915 | GJ35: -10.798322 | GK35: -11.677334 | GL35: -12.427007 | GM35: -13.057925 | GN35: -13.580251 | GO35: -14.003738 | GP35: -14.337709 | GQ35: -14.591023 | GR35: -14.772042 | GS35: -9.8935046 | GT35: -9.7368796
A36: 39 | B36: FM_M_W_B | C36: 5.5020345 | D36: 4.5783943 | E36: 4.028525 | F36: 3.5117452 | G36: 3.0747027 | H36: 2.6929393 | I36: 2.3494642 | J36: 2.0323096 | K36: 1.0624301 | L36: 0.65919364 | M36: 0.19291496 | N36: -0.24793552 | O36: -0.66735732 | P36: -1.0687178 | Q36: -1.4547236 | R36: -1.8274932 | S36: -2.188656 | T36: -2.5394464 | U36: -2.8807855 | V36: -3.2133469 | W36: -3.6534813 | X36: -4.0956345 | Y36: -4.5044757 | Z36: -4.8816692 | AA36: -5.2287526 | AB36: -5.5471751 | AC36: -5.838322 | AD36: -6.1035302 | AE36: -6.3440966 | AF36: -6.561283 | AG36: -6.7563188 | AH36: -6.9304006 | AI36: -7.0846923 | AJ36: -7.2203237 | AK36: -7.3383892 | AL36: -7.4399466 | AM36: -7.5260154 | AN36: -7.5975765 | AO36: -7.6555706 | AP36: -7.7008983 | AQ36: -7.7344195 | AR36: -7.7569536 | AS36: -7.7692795 | AT36: -7.7721363 | AU36: -7.7662235 | AV36: -7.7522024 | AW36: -7.7306967 | AX36: -7.7022935 | AY36: -7.6675446 | AZ36: -7.6269678 | BA36: -7.581048 | BB36: -7.5302386 | BC36: -3.9176095 | BD36: -4.1822986 | BE36: -3.8717697 | BF36: -4.2939765 | BG36: -4.5922333 | BH36: -4.801062 | BI36: -4.9449917 | BJ36: -5.0414782 | BK36: -5.1029683 | BL36: -5.1383609 | BM36: -5.1540394 | BN36: -5.1546024 | BO36: -5.1433813 | BP36: -5.1228057 | BQ36: -5.0946627 | BR36: -5.0496861 | BS36: -4.9801014 | BT36: -4.9082975 | BU36: 1.797334 | BV36: 30.850597 | BW36: 12.800583 | BX36: 10.301928 | BY36: 8.4407014 | BZ36: 7.0281642 | CA36: 5.9330301 | CB36: 5.0627078 | CC36: 4.3517134 | CD36: 3.0831049 | CE36: 2.4494002 | CF36: 1.8018785 | CG36: 1.2155022 | CH36: 0.67667514 | CI36: 0.17520115 | CJ36: -0.29649586 | CK36: -0.74401658 | CL36: -1.1714893 | CM36: -1.5819506 | CN36: -1.9776291 | CO36: -2.3601546 | CP36: -2.8465839 | CQ36: -3.3318909 | CR36: -3.7811451 | CS36: -4.1963199 | CT36: -4.5791956 | CU36: -4.9314167 | CV36: -5.2545285 | CW36: -5.5500022 | CX36: -5.8192494 | CY36: -6.0636324 | CZ36: -6.2844694 | DA36: -6.4830372 | DB36: -6.6605724 | DC36: -6.818272 | DD36: -6.9572926 | DE36: -7.0787497 | DF36: -7.1837173 | DG36: -7.2732272 | DH36: -7.3482682 | DI36: -7.4097864 | DJ36: -7.4586847 | DK36: -7.495823 | DL36: -7.522019 | DM36: -7.5380481 | DN36: -7.5446449 | DO36: -7.5425036 | DP36: -7.532279 | DQ36: -7.5145882 | DR36: -7.4900112 | DS36: -7.4590925 | DT36: -7.4223426 | DU36: -7.3802392 | DV36: -3.7758752 | DW36: -4.0484105 | DX36: -3.7453295 | DY36: -4.1746058 | DZ36: -4.4795726 | EA36: -4.6947695 | EB36: -4.8447427 | EC36: -4.946964 | ED36: -5.0138957 | EE36: -5.0544512 | EF36: -5.0750278 | EG36: -5.0802373 | EH36: -5.0734234 | EI36: -5.0570279 | EJ36: -5.032849 | EK36: -4.9916315 | EL36: -4.9256109 | EM36: -4.8571858 | EN36: 1.8452428 | EO36: 30.89547 | EP36: 12.842579 | EQ36: 10.341199 | ER36: 8.4773894 | ES36: 7.0624058 | ET36: 5.9649548 | EU36: 5.0924386 | EV36: 4.3793671 | EW36: 3.1087923 | EX36: 2.4732268 | EY36: 1.8239442 | EZ36: 1.2359022 | FA36: 0.69549969 | FB36: 0.19253598 | FC36: -0.28056934 | FD36: -0.72942105 | FE36: -1.1581513 | FF36: -1.5698005 | FG36: -1.9666006 | FH36: -2.350185 | FI36: -2.8376135 | FJ36: -3.323863 | FK36: -3.774006 | FL36: -4.1900185 | FM36: -4.5736836 | FN36: -4.9266481 | FO36: -5.2504597 | FP36: -5.5465918 | FQ36: -5.8164582 | FR36: -6.0614232 | FS36: -6.2828068 | FT36: -6.4818876 | FU36: -6.6599042 | FV36: -6.8180551 | FW36: -6.9574983 | FX36: -7.079351 | FY36: -7.1846886 | FZ36: -7.274544 | GA36: -7.3499076 | GB36: -7.4117266 | GC36: -7.4609049 | GD36: -7.4983037 | GE36: -7.5247415 | GF36: -7.5409951 | GG36: -7.5477996 | GH36: -7.5458502 | GI36: -7.5358028 | GJ36: -7.518275 | GK36: -7.4938477 | GL36: -7.4630661 | GM36: -7.4264415 | GN36: -7.384452 | GO36: -3.7801915 | GP36: -4.05282 | GQ36: -3.749823 | GR36: -4.1791742 | GS36: -4.4842075 | GT36: -4.699463
A37: 40 | B37: AF_O_D_Ma | C37: -2.081228 | D37: -2.4303377 | E37: -2.292943 | F37: -2.1366193 | G37: -1.894473 | H37: -1.6042077 | I37: -1.302945 | J37: -1.0262323 | K37: -1.9213273 | L37: -1.622125 | M37: -1.367661 | N37: -1.1594135 | O37: -0.99706236 | P37: -1.1408102 | Q37: -1.3860246 | R37: -1.6708638 | S37: -1.9889516 | T37: -2.3337936 | U37: -2.6991333 | V37: -3.0791394 | W37: -3.4684991 | X37: -3.8624565 | Y37: -4.2568199 | Z37: -4.6479506 | AA37: -5.0327414 | AB37: -5.4085882 | AC37: -5.7733604 | AD37: -6.1253685 | AE37: -6.4633335 | AF37: -6.7863556 | AG37: -7.0938849 | AH37: -7.3856928 | AI37: -7.6618453 | AJ37: -7.9226775 | AK37: -8.1687688 | AL37: -8.4009208 | AM37: -8.6201348 | AN37: -8.8275916 | AO37: -9.0246318 | AP37: -9.2127375 | AQ37: -9.3935143 | AR37: -9.568675 | AS37: -9.7400235 | AT37: -9.8631638 | AU37: -9.7550856 | AV37: -9.6450127 | AW37: -9.5333741 | AX37: -9.4205563 | AY37: -9.3069066 | AZ37: 21.747545 | BA37: -6.673588 | BB37: -5.6648695 | BC37: -5.8128303 | BD37: -5.9555824 | BE37: -6.0937669 | BF37: -6.2280283 | BG37: -6.359011 | BH37: -6.4873545 | BI37: -6.5372356 | BJ37: -6.4720995 | BK37: -6.4056775 | BL37: -6.3381317 | BM37: -6.2696095 | BN37: -6.2002442 | BO37: -6.1301567 | BP37: -6.0594557 | BQ37: -5.9882392 | BR37: -5.8951327 | BS37: -5.7839213 | BT37: -5.6749687 | BU37: 1.4097731 | BV37: 132.38227 | BW37: 1.9924258 | BX37: 1.8230713 | BY37: 1.7953608 | BZ37: 1.8621614 | CA37: 1.9853475 | CB37: 2.1273963 | CC37: 2.2523789 | CD37: 1.2126749 | CE37: 1.3740446 | CF37: 1.4971244 | CG37: 1.5801246 | CH37: 1.6230687 | CI37: 1.3654723 | CJ37: 1.0116998 | CK37: 0.62333821 | CL37: 0.20652119 | CM37: -0.23248712 | CN37: -0.68764944 | CO37: -1.153343 | CP37: -1.6244532 | CQ37: -2.0964125 | CR37: -2.5652086 | CS37: -3.0273736 | CT37: -3.479962 | CU37: -3.9205244 | CV37: -4.3470766 | CW37: -4.7580691 | CX37: -5.1523554 | CY37: -5.5291621 | CZ37: -5.8880595 | DA37: -6.2289333 | DB37: -6.5519584 | DC37: -6.8575731 | DD37: -7.1464555 | DE37: -7.4195008 | DF37: -7.6777995 | DG37: -7.9226172 | DH37: -8.1553752 | DI37: -8.3776324 | DJ37: -8.5910677 | DK37: -8.7974632 | DL37: -8.9986893 | DM37: -9.1504128 | DN37: -9.0696835 | DO37: -8.9857824 | DP37: -8.8991927 | DQ37: -8.8103528 | DR37: -8.7196592 | DS37: 22.312811 | DT37: -6.1293728 | DU37: -5.1408177 | DV37: -5.3080947 | DW37: -5.4693545 | DX37: -5.6252749 | DY37: -5.7765353 | DZ37: -5.9238135 | EA37: -6.0677808 | EB37: -6.1326441 | EC37: -6.0818775 | ED37: -6.0292397 | EE37: -5.974919 | EF37: -5.9190876 | EG37: -5.8619029 | EH37: -5.8035079 | EI37: -5.7440333 | EJ37: -5.6835975 | EK37: -5.6008455 | EL37: -5.4995812 | EM37: -5.4001862 | EN37: 1.6753708 | EO37: 132.63904 | EP37: 2.2407077 | EQ37: 2.0631921 | ER37: 2.0276327 | ES37: 2.0868834 | ET37: 2.2028056 | EU37: 2.3378643 | EV37: 2.4561191 | EW37: 1.706607 | EX37: 1.8617407 | EY37: 1.978815 | EZ37: 2.0560303 | FA37: 2.0934013 | FB37: 1.8304345 | FC37: 1.4714861 | FD37: 1.0781349 | FE37: 0.65650702 | FF37: 0.21285929 | FG37: -0.246778 | FH37: -0.71678879 | FI37: -1.1920648 | FJ37: -1.6680446 | FK37: -2.1407218 | FL37: -2.6066339 | FM37: -3.0628409 | FN37: -3.5068984 | FO37: -3.936827 | FP37: -4.351082 | FQ37: -4.7485212 | FR37: -5.1283756 | FS37: -5.4902194 | FT37: -5.8339423 | FU37: -6.1597229 | FV37: -6.4680032 | FW37: -6.7594646 | FX37: -7.0350056 | FY37: -7.2957197 | FZ37: -7.5428756 | GA37: -7.7778976 | GB37: -8.0023471 | GC37: -8.2179058 | GD37: -8.4263584 | GE37: -8.6295775 | GF37: -8.7832324 | GG37: -8.7043751 | GH37: -8.6222886 | GI37: -8.5374583 | GJ37: -8.4503245 | GK37: -8.3612856 | GL37: 22.66958 | GM37: -5.7741616 | GN37: -4.7871176 | GO37: -4.9558611 | GP37: -5.1185443 | GQ37: -5.2758464 | GR37: -5.4284486 | GS37: -5.5770296 | GT37: -5.7222622
A38: 41 | B38: AF_O_W_Ma | C38: 7.5231679 | D38: 7.29773 | E38: 7.4659017 | F38: 7.5953248 | G38: 7.7837944 | H38: 8.0208555 | I38: 8.2958238 | J38: 8.5973021 | K38: 8.3855152 | L38: 8.7475999 | M38: 9.0840716 | N38: 9.396548 | O38: 9.6870495 | P38: 9.9573488 | Q38: 10.208811 | R38: 10.442396 | S38: 10.658716 | T38: 10.858098 | U38: 11.040651 | V38: 11.206314 | W38: 11.354912 | X38: 11.486194 | Y38: 11.345797 | Z38: 11.457264 | AA38: 11.533246 | AB38: 11.551779 | AC38: 11.499599 | AD38: 11.429473 | AE38: 11.343169 | AF38: 11.242406 | AG38: 11.128844 | AH38: 11.00407 | AI38: 10.869595 | AJ38: 10.726846 | AK38: 10.577166 | AL38: 10.421813 | AM38: 10.261957 | AN38: 10.098682 | AO38: 9.9329893 | AP38: 9.7657969 | AQ38: 9.5979436 | AR38: 9.4301911 | AS38: 9.2632276 | AT38: 9.0976706 | AU38: 8.9340705 | AV38: 8.7729144 | AW38: 8.6146291 | AX38: 8.4595851 | AY38: 8.3080999 | AZ38: 8.1604417 | BA38: 8.0168329 | BB38: 7.8774533 | BC38: 7.7424437 | BD38: 7.6119086 | BE38: 7.4859203 | BF38: 7.3645209 | BG38: 7.2477259 | BH38: 7.1355267 | BI38: 7.0278932 | BJ38: 6.9247769 | BK38: 6.8261127 | BL38: 6.7318213 | BM38: 6.6418118 | BN38: 6.5559835 | BO38: 6.4742276 | BP38: 6.3964293 | BQ38: 6.3224696 | BR38: 6.2888764 | BS38: 6.2720615 | BT38: 6.2564889 | BU38: 12.252195 | BV38: 94.469226 | BW38: 10.657162 | BX38: 10.56273 | BY38: 10.551113 | BZ38: 10.605269 | CA38: 10.714414 | CB38: 10.867552 | CC38: 11.052988 | CD38: 10.730667 | CE38: 10.987455 | CF38: 11.223614 | CG38: 11.440519 | CH38: 11.639959 | CI38: 11.823489 | CJ38: 11.992266 | CK38: 12.14705 | CL38: 12.288267 | CM38: 12.416064 | CN38: 12.530379 | CO38: 12.630991 | CP38: 12.71757 | CQ38: 12.789718 | CR38: 12.592935 | CS38: 12.65063 | CT38: 12.675328 | CU38: 12.644947 | CV38: 12.546107 | CW38: 12.431468 | CX38: 12.302696 | CY38: 12.161411 | CZ38: 12.00918 | DA38: 11.847501 | DB38: 11.677802 | DC38: 11.501429 | DD38: 11.31965 | DE38: 11.133649 | DF38: 10.944527 | DG38: 10.753304 | DH38: 10.560918 | DI38: 10.368227 | DJ38: 10.176014 | DK38: 9.984988 | DL38: 9.7957845 | DM38: 9.608973 | DN38: 9.4250577 | DO38: 9.2444814 | DP38: 9.0676291 | DQ38: 8.8948314 | DR38: 8.7263679 | DS38: 8.5624708 | DT38: 8.4033279 | DU38: 8.2490864 | DV38: 8.0998557 | DW38: 7.9557112 | DX38: 7.8166964 | DY38: 7.6828268 | DZ38: 7.5540923 | EA38: 7.4304599 | EB38: 7.3118765 | EC38: 7.1982712 | ED38: 7.089558 | EE38: 6.9856376 | EF38: 6.8864001 | EG38: 6.7917265 | EH38: 6.7014907 | EI38: 6.6155617 | EJ38: 6.5338044 | EK38: 6.4927318 | EL38: 6.4687417 | EM38: 6.4462845 | EN38: 12.435383 | EO38: 94.646072 | EP38: 10.82792 | EQ38: 10.727642 | ER38: 10.71041 | ES38: 10.759173 | ET38: 10.863137 | EU38: 11.011296 | EV38: 11.191947 | EW38: 11.161694 | EX38: 11.414059 | EY38: 11.645965 | EZ38: 11.858779 | FA38: 12.054284 | FB38: 12.234028 | FC38: 12.39916 | FD38: 12.550436 | FE38: 12.688275 | FF38: 12.812821 | FG38: 12.924003 | FH38: 13.021598 | FI38: 13.105269 | FJ38: 13.174615 | FK38: 12.975131 | FL38: 13.030222 | FM38: 13.052409 | FN38: 13.019606 | FO38: 12.91843 | FP38: 12.801537 | FQ38: 12.670589 | FR38: 12.527205 | FS38: 12.372946 | FT38: 12.20931 | FU38: 12.03772 | FV38: 11.859521 | FW38: 11.675977 | FX38: 11.488271 | FY38: 11.297501 | FZ38: 11.104685 | GA38: 10.910758 | GB38: 10.716577 | GC38: 10.522923 | GD38: 10.330503 | GE38: 10.13995 | GF38: 9.9518327 | GG38: 9.7666534 | GH38: 9.5848533 | GI38: 9.4068159 | GJ38: 9.2328705 | GK38: 9.0632952 | GL38: 8.8983209 | GM38: 8.7381342 | GN38: 8.5828809 | GO38: 8.4326696 | GP38: 8.2875742 | GQ38: 8.1476375 | GR38: 8.0128738 | GS38: 7.8832719 | GT38: 7.758798
A39: 42 | B39: AF_M_D_Ma | C39: -0.89122046 | D39: -1.4963379 | E39: -1.7985729 | F39: -2.23766 | G39: -2.7126988 | H39: -3.2233563 | I39: -3.766993 | J39: -4.3400123 | K39: -5.9520819 | L39: -6.2522885 | M39: -6.506973 | N39: -6.7353694 | O39: -6.9485137 | P39: -7.594776 | Q39: -8.2002984 | R39: -8.7258667 | S39: -9.1834892 | T39: -9.5820475 | U39: -9.9284078 | V39: -10.228092 | W39: -10.485693 | X39: -10.705147 | Y39: -10.889898 | Z39: -11.043019 | AA39: -11.167287 | AB39: -11.265237 | AC39: -11.339197 | AD39: -11.391315 | AE39: -11.42358 | AF39: -11.437835 | AG39: -11.43579 | AH39: -11.41903 | AI39: -11.389026 | AJ39: -11.347137 | AK39: -11.294622 | AL39: -11.232645 | AM39: -11.162277 | AN39: -11.084505 | AO39: -11.000237 | AP39: -10.910303 | AQ39: -10.815467 | AR39: -10.716424 | AS39: -10.61381 | AT39: -10.508201 | AU39: -10.400123 | AV39: -10.29005 | AW39: -10.178412 | AX39: -10.065594 | AY39: -9.9519442 | AZ39: 20.711642 | BA39: -8.9256488 | BB39: -7.7097772 | BC39: -7.6534702 | BD39: -7.5945231 | BE39: -7.5332258 | BF39: -7.4698438 | BG39: -7.4046197 | BH39: -7.3377751 | BI39: -7.2695119 | BJ39: -7.2000139 | BK39: -7.1294481 | BL39: -7.0579656 | BM39: -6.9857036 | BN39: -6.9127855 | BO39: -6.8393228 | BP39: -6.7654153 | BQ39: -6.6911528 | BR39: -6.5951524 | BS39: -6.4811919 | BT39: -6.3696277 | BU39: 0.71759513 | BV39: 133.52749 | BW39: 2.8838815 | BX39: 2.2770244 | BY39: 1.655924 | BZ39: 1.0074593 | CA39: 0.33154644 | CB39: -0.36957162 | CC39: -1.092675 | CD39: -2.8477899 | CE39: -3.2843436 | CF39: -3.669001 | CG39: -4.0213041 | CH39: -4.3525818 | CI39: -5.1114826 | CJ39: -5.8244137 | CK39: -6.4524125 | CL39: -7.0077267 | CM39: -7.4994658 | CN39: -7.9347125 | CO39: -8.3191944 | CP39: -8.6577017 | CQ39: -8.9543544 | CR39: -9.2127754 | CS39: -9.4362062 | CT39: -9.6275841 | CU39: -9.7895958 | CV39: -9.9247144 | CW39: -10.035227 | CX39: -10.123252 | CY39: -10.19076 | CZ39: -10.239577 | DA39: -10.271402 | DB39: -10.287814 | DC39: -10.290274 | DD39: -10.280138 | DE39: -10.258663 | DF39: -10.227008 | DG39: -10.186243 | DH39: -10.137357 | DI39: -10.081256 | DJ39: -10.018776 | DK39: -9.95068 | DL39: -9.8776697 | DM39: -9.8003847 | DN39: -9.7194088 | DO39: -9.6352732 | DP39: -9.5484609 | DQ39: -9.4594094 | DR39: -9.3685148 | DS39: 21.273281 | DT39: -8.3848795 | DU39: -7.188999 | DV39: -7.1518445 | DW39: -7.1112496 | DX39: -7.0675405 | DY39: -7.0210171 | DZ39: -6.9719553 | EA39: -6.9206077 | EB39: -6.8672064 | EC39: -6.8119636 | ED39: -6.7550734 | EE39: -6.6967129 | EF39: -6.6370437 | EG39: -6.576213 | EH39: -6.5143545 | EI39: -6.4515894 | EJ39: -6.3880277 | EK39: -6.302306 | EL39: -6.1982206 | EM39: -6.0961455 | EN39: 0.98195754 | EO39: 133.78309 | EP39: 3.1310485 | EQ39: 2.5160861 | ER39: 1.8871898 | ES39: 1.2312254 | ET39: 0.54809643 | EU39: -0.15996625 | EV39: -0.88975431 | EW39: -2.3546362 | EX39: -2.7973871 | EY39: -3.1880131 | EZ39: -3.5460658 | FA39: -3.8828834 | FB39: -4.6471229 | FC39: -5.3651997 | FD39: -5.9981595 | FE39: -6.5582573 | FF39: -7.05461 | FG39: -7.4943072 | FH39: -7.883083 | FI39: -8.225734 | FJ39: -8.5263861 | FK39: -8.7886682 | FL39: -9.0158272 | FM39: -9.2108056 | FN39: -9.3762952 | FO39: -9.514774 | FP39: -9.6285333 | FQ39: -9.7196972 | FR39: -9.7902381 | FS39: -9.8419885 | FT39: -9.8766507 | FU39: -9.8958055 | FV39: -9.9009197 | FW39: -9.8933526 | FX39: -9.8743626 | FY39: -9.8451131 | FZ39: -9.8066777 | GA39: -9.7600463 | GB39: -9.7061297 | GC39: -9.6457646 | GD39: -9.5797185 | GE39: -9.5086941 | GF39: -9.4333336 | GG39: -9.3542231 | GH39: -9.2718961 | GI39: -9.1868373 | GJ39: -9.0994865 | GK39: -9.0102413 | GL39: 21.629954 | GM39: -8.0297586 | GN39: -6.8353846 | GO39: -6.7996923 | GP39: -6.7605167 | GQ39: -6.7181856 | GR39: -6.6730002 | GS39: -6.6252377 | GT39: -6.5751522
A40: 43 | B40: AF_M_W_Ma | C40: -0.83346279 | D40: -1.1960326 | E40: -1.2563882 | F40: -1.4391311 | G40: -1.6370275 | H40: -1.8497121 | I40: -2.0759982 | J40: -2.3147152 | K40: -3.0136406 | L40: -3.0890994 | M40: -3.1535377 | N40: -3.214236 | O40: -3.2750989 | P40: -3.3382212 | Q40: -3.4046907 | R40: -3.475017 | S40: -3.549368 | T40: -3.6277053 | U40: -3.709863 | V40: -3.7955947 | W40: -3.8846026 | X40: -3.9765549 | Y40: -4.4275872 | Z40: -4.578943 | AA40: -4.7215506 | AB40: -4.8807549 | AC40: -5.073019 | AD40: -5.2486047 | AE40: -5.4086135 | AF40: -5.5540405 | AG40: -5.6857933 | AH40: -5.8047061 | AI40: -5.9115507 | AJ40: -6.0070454 | AK40: -6.0918612 | AL40: -6.1666276 | AM40: -6.2319364 | AN40: -6.2883455 | AO40: -6.3363813 | AP40: -6.3765414 | AQ40: -6.4092966 | AR40: -6.4350922 | AS40: -6.4543498 | AT40: -6.4674683 | AU40: -6.4748256 | AV40: -6.4767791 | AW40: -6.4736667 | AX40: -6.4658081 | AY40: -6.4535056 | AZ40: -6.4370443 | BA40: -6.4166936 | BB40: -6.3927076 | BC40: -6.3653257 | BD40: -6.3347737 | BE40: -6.3012639 | BF40: -6.2649961 | BG40: -6.2261581 | BH40: -6.1849263 | BI40: -6.1414661 | BJ40: -6.0959329 | BK40: -6.048472 | BL40: -5.9992196 | BM40: -5.9483031 | BN40: -5.8958415 | BO40: -5.841946 | BP40: -5.7867202 | BQ40: -5.7302608 | BR40: -5.6551666 | BS40: -5.5655826 | BT40: -5.4770112 | BU40: 0.62061901 | BV40: 86.112595 | BW40: 2.163399 | BX40: 1.8404403 | BY40: 1.5166572 | BZ40: 1.1844469 | CA40: 0.84384622 | CB40: 0.49572962 | CC40: 0.14097105 | CD40: -0.66848922 | CE40: -0.84924445 | CF40: -1.0139955 | CG40: -1.1702654 | CH40: -1.3221892 | CI40: -1.4720806 | CJ40: -1.6212359 | CK40: -1.7703626 | CL40: -1.919817 | CM40: -2.0697395 | CN40: -2.2201346 | CO40: -2.3709176 | CP40: -2.5219447 | CQ40: -2.6730304 | CR40: -3.1804493 | CS40: -3.3855773 | CT40: -3.5794685 | CU40: -3.7875875 | CV40: -4.0265111 | CW40: -4.2466093 | CX40: -4.4490865 | CY40: -4.6350357 | CZ40: -4.8054576 | DA40: -4.9612749 | DB40: -5.1033437 | DC40: -5.2324622 | DD40: -5.3493778 | DE40: -5.4547922 | DF40: -5.5493664 | DG40: -5.6337237 | DH40: -5.708453 | DI40: -5.7741113 | DJ40: -5.8312257 | DK40: -5.8802953 | DL40: -5.9217928 | DM40: -5.9561659 | DN40: -5.9838385 | DO40: -6.0052121 | DP40: -6.0206667 | DQ40: -6.0305618 | DR40: -6.0352375 | DS40: -6.0350152 | DT40: -6.0301986 | DU40: -6.0210745 | DV40: -6.0079137 | DW40: -5.9909712 | DX40: -5.9704879 | DY40: -5.9466902 | DZ40: -5.9197917 | EA40: -5.889993 | EB40: -5.8574829 | EC40: -5.8224387 | ED40: -5.7850267 | EE40: -5.7454033 | EF40: -5.7037148 | EG40: -5.6600985 | EH40: -5.6146828 | EI40: -5.5675878 | EJ40: -5.518926 | EK40: -5.4513111 | EL40: -5.3689024 | EM40: -5.2872156 | EN40: 0.80380745 | EO40: 86.289441 | EP40: 2.3341571 | EQ40: 2.0053522 | ER40: 1.6759546 | ES40: 1.3383511 | ET40: 0.99256905 | EU40: 0.63947355 | EV40: 0.27992975 | EW40: -0.23746192 | EX40: -0.42263986 | EY40: -0.59164405 | EZ40: -0.75200471 | FA40: -0.9078639 | FB40: -1.0615421 | FC40: -1.2143417 | FD40: -1.3669763 | FE40: -1.519808 | FF40: -1.6729829 | FG40: -1.8265104 | FH40: -1.980311 | FI40: -2.1342456 | FJ40: -2.2881334 | FK40: -2.7982532 | FL40: -3.0059852 | FM40: -3.2023874 | FN40: -3.4129282 | FO40: -3.6541881 | FP40: -3.8765404 | FQ40: -4.0811931 | FR40: -4.2692421 | FS40: -4.4416912 | FT40: -4.599466 | FU40: -4.7434253 | FV40: -4.8743702 | FW40: -4.9930503 | FX40: -5.1001699 | FY40: -5.1963923 | FZ40: -5.2823429 | GA40: -5.3586128 | GB40: -5.4257611 | GC40: -5.4843167 | GD40: -5.5347806 | GE40: -5.5776273 | GF40: -5.6133062 | GG40: -5.6422428 | GH40: -5.6648402 | GI40: -5.6814799 | GJ40: -5.6925227 | GK40: -5.6983102 | GL40: -5.6991651 | GM40: -5.6953924 | GN40: -5.68728 | GO40: -5.6750998 | GP40: -5.6591081 | GQ40: -5.6395468 | GR40: -5.6166433 | GS40: -5.5906122 | GT40: -5.561655
A41: 44 | B41: FM_O_D_Ma | C41: 2.0898391 | D41: 1.5606838 | E41: 1.5267646 | F41: 1.5200745 | G41: 1.6070977 | H41: 1.7497411 | I41: 1.9105131 | J41: 2.0535147 | K41: 1.0311541 | L41: 1.2092189 | M41: 1.3483716 | N41: 1.4468474 | O41: 1.5046939 | P41: 1.2614494 | Q41: 0.92150044 | R41: 0.54645479 | S41: 0.14246632 | T41: -0.28418166 | U41: -0.72743342 | V41: -1.1816486 | W41: -1.6416956 | X41: -2.1029908 | Y41: -2.5615065 | Z41: -3.0137597 | AA41: -3.4567909 | AB41: -3.8881369 | AC41: -4.3058005 | AD41: -4.7082196 | AE41: -5.0942358 | AF41: -5.4630641 | AG41: -5.8142637 | AH41: -6.1477098 | AI41: -6.4635671 | AJ41: -6.7622641 | AK41: -7.0444698 | AL41: -7.31107 | AM41: -7.5631469 | AN41: -7.8019576 | AO41: -8.0289157 | AP41: -8.2455723 | AQ41: -8.4535989 | AR41: -8.654771 | AS41: -8.8509517 | AT41: -8.9978017 | AU41: -8.9123644 | AV41: -8.8239147 | AW41: -8.7329304 | AX41: -8.6398441 | AY41: -8.545047 | AZ41: 22.491389 | BA41: -5.9469623 | BB41: -4.9547028 | BC41: -5.1183989 | BD41: -5.2761972 | BE41: -5.4287711 | BF41: -5.5767962 | BG41: -5.7209461 | BH41: -5.8618885 | BI41: -5.9238268 | BJ41: -5.8702315 | BK41: -5.814858 | BL41: -5.7578914 | BM41: -5.6995008 | BN41: -5.6398405 | BO41: -5.5790509 | BP41: -5.5172597 | BQ41: -5.4545828 | BR41: -5.3696624 | BS41: -5.2663001 | BT41: -5.1648751 | BU41: 1.9126461 | BV41: 132.87822 | BW41: 2.4817234 | BX41: 2.3059879 | BY41: 2.2721514 | BZ41: 2.3330696 | CA41: 2.4506057 | CB41: 2.5872267 | CC41: 2.7069936 | CD41: 1.6622768 | CE41: 1.8188274 | CF41: 1.9372734 | CG41: 2.0158167 | CH41: 2.0544733 | CI41: 1.7927513 | CJ41: 1.435008 | CK41: 1.0428237 | CL41: 0.6223256 | CM41: 0.17977181 | CN41: -0.27880623 | CO41: -0.74779133 | CP41: -1.2220741 | CQ41: -1.6970921 | CR41: -2.1688379 | CS41: -2.6338481 | CT41: -3.0891816 | CU41: -3.5323931 | CV41: -3.9615026 | CW41: -4.3749642 | CX41: -4.771635 | CY41: -5.1507452 | CZ41: -5.5118683 | DA41: -5.8548932 | DB41: -6.1799978 | DC41: -6.4876232 | DD41: -6.7784505 | DE41: -7.0533772 | DF41: -7.3134964 | DG41: -7.560076 | DH41: -7.7945399 | DI41: -8.0184489 | DJ41: -8.233484 | DK41: -8.4414294 | DL41: -8.6441574 | DM41: -8.7973365 | DN41: -8.7180184 | DO41: -8.6354856 | DP41: -8.550223 | DQ41: -8.4626706 | DR41: -8.3732261 | DS41: 22.658032 | DT41: -5.785329 | DU41: -4.7979166 | DV41: -4.9663032 | DW41: -5.1286408 | DX41: -5.2856083 | DY41: -5.4378863 | DZ41: -5.5861533 | EA41: -5.7310819 | EB41: -5.7968799 | EC41: -5.7470222 | ED41: -5.6952685 | EE41: -5.6418078 | EF41: -5.5868133 | EG41: -5.5304429 | EH41: -5.4728406 | EI41: -5.4141376 | EJ41: -5.3544531 | EK41: -5.2724328 | EL41: -5.1718811 | EM41: -5.0731803 | EN41: 2.0017002 | EO41: 132.96471 | EP41: 2.5657358 | EQ41: 2.387594 | ER41: 2.3514243 | ES41: 2.4100798 | ET41: 2.5254216 | EU41: 2.6599144 | EV41: 2.7776171 | EW41: 1.7308979 | EX41: 1.885506 | EY41: 2.0020675 | EZ41: 2.0787824 | FA41: 2.115665 | FB41: 1.8522214 | FC41: 1.4928076 | FD41: 1.0990019 | FE41: 0.67693034 | FF41: 0.23284926 | FG41: -0.22721127 | FH41: -0.69763548 | FI41: -1.1733153 | FJ41: -1.6496897 | FK41: -2.1227524 | FL41: -2.5890412 | FM41: -3.0456163 | FN41: -3.4900335 | FO41: -3.9203138 | FP41: -4.3349125 | FQ41: -4.7326877 | FR41: -5.1128706 | FS41: -5.4750356 | FT41: -5.8190726 | FU41: -6.1451603 | FV41: -6.4537408 | FW41: -6.745496 | FX41: -7.0213242 | FY41: -7.2823193 | FZ41: -7.5297501 | GA41: -7.765041 | GB41: -7.9897536 | GC41: -8.2055696 | GD41: -8.414274 | GE41: -8.6177396 | GF41: -8.7716356 | GG41: -8.6930142 | GH41: -8.6111586 | GI41: -8.5265543 | GJ41: -8.4396417 | GK41: -8.3508193 | GL41: 22.679834 | GM41: -5.7641147 | GN41: -4.7772737 | GO41: -4.946216 | GP41: -5.1090938 | GQ41: -5.2665865 | GR41: -5.4193752 | GS41: -5.5681389 | GT41: -5.7135504
A42: 45 | B42: FM_O_W_Ma | C42: 11.693633 | D42: 11.288075 | E42: 11.284864 | F42: 11.251212 | G42: 11.284503 | H42: 11.373891 | I42: 11.508324 | J42: 11.67605 | K42: 11.336962 | L42: 11.577877 | M42: 11.799009 | N42: 12.00169 | O42: 12.187665 | P42: 12.35845 | Q42: 12.515163 | R42: 12.658529 | S42: 12.788939 | T42: 12.906508 | U42: 13.011144 | V42: 13.102595 | W42: 13.180505 | X42: 13.244449 | Y42: 13.039902 | Z42: 13.090251 | AA42: 13.107998 | AB42: 13.071038 | AC42: 12.965974 | AD42: 12.845446 | AE42: 12.7111 | AF42: 12.564542 | AG42: 12.40732 | AH42: 12.24092 | AI42: 12.066753 | AJ42: 11.886152 | AK42: 11.700372 | AL42: 11.510585 | AM42: 11.317881 | AN42: 11.123267 | AO42: 10.927671 | AP42: 10.731944 | AQ42: 10.536856 | AR42: 10.343108 | AS42: 10.151329 | AT42: 9.9620784 | AU42: 9.7758537 | AV42: 9.5930907 | AW42: 9.4141675 | AX42: 9.2394084 | AY42: 9.0690869 | AZ42: 8.9034295 | BA42: 8.7426186 | BB42: 8.5867963 | BC42: 8.4360672 | BD42: 8.290502 | BE42: 8.1501402 | BF42: 8.0149929 | BG42: 7.8850462 | BH42: 7.7602634 | BI42: 7.6405881 | BJ42: 7.525946 | BK42: 7.4162481 | BL42: 7.3113923 | BM42: 7.2112656 | BN42: 7.1157466 | BO42: 7.0247068 | BP42: 6.9380127 | BQ42: 6.8555272 | BR42: 6.8137612 | BS42: 6.7891104 | BT42: 6.7660234 | BU42: 12.754521 | BV42: 94.964637 | BW42: 11.145938 | BX42: 11.045138 | BY42: 11.027406 | BZ42: 11.075691 | CA42: 11.179198 | CB42: 11.326919 | CC42: 11.507151 | CD42: 11.179827 | CE42: 11.431807 | CF42: 11.663343 | CG42: 11.875801 | CH42: 12.070964 | CI42: 12.250378 | CJ42: 12.415193 | CK42: 12.566164 | CL42: 12.703709 | CM42: 12.82797 | CN42: 12.938878 | CO42: 13.036207 | CP42: 13.119622 | CQ42: 13.188719 | CR42: 12.988994 | CS42: 13.043852 | CT42: 13.065813 | CU42: 13.03279 | CV42: 12.9314 | CW42: 12.8143 | CX42: 12.683149 | CY42: 12.539568 | CZ42: 12.385118 | DA42: 12.221295 | DB42: 12.049522 | DC42: 11.871145 | DD42: 11.687427 | DE42: 11.49955 | DF42: 11.308614 | DG42: 11.115634 | DH42: 10.921548 | DI42: 10.727211 | DJ42: 10.533403 | DK42: 10.340832 | DL42: 10.150132 | DM42: 9.9618696 | DN42: 9.7765478 | DO42: 9.5946077 | DP42: 9.4164328 | DQ42: 9.2423521 | DR42: 9.0726437 | DS42: 8.9075383 | DT42: 8.7472226 | DU42: 8.5918424 | DV42: 8.441506 | DW42: 8.2962874 | DX42: 8.1562292 | DY42: 8.0213457 | DZ42: 7.8916257 | EA42: 7.7670354 | EB42: 7.6475206 | EC42: 7.5330096 | ED42: 7.4234154 | EE42: 7.3186381 | EF42: 7.2185668 | EG42: 7.1230817 | EH42: 7.0320561 | EI42: 6.9453581 | EJ42: 6.8628522 | EK42: 6.8210506 | EL42: 6.7963504 | EM42: 6.7732014 | EN42: 12.761626 | EO42: 94.971658 | EP42: 11.152866 | EQ42: 11.051964 | ER42: 11.034124 | ES42: 11.082294 | ET42: 11.185679 | EU42: 11.333274 | EV42: 11.513376 | EW42: 11.185917 | EX42: 11.437759 | EY42: 11.669154 | EZ42: 11.881469 | FA42: 12.076488 | FB42: 12.255756 | FC42: 12.420424 | FD42: 12.571248 | FE42: 12.708645 | FF42: 12.832758 | FG42: 12.943519 | FH42: 13.040701 | FI42: 13.12397 | FJ42: 13.192923 | FK42: 12.993054 | FL42: 13.04777 | FM42: 13.069591 | FN42: 13.036429 | FO42: 12.934902 | FP42: 12.817667 | FQ42: 12.686384 | FR42: 12.542672 | FS42: 12.388093 | FT42: 12.224144 | FU42: 12.052248 | FV42: 11.87375 | FW42: 11.689913 | FX42: 11.50192 | FY42: 11.31087 | FZ42: 11.11778 | GA42: 10.923585 | GB42: 10.729142 | GC42: 10.535232 | GD42: 10.34256 | GE42: 10.151762 | GF42: 9.9634041 | GG42: 9.7779895 | GH42: 9.5959592 | GI42: 9.4176965 | GJ42: 9.2435306 | GK42: 9.0737394 | GL42: 8.9085538 | GM42: 8.7481602 | GN42: 8.5927045 | GO42: 8.442295 | GP42: 8.2970055 | GQ42: 8.1568788 | GR42: 8.021929 | GS42: 7.8921449 | GT42: 7.7674927
A43: 46 | B43: FM_M_D_Ma | C43: 3.2798466 | D43: 2.4946836 | E43: 2.0211347 | F43: 1.4190338 | G43: 0.78887186 | H43: 0.1305925 | I43: -0.55353493 | J43: -1.2602653 | K43: -2.9996004 | L43: -3.4209446 | M43: -3.7909404 | N43: -4.1291085 | O43: -4.4467575 | P43: -5.1925163 | Q43: -5.8927733 | R43: -6.5085482 | S43: -7.0520712 | T43: -7.5324355 | U43: -7.9567079 | V43: -8.3306008 | W43: -8.6588899 | X43: -8.9456812 | Y43: -9.1945843 | Z43: -9.4088278 | AA43: -9.5913367 | AB43: -9.7447858 | AC43: -9.8716369 | AD43: -9.9741659 | AE43: -10.054482 | AF43: -10.114543 | AG43: -10.156169 | AH43: -10.181047 | AI43: -10.190747 | AJ43: -10.186723 | AK43: -10.170323 | AL43: -10.142794 | AM43: -10.105289 | AN43: -10.058871 | AO43: -10.00452 | AP43: -9.943138 | AQ43: -9.8755517 | AR43: -9.8025203 | AS43: -9.7247381 | AT43: -9.6428392 | AU43: -9.557402 | AV43: -9.4689523 | AW43: -9.377968 | AX43: -9.2848817 | AY43: -9.1900846 | AZ43: 21.455486 | BA43: -8.1990231 | BB43: -6.9996105 | BC43: -6.9590388 | BD43: -6.9151379 | BE43: -6.86823 | BF43: -6.8186116 | BG43: -6.7665548 | BH43: -6.7123091 | BI43: -6.6561031 | BJ43: -6.5981459 | BK43: -6.5386285 | BL43: -6.4777253 | BM43: -6.4155949 | BN43: -6.3523818 | BO43: -6.288217 | BP43: -6.2232194 | BQ43: -6.1574963 | BR43: -6.0696822 | BS43: -5.9635708 | BT43: -5.8595341 | BU43: 1.2204682 | BV43: 134.02344 | BW43: 3.373179 | BX43: 2.759941 | BY43: 2.1327146 | BZ43: 1.4783674 | CA43: 0.79680464 | CB43: 0.090258754 | CC43: -0.63806028 | CD43: -2.398188 | CE43: -2.8395608 | CF43: -3.228852 | CG43: -3.5856119 | CH43: -3.9211771 | CI43: -4.6842036 | CJ43: -5.4011055 | CK43: -6.032927 | CL43: -6.5919223 | CM43: -7.0872068 | CN43: -7.5258693 | CO43: -7.9136427 | CP43: -8.2553226 | CQ43: -8.555034 | CR43: -8.8164047 | CS43: -9.0426807 | CT43: -9.2368037 | CU43: -9.4014645 | CV43: -9.5391404 | CW43: -9.6521217 | CX43: -9.7425319 | CY43: -9.8123427 | CZ43: -9.8633856 | DA43: -9.8973623 | DB43: -9.915853 | DC43: -9.9203238 | DD43: -9.9121333 | DE43: -9.8925393 | DF43: -9.8627046 | DG43: -9.8237022 | DH43: -9.7765215 | DI43: -9.7220727 | DJ43: -9.6611919 | DK43: -9.5946462 | DL43: -9.5231378 | DM43: -9.4473085 | DN43: -9.3677436 | DO43: -9.2849764 | DP43: -9.1994912 | DQ43: -9.1117272 | DR43: -9.0220818 | DS43: 21.618501 | DT43: -8.0408357 | DU43: -6.8460978 | DV43: -6.810053 | DW43: -6.7705359 | DX43: -6.7278739 | DY43: -6.6823681 | DZ43: -6.6342951 | EA43: -6.5839089 | EB43: -6.5314422 | EC43: -6.4771084 | ED43: -6.4211022 | EE43: -6.3636017 | EF43: -6.3047694 | EG43: -6.244753 | EH43: -6.1836871 | EI43: -6.1216937 | EJ43: -6.0588833 | EK43: -5.9738933 | EL43: -5.8705205 | EM43: -5.7691396 | EN43: 1.308287 | EO43: 134.10876 | EP43: 3.4560766 | EQ43: 2.8404881 | ER43: 2.2109813 | ES43: 1.5544218 | ET43: 0.8707125 | EU43: 0.1620838 | EV43: -0.56825636 | EW43: -2.3303454 | EX43: -2.7736218 | EY43: -3.1647605 | EZ43: -3.5233137 | FA43: -3.8606196 | FB43: -4.6253359 | FC43: -5.3438782 | FD43: -5.9772924 | FE43: -6.537834 | FF43: -7.0346201 | FG43: -7.4747405 | FH43: -7.8639297 | FI43: -8.2069845 | FJ43: -8.5080312 | FK43: -8.7706988 | FL43: -8.9982345 | FM43: -9.193581 | FN43: -9.3594304 | FO43: -9.4982608 | FP43: -9.6123638 | FQ43: -9.7038637 | FR43: -9.7747332 | FS43: -9.8268047 | FT43: -9.8617809 | FU43: -9.8812429 | FV43: -9.8866573 | FW43: -9.879384 | FX43: -9.8606813 | FY43: -9.8317127 | FZ43: -9.7935522 | GA43: -9.7471897 | GB43: -9.6935361 | GC43: -9.6334284 | GD43: -9.5676341 | GE43: -9.4968561 | GF43: -9.4217368 | GG43: -9.3428623 | GH43: -9.2607661 | GI43: -9.1759334 | GJ43: -9.0888037 | GK43: -8.9997751 | GL43: 21.640208 | GM43: -8.0197117 | GN43: -6.8255408 | GO43: -6.7900473 | GP43: -6.7510663 | GQ43: -6.7089257 | GR43: -6.6639269 | GS43: -6.616347 | GT43: -6.5664404
... A47: 50 | B47: Willow | C47: 0 | D47: -7.1814171 | E47: -14.761911 | F47: -21.257636 | G47: -25.184745 | H47: -5.4893179 | I47: 13.973116 | J47: -13.189877 | K47: -19.842806 | L47: -23.911398 | M47: -6.0900096 | N47: 17.119981 | O47: -12.104403 | P47: -18.865879 | Q47: -23.032164 | R47: -5.4733696 | S47: 18.043706 | T47: -11.447722 | U47: -18.274866 | V47: -22.500252 | W47: -5.0121156 | X47: 18.495709 | Y47: -11.058386 | Z47: -17.924463 | AA47: -22.184889 | AB47: -4.7300363 | AC47: 18.753268 | AD47: -10.828329 | AE47: -17.717413 | AF47: -21.998544 | AG47: -4.5625 | AH47: 26.085837 | AI47: -3.1119734 | AJ47: -11.099412 | AK47: -17.961387 | AL47: -22.218121 | AM47: -4.7601368 | AN47: 18.726584 | AO47: -10.852538 | AP47: -17.7392 | AQ47: -22.018153 | AR47: -4.5801671 | AS47: 18.88856 | AT47: -10.706761 | AU47: -17.608001 | AV47: -21.900073 | AW47: -4.4738959 | AX47: 18.984204 | AY47: -10.620681 | AZ47: -17.530529 | BA47: -21.830349 | BB47: -4.4111437 | BC47: 19.040681 | BD47: -10.569852 | BE47: -17.484783 | BF47: -21.789177 | BG47: -4.3740891 | BH47: 19.07403 | BI47: -10.539837 | BJ47: -17.45777 | BK47: -21.764865 | BL47: -4.3522088 | BM47: 26.27514 | BN47: -2.94162 | BO47: -10.946094 | BP47: -17.823401 | BQ47: -22.093933 | BR47: -4.6483699 | BS47: 18.827178 | BT47: -10.762005 | BU47: -17.65772 | BV47: -21.944821 | BW47: -4.5141688 | BX47: 18.947959 | BY47: -10.653302 | BZ47: -17.559888 | CA47: -21.856772 | CB47: -4.4349245 | CC47: 19.019279 | CD47: -10.589114 | CE47: -17.502119 | CF47: -21.804779 | CG47: -4.3881314 | CH47: 19.061392 | CI47: -10.551212 | CJ47: -17.468007 | CK47: -21.774079 | CL47: -4.3605006 | CM47: 19.08626 | CN47: -10.528831 | CO47: -17.447864 | CP47: -21.75595 | CQ47: -4.3441849 | CR47: 26.282361 | CS47: -2.9351207 | CT47: -10.940245 | CU47: -17.818136 | CV47: -22.089195 | CW47: -4.6441057 | CX47: 18.831016 | CY47: -10.758551 | CZ47: -17.654612 | DA47: -21.942023 | DB47: -4.5116509 | DC47: 18.950225 | DD47: -10.651262 | DE47: -17.558052 | DF47: -21.85512 | DG47: -4.4334376 | DH47: 19.020617 | DI47: -10.58791 | DJ47: -17.501035 | DK47: -21.803804 | DL47: -4.3872535 | DM47: 19.062183 | DN47: -10.550501 | DO47: -17.467367 | DP47: -21.773502 | DQ47: -4.3599822 | DR47: 19.086727 | DS47: -10.528411 | DT47: -17.447486 | DU47: -21.75561 | DV47: -4.3438788 | DW47: 26.282637 | DX47: -2.9348727 | DY47: -10.940022 | DZ47: -17.817935 | EA47: -22.089014 | EB47: -4.643943 | EC47: 18.831162 | ED47: -10.758419 | EE47: -17.654493 | EF47: -21.941916 | EG47: -4.5115548 | EH47: 18.950311 | EI47: -10.651185 | EJ47: -17.557982 | EK47: -21.855057 | EL47: -4.4333809 | EM47: 19.020668 | EN47: -10.587864 | EO47: -17.500993 | EP47: -21.803767 | EQ47: -4.38722 | ER47: 19.062213 | ES47: -10.550473 | ET47: -17.467342 | EU47: -21.773481 | EV47: -4.3599624 | EW47: 19.086745 | EX47: -10.528395 | EY47: -17.447471 | EZ47: -21.755597 | FA47: -4.3438671 | FB47: 26.282647 | FC47: -2.9348633 | FD47: -10.940013 | FE47: -17.817928 | FF47: -22.089008 | FG47: -4.6439368 | FH47: 18.831168 | FI47: -10.758414 | FJ47: -17.654489 | FK47: -21.941912 | FL47: -4.5115511 | FM47: 18.950315 | FN47: -10.651182 | FO47: -17.55798 | FP47: -21.855054 | FQ47: -4.4333787 | FR47: 19.02067 | FS47: -10.587862 | FT47: -17.500992 | FU47: -21.803765 | FV47: -4.3872187 | FW47: 19.062214 | FX47: -10.550472 | FY47: -17.467341 | FZ47: -21.77348 | GA47: -4.3599617 | GB47: 19.086745 | GC47: -10.528394 | GD47: -17.447471 | GE47: -21.755596 | GF47: -4.3438667 | GG47: 26.282648 | GH47: -2.9348629 | GI47: -10.940013 | GJ47: -17.817928 | GK47: -22.089007 | GL47: -4.6439365 | GM47: 18.831168 | GN47: -10.758414 | GO47: -17.654489 | GP47: -21.941912 | GQ47: -4.511551 | GR47: 18.950315 | GS47: -10.651182 | GT47: -17.557979
C49: G | D49: H | E49: I | F49: J | G49: K | H49: L | I49: M | J49: N | K49: O | L49: P | M49: Q | N49: R | O49: S | P49: T | Q49: U | R49: V | S49: W | T49: X | U49: Y | V49: Z | W49: AA | X49: AB | Y49: AC | Z49: AD | AA49: AE | AB49: AF | AC49: AG | AD49: AH | AE49: AI | AF49: AJ | AG49: AK | AH49: AL | AI49: AM | AJ49: AN | AK49: AO | AL49: AP | AM49: AQ | AN49: AR | AO49: AS | AP49: AT | AQ49: AU | AR49: AV | AS49: AW | AT49: AX | AU49: AY | AV49: AZ | AW49: BA | AX49: BB | AY49: BC | AZ49: BD | BA49: BE | BB49: BF | BC49: BG | BD49: BH | BE49: BI | BF49: BJ | BG49: BK | BH49: BL | BI49: BM | BJ49: BN | BK49: BO | BL49: BP | BM49: BQ | BN49: BR | BO49: BS | BP49: BT | BQ49: BU | BR49: BV | BS49: BW | BT49: BX | BU49: BY | BV49: BZ | BW49: CA | BX49: CB | BY49: CC | BZ49: CD | CA49: CE | CB49: CF | CC49: CG | CD49: CH | CE49: CI | CF49: CJ | CG49: CK | CH49: CL | CI49: CM | CJ49: CN | CK49: CO | CL49: CP | CM49: CQ | CN49: CR | CO49: CS | CP49: CT | CQ49: CU | CR49: CV | CS49: CW | CT49: CX | CU49: CY | CV49: CZ | CW49: DA | CX49: DB | CY49: DC | CZ49: DD | DA49: DE | DB49: DF | DC49: DG | DD49: DH | DE49: DI | DF49: DJ | DG49: DK | DH49: DL | DI49: DM | DJ49: DN | DK49: DO | DL49: DP | DM49: DQ | DN49: DR | DO49: DS | DP49: DT | DQ49: DU | DR49: DV | DS49: DW | DT49: DX | DU49: DY | DV49: DZ | DW49: EA | DX49: EB | DY49: EC | DZ49: ED | EA49: EE | EB49: EF | EC49: EG | ED49: EH | EE49: EI | EF49: EJ | EG49: EK | EH49: EL | EI49: EM | EJ49: EN | EK49: EO | EL49: EP | EM49: EQ | EN49: ER | EO49: ES | EP49: ET | EQ49: EU | ER49: EV | ES49: EW | ET49: EX | EU49: EY | EV49: EZ | EW49: FA | EX49: FB | EY49: FC | EZ49: FD | FA49: FE | FB49: FF | FC49: FG | FD49: FH | FE49: FI | FF49: FJ | FG49: FK | FH49: FL | FI49: FM | FJ49: FN | FK49: FO | FL49: FP | FM49: FQ | FN49: FR | FO49: FS | FP49: FT | FQ49: FU | FR49: FV | FS49: FW | FT49: FX | FU49: FY | FV49: FZ | FW49: GA | FX49: GB | FY49: GC | FZ49: GD | GA49: GE | GB49: GF | GC49: GG | GD49: GH | GE49: GI | GF49: GJ | GG49: GK | GH49: GL | GI49: GM | GJ49: GN | GK49: GO | GL49: GP | GM49: GQ | GN49: GR | GO49: GS | GP49: GT | GQ49: GU | GR49: GV | GS49: GW | GT49: GX
C50: C | D50: D | E50: E | F50: F | G50: G | H50: H | I50: I | J50: J | K50: K | L50: L | M50: M | N50: N | O50: O | P50: P | Q50: Q | R50: R | S50: S | T50: T | U50: U | V50: V | W50: W | X50: X | Y50: Y | Z50: Z | AA50: AA | AB50: AB | AC50: AC | AD50: AD | AE50: AE | AF50: AF | AG50: AG | AH50: AH | AI50: AI | AJ50: AJ | AK50: AK | AL50: AL | AM50: AM | AN50: AN | AO50: AO | AP50: AP | AQ50: AQ | AR50: AR | AS50: AS | AT50: AT | AU50: AU | AV50: AV | AW50: AW | AX50: AX | AY50: AY | AZ50: AZ | BA50: BA | BB50: BB | BC50: BC | BD50: BD | BE50: BE | BF50: BF | BG50: BG | BH50: BH | BI50: BI | BJ50: BJ | BK50: BK | BL50: BL | BM50: BM | BN50: BN | BO50: BO | BP50: BP | BQ50: BQ | BR50: BR | BS50: BS | BT50: BT | BU50: BU | BV50: BV | BW50: BW | BX50: BX | BY50: BY | BZ50: BZ | CA50: CA | CB50: CB | CC50: CC | CD50: CD | CE50: CE | CF50: CF | CG50: CG | CH50: CH | CI50: CI | CJ50: CJ | CK50: CK | CL50: CL | CM50: CM | CN50: CN | CO50: CO | CP50: CP | CQ50: CQ | CR50: CR | CS50: CS | CT50: CT | CU50: CU | CV50: CV | CW50: CW | CX50: CX | CY50: CY | CZ50: CZ | DA50: DA | DB50: DB | DC50: DC | DD50: DD | DE50: DE | DF50: DF | DG50: DG | DH50: DH | DI50: DI | DJ50: DJ | DK50: DK | DL50: DL | DM50: DM | DN50: DN | DO50: DO | DP50: DP | DQ50: DQ | DR50: DR | DS50: DS | DT50: DT | DU50: DU | DV50: DV | DW50: DW | DX50: DX | DY50: DY | DZ50: DZ | EA50: EA | EB50: EB | EC50: EC | ED50: ED | EE50: EE | EF50: EF | EG50: EG | EH50: EH | EI50: EI | EJ50: EJ | EK50: EK | EL50: EL | EM50: EM | EN50: EN | EO50: EO | EP50: EP | EQ50: EQ | ER50: ER | ES50: ES | ET50: ET | EU50: EU | EV50: EV | EW50: EW | EX50: EX | EY50: EY | EZ50: EZ | FA50: FA | FB50: FB | FC50: FC | FD50: FD | FE50: FE | FF50: FF | FG50: FG | FH50: FH | FI50: FI | FJ50: FJ | FK50: FK | FL50: FL | FM50: FM | FN50: FN | FO50: FO | FP50: FP | FQ50: FQ | FR50: FR | FS50: FS | FT50: FT | FU50: FU | FV50: FV | FW50: FW | FX50: FX | FY50: FY | FZ50: FZ | GA50: GA | GB50: GB | GC50: GC | GD50: GD | GE50: GE | GF50: GF | GG50: GG | GH50: GH | GI50: GI | GJ50: GJ | GK50: GK | GL50: GL | GM50: GM | GN50: GN | GO50: GO | GP50: GP | GQ50: GQ | GR50: GR | GS50: GS | GT50: GT
A52: Summary of GHG emissions without substitution effect
A53: No | B53: Sheet | C53: 1 | D53: 2 | E53: 3 | F53: 4 | G53: 5 | H53: 6 | I53: 7 | J53: 8 | K53: 9 | L53: 10 | M53: 11 | N53: 12 | O53: 13 | P53: 14 | Q53: 15 | R53: 16 | S53: 17 | T53: 18 | U53: 19 | V53: 20 | W53: 21 | X53: 22 | Y53: 23 | Z53: 24 | AA53: 25 | AB53: 26 | AC53: 27 | AD53: 28 | AE53: 29 | AF53: 30 | AG53: 31 | AH53: 32 | AI53: 33 | AJ53: 34 | AK53: 35 | AL53: 36 | AM53: 37 | AN53: 38 | AO53: 39 | AP53: 40 | AQ53: 41 | AR53: 42 | AS53: 43 | AT53: 44 | AU53: 45 | AV53: 46 | AW53: 47 | AX53: 48 | AY53: 49 | AZ53: 50 | BA53: 51 | BB53: 52 | BC53: 53 | BD53: 54 | BE53: 55 | BF53: 56 | BG53: 57 | BH53: 58 | BI53: 59 | BJ53: 60 | BK53: 61 | BL53: 62 | BM53: 63 | BN53: 64 | BO53: 65 | BP53: 66 | BQ53: 67 | BR53: 68 | BS53: 69 | BT53: 70 | BU53: 71 | BV53: 72 | BW53: 73 | BX53: 74 | BY53: 75 | BZ53: 76 | CA53: 77 | CB53: 78 | CC53: 79 | CD53: 80 | CE53: 81 | CF53: 82 | CG53: 83 | CH53: 84 | CI53: 85 | CJ53: 86 | CK53: 87 | CL53: 88 | CM53: 89 | CN53: 90 | CO53: 91 | CP53: 92 | CQ53: 93 | CR53: 94 | CS53: 95 | CT53: 96 | CU53: 97 | CV53: 98 | CW53: 99 | CX53: 100 | CY53: 101 | CZ53: 102 | DA53: 103 | DB53: 104 | DC53: 105 | DD53: 106 | DE53: 107 | DF53: 108 | DG53: 109 | DH53: 110 | DI53: 111 | DJ53: 112 | DK53: 113 | DL53: 114 | DM53: 115 | DN53: 116 | DO53: 117 | DP53: 118 | DQ53: 119 | DR53: 120 | DS53: 121 | DT53: 122 | DU53: 123 | DV53: 124 | DW53: 125 | DX53: 126 | DY53: 127 | DZ53: 128 | EA53: 129 | EB53: 130 | EC53: 131 | ED53: 132 | EE53: 133 | EF53: 134 | EG53: 135 | EH53: 136 | EI53: 137 | EJ53: 138 | EK53: 139 | EL53: 140 | EM53: 141 | EN53: 142 | EO53: 143 | EP53: 144 | EQ53: 145 | ER53: 146 | ES53: 147 | ET53: 148 | EU53: 149 | EV53: 150 | EW53: 151 | EX53: 152 | EY53: 153 | EZ53: 154 | FA53: 155 | FB53: 156 | FC53: 157 | FD53: 158 | FE53: 159 | FF53: 160 | FG53: 161 | FH53: 162 | FI53: 163 | FJ53: 164 | FK53: 165 | FL53: 166 | FM53: 167 | FN53: 168 | FO53: 169 | FP53: 170 | FQ53: 171 | FR53: 172 | FS53: 173 | FT53: 174 | FU53: 175 | FV53: 176 | FW53: 177 | FX53: 178 | FY53: 179 | FZ53: 180 | GA53: 181 | GB53: 182 | GC53: 183 | GD53: 184 | GE53: 185 | GF53: 186 | GG53: 187 | GH53: 188 | GI53: 189 | GJ53: 190 | GK53: 191 | GL53: 192 | GM53: 193 | GN53: 194 | GO53: 195 | GP53: 196 | GQ53: 197 | GR53: 198 | GS53: 199 | GT53: 200
A54: 6 | B54: CL_O_D | C54: 8.4606644 | D54: 8.4606644 | E54: 8.4606644 | F54: 8.4606644 | G54: 8.4606644 | H54: 8.4606644 | I54: 8.4606644 | J54: 8.4606644 | K54: 8.4606644 | L54: 8.4606644 | M54: 8.4606644 | N54: 8.4606644 | O54: 8.4606644 | P54: 8.4606644 | Q54: 8.4606644 | R54: 8.4606644 | S54: 8.4606644 | T54: 8.4606644 | U54: 8.4606644 | V54: 8.4606644 | W54: 8.4606644 | X54: 8.4606644 | Y54: 8.4606644 | Z54: 8.4606644 | AA54: 8.4606644 | AB54: 8.4606644 | AC54: 8.4606644 | AD54: 8.4606644 | AE54: 8.4606644 | AF54: 8.4606644 | AG54: 8.4606644 | AH54: 8.4606644 | AI54: 8.4606644 | AJ54: 8.4606644 | AK54: 8.4606644 | AL54: 8.4606644 | AM54: 8.4606644 | AN54: 8.4606644 | AO54: 8.4606644 | AP54: 8.4606644 | AQ54: 8.4606644 | AR54: 8.4606644 | AS54: 8.4606644 | AT54: 8.4606644 | AU54: 8.4606644 | AV54: 8.4606644 | AW54: 8.4606644 | AX54: 8.4606644 | AY54: 8.4606644 | AZ54: 8.4606644 | BA54: 8.4606644 | BB54: 8.4606644 | BC54: 8.4606644 | BD54: 8.4606644 | BE54: 8.4606644 | BF54: 8.4606644 | BG54: 8.4606644 | BH54: 8.4606644 | BI54: 8.4606644 | BJ54: 8.4606644 | BK54: 8.4606644 | BL54: 8.4606644 | BM54: 8.4606644 | BN54: 8.4606644 | BO54: 8.4606644 | BP54: 8.4606644 | BQ54: 8.4606644 | BR54: 8.4606644 | BS54: 8.4606644 | BT54: 8.4606644 | BU54: 8.4606644 | BV54: 8.4606644 | BW54: 8.4606644 | BX54: 8.4606644 | BY54: 8.4606644 | BZ54: 8.4606644 | CA54: 8.4606644 | CB54: 8.4606644 | CC54: 8.4606644 | CD54: 8.4606644 | CE54: 8.4606644 | CF54: 8.4606644 | CG54: 8.4606644 | CH54: 8.4606644 | CI54: 8.4606644 | CJ54: 8.4606644 | CK54: 8.4606644 | CL54: 8.4606644 | CM54: 8.4606644 | CN54: 8.4606644 | CO54: 8.4606644 | CP54: 8.4606644 | CQ54: 8.4606644 | CR54: 8.4606644 | CS54: 8.4606644 | CT54: 8.4606644 | CU54: 8.4606644 | CV54: 8.4606644 | CW54: 8.4606644 | CX54: 8.4606644 | CY54: 8.4606644 | CZ54: 8.4606644 | DA54: 8.4606644 | DB54: 8.4606644 | DC54: 8.4606644 | DD54: 8.4606644 | DE54: 8.4606644 | DF54: 8.4606644 | DG54: 8.4606644 | DH54: 8.4606644 | DI54: 8.4606644 | DJ54: 8.4606644 | DK54: 8.4606644 | DL54: 8.4606644 | DM54: 8.4606644 | DN54: 8.4606644 | DO54: 8.4606644 | DP54: 8.4606644 | DQ54: 8.4606644 | DR54: 8.4606644 | DS54: 8.4606644 | DT54: 8.4606644 | DU54: 8.4606644 | DV54: 8.4606644 | DW54: 8.4606644 | DX54: 8.4606644 | DY54: 8.4606644 | DZ54: 8.4606644 | EA54: 8.4606644 | EB54: 8.4606644 | EC54: 8.4606644 | ED54: 8.4606644 | EE54: 8.4606644 | EF54: 8.4606644 | EG54: 8.4606644 | EH54: 8.4606644 | EI54: 8.4606644 | EJ54: 8.4606644 | EK54: 8.4606644 | EL54: 8.4606644 | EM54: 8.4606644 | EN54: 8.4606644 | EO54: 8.4606644 | EP54: 8.4606644 | EQ54: 8.4606644 | ER54: 8.4606644 | ES54: 8.4606644 | ET54: 8.4606644 | EU54: 8.4606644 | EV54: 8.4606644 | EW54: 8.4606644 | EX54: 8.4606644 | EY54: 8.4606644 | EZ54: 8.4606644 | FA54: 8.4606644 | FB54: 8.4606644 | FC54: 8.4606644 | FD54: 8.4606644 | FE54: 8.4606644 | FF54: 8.4606644 | FG54: 8.4606644 | FH54: 8.4606644 | FI54: 8.4606644 | FJ54: 8.4606644 | FK54: 8.4606644 | FL54: 8.4606644 | FM54: 8.4606644 | FN54: 8.4606644 | FO54: 8.4606644 | FP54: 8.4606644 | FQ54: 8.4606644 | FR54: 8.4606644 | FS54: 8.4606644 | FT54: 8.4606644 | FU54: 8.4606644 | FV54: 8.4606644 | FW54: 8.4606644 | FX54: 8.4606644 | FY54: 8.4606644 | FZ54: 8.4606644 | GA54: 8.4606644 | GB54: 8.4606644 | GC54: 8.4606644 | GD54: 8.4606644 | GE54: 8.4606644 | GF54: 8.4606644 | GG54: 8.4606644 | GH54: 8.4606644 | GI54: 8.4606644 | GJ54: 8.4606644 | GK54: 8.4606644 | GL54: 8.4606644 | GM54: 8.4606644 | GN54: 8.4606644 | GO54: 8.4606644 | GP54: 8.4606644 | GQ54: 8.4606644 | GR54: 8.4606644 | GS54: 8.4606644 | GT54: 8.4606644
A55: 7 | B55: GL_O_D | C55: 7.2665247 | D55: 7.2665247 | E55: 7.2665247 | F55: 7.2665247 | G55: 7.2665247 | H55: 7.2665247 | I55: 7.2665247 | J55: 7.2665247 | K55: 7.2665247 | L55: 7.2665247 | M55: 7.2665247 | N55: 7.2665247 | O55: 7.2665247 | P55: 7.2665247 | Q55: 7.2665247 | R55: 7.2665247 | S55: 7.2665247 | T55: 7.2665247 | U55: 7.2665247 | V55: 7.2665247 | W55: 7.2665247 | X55: 7.2665247 | Y55: 7.2665247 | Z55: 7.2665247 | AA55: 7.2665247 | AB55: 7.2665247 | AC55: 7.2665247 | AD55: 7.2665247 | AE55: 7.2665247 | AF55: 7.2665247 | AG55: 7.2665247 | AH55: 7.2665247 | AI55: 7.2665247 | AJ55: 7.2665247 | AK55: 7.2665247 | AL55: 7.2665247 | AM55: 7.2665247 | AN55: 7.2665247 | AO55: 7.2665247 | AP55: 7.2665247 | AQ55: 7.2665247 | AR55: 7.2665247 | AS55: 7.2665247 | AT55: 7.2665247 | AU55: 7.2665247 | AV55: 7.2665247 | AW55: 7.2665247 | AX55: 7.2665247 | AY55: 7.2665247 | AZ55: 7.2665247 | BA55: 7.2665247 | BB55: 7.2665247 | BC55: 7.2665247 | BD55: 7.2665247 | BE55: 7.2665247 | BF55: 7.2665247 | BG55: 7.2665247 | BH55: 7.2665247 | BI55: 7.2665247 | BJ55: 7.2665247 | BK55: 7.2665247 | BL55: 7.2665247 | BM55: 7.2665247 | BN55: 7.2665247 | BO55: 7.2665247 | BP55: 7.2665247 | BQ55: 7.2665247 | BR55: 7.2665247 | BS55: 7.2665247 | BT55: 7.2665247 | BU55: 7.2665247 | BV55: 7.2665247 | BW55: 7.2665247 | BX55: 7.2665247 | BY55: 7.2665247 | BZ55: 7.2665247 | CA55: 7.2665247 | CB55: 7.2665247 | CC55: 7.2665247 | CD55: 7.2665247 | CE55: 7.2665247 | CF55: 7.2665247 | CG55: 7.2665247 | CH55: 7.2665247 | CI55: 7.2665247 | CJ55: 7.2665247 | CK55: 7.2665247 | CL55: 7.2665247 | CM55: 7.2665247 | CN55: 7.2665247 | CO55: 7.2665247 | CP55: 7.2665247 | CQ55: 7.2665247 | CR55: 7.2665247 | CS55: 7.2665247 | CT55: 7.2665247 | CU55: 7.2665247 | CV55: 7.2665247 | CW55: 7.2665247 | CX55: 7.2665247 | CY55: 7.2665247 | CZ55: 7.2665247 | DA55: 7.2665247 | DB55: 7.2665247 | DC55: 7.2665247 | DD55: 7.2665247 | DE55: 7.2665247 | DF55: 7.2665247 | DG55: 7.2665247 | DH55: 7.2665247 | DI55: 7.2665247 | DJ55: 7.2665247 | DK55: 7.2665247 | DL55: 7.2665247 | DM55: 7.2665247 | DN55: 7.2665247 | DO55: 7.2665247 | DP55: 7.2665247 | DQ55: 7.2665247 | DR55: 7.2665247 | DS55: 7.2665247 | DT55: 7.2665247 | DU55: 7.2665247 | DV55: 7.2665247 | DW55: 7.2665247 | DX55: 7.2665247 | DY55: 7.2665247 | DZ55: 7.2665247 | EA55: 7.2665247 | EB55: 7.2665247 | EC55: 7.2665247 | ED55: 7.2665247 | EE55: 7.2665247 | EF55: 7.2665247 | EG55: 7.2665247 | EH55: 7.2665247 | EI55: 7.2665247 | EJ55: 7.2665247 | EK55: 7.2665247 | EL55: 7.2665247 | EM55: 7.2665247 | EN55: 7.2665247 | EO55: 7.2665247 | EP55: 7.2665247 | EQ55: 7.2665247 | ER55: 7.2665247 | ES55: 7.2665247 | ET55: 7.2665247 | EU55: 7.2665247 | EV55: 7.2665247 | EW55: 7.2665247 | EX55: 7.2665247 | EY55: 7.2665247 | EZ55: 7.2665247 | FA55: 7.2665247 | FB55: 7.2665247 | FC55: 7.2665247 | FD55: 7.2665247 | FE55: 7.2665247 | FF55: 7.2665247 | FG55: 7.2665247 | FH55: 7.2665247 | FI55: 7.2665247 | FJ55: 7.2665247 | FK55: 7.2665247 | FL55: 7.2665247 | FM55: 7.2665247 | FN55: 7.2665247 | FO55: 7.2665247 | FP55: 7.2665247 | FQ55: 7.2665247 | FR55: 7.2665247 | FS55: 7.2665247 | FT55: 7.2665247 | FU55: 7.2665247 | FV55: 7.2665247 | FW55: 7.2665247 | FX55: 7.2665247 | FY55: 7.2665247 | FZ55: 7.2665247 | GA55: 7.2665247 | GB55: 7.2665247 | GC55: 7.2665247 | GD55: 7.2665247 | GE55: 7.2665247 | GF55: 7.2665247 | GG55: 7.2665247 | GH55: 7.2665247 | GI55: 7.2665247 | GJ55: 7.2665247 | GK55: 7.2665247 | GL55: 7.2665247 | GM55: 7.2665247 | GN55: 7.2665247 | GO55: 7.2665247 | GP55: 7.2665247 | GQ55: 7.2665247 | GR55: 7.2665247 | GS55: 7.2665247 | GT55: 7.2665247
A56: 8 | B56: CL_M_D | C56: 0 | D56: 0 | E56: 0 | F56: 0 | G56: 0 | H56: 0 | I56: 0 | J56: 0 | K56: 0 | L56: 0 | M56: 0 | N56: 0 | O56: 0 | P56: 0 | Q56: 0 | R56: 0 | S56: 0 | T56: 0 | U56: 0 | V56: 0 | W56: 0 | X56: 0 | Y56: 0 | Z56: 0 | AA56: 0 | AB56: 0 | AC56: 0 | AD56: 0 | AE56: 0 | AF56: 0 | AG56: 0 | AH56: 0 | AI56: 0 | AJ56: 0 | AK56: 0 | AL56: 0 | AM56: 0 | AN56: 0 | AO56: 0 | AP56: 0 | AQ56: 0 | AR56: 0 | AS56: 0 | AT56: 0 | AU56: 0 | AV56: 0 | AW56: 0 | AX56: 0 | AY56: 0 | AZ56: 0 | BA56: 0 | BB56: 0 | BC56: 0 | BD56: 0 | BE56: 0 | BF56: 0 | BG56: 0 | BH56: 0 | BI56: 0 | BJ56: 0 | BK56: 0 | BL56: 0 | BM56: 0 | BN56: 0 | BO56: 0 | BP56: 0 | BQ56: 0 | BR56: 0 | BS56: 0 | BT56: 0 | BU56: 0 | BV56: 0 | BW56: 0 | BX56: 0 | BY56: 0 | BZ56: 0 | CA56: 0 | CB56: 0 | CC56: 0 | CD56: 0 | CE56: 0 | CF56: 0 | CG56: 0 | CH56: 0 | CI56: 0 | CJ56: 0 | CK56: 0 | CL56: 0 | CM56: 0 | CN56: 0 | CO56: 0 | CP56: 0 | CQ56: 0 | CR56: 0 | CS56: 0 | CT56: 0 | CU56: 0 | CV56: 0 | CW56: 0 | CX56: 0 | CY56: 0 | CZ56: 0 | DA56: 0 | DB56: 0 | DC56: 0 | DD56: 0 | DE56: 0 | DF56: 0 | DG56: 0 | DH56: 0 | DI56: 0 | DJ56: 0 | DK56: 0 | DL56: 0 | DM56: 0 | DN56: 0 | DO56: 0 | DP56: 0 | DQ56: 0 | DR56: 0 | DS56: 0 | DT56: 0 | DU56: 0 | DV56: 0 | DW56: 0 | DX56: 0 | DY56: 0 | DZ56: 0 | EA56: 0 | EB56: 0 | EC56: 0 | ED56: 0 | EE56: 0 | EF56: 0 | EG56: 0 | EH56: 0 | EI56: 0 | EJ56: 0 | EK56: 0 | EL56: 0 | EM56: 0 | EN56: 0 | EO56: 0 | EP56: 0 | EQ56: 0 | ER56: 0 | ES56: 0 | ET56: 0 | EU56: 0 | EV56: 0 | EW56: 0 | EX56: 0 | EY56: 0 | EZ56: 0 | FA56: 0 | FB56: 0 | FC56: 0 | FD56: 0 | FE56: 0 | FF56: 0 | FG56: 0 | FH56: 0 | FI56: 0 | FJ56: 0 | FK56: 0 | FL56: 0 | FM56: 0 | FN56: 0 | FO56: 0 | FP56: 0 | FQ56: 0 | FR56: 0 | FS56: 0 | FT56: 0 | FU56: 0 | FV56: 0 | FW56: 0 | FX56: 0 | FY56: 0 | FZ56: 0 | GA56: 0 | GB56: 0 | GC56: 0 | GD56: 0 | GE56: 0 | GF56: 0 | GG56: 0 | GH56: 0 | GI56: 0 | GJ56: 0 | GK56: 0 | GL56: 0 | GM56: 0 | GN56: 0 | GO56: 0 | GP56: 0 | GQ56: 0 | GR56: 0 | GS56: 0 | GT56: 0
A57: 9 | B57: GL_M_D | C57: 0 | D57: 0 | E57: 0 | F57: 0 | G57: 0 | H57: 0 | I57: 0 | J57: 0 | K57: 0 | L57: 0 | M57: 0 | N57: 0 | O57: 0 | P57: 0 | Q57: 0 | R57: 0 | S57: 0 | T57: 0 | U57: 0 | V57: 0 | W57: 0 | X57: 0 | Y57: 0 | Z57: 0 | AA57: 0 | AB57: 0 | AC57: 0 | AD57: 0 | AE57: 0 | AF57: 0 | AG57: 0 | AH57: 0 | AI57: 0 | AJ57: 0 | AK57: 0 | AL57: 0 | AM57: 0 | AN57: 0 | AO57: 0 | AP57: 0 | AQ57: 0 | AR57: 0 | AS57: 0 | AT57: 0 | AU57: 0 | AV57: 0 | AW57: 0 | AX57: 0 | AY57: 0 | AZ57: 0 | BA57: 0 | BB57: 0 | BC57: 0 | BD57: 0 | BE57: 0 | BF57: 0 | BG57: 0 | BH57: 0 | BI57: 0 | BJ57: 0 | BK57: 0 | BL57: 0 | BM57: 0 | BN57: 0 | BO57: 0 | BP57: 0 | BQ57: 0 | BR57: 0 | BS57: 0 | BT57: 0 | BU57: 0 | BV57: 0 | BW57: 0 | BX57: 0 | BY57: 0 | BZ57: 0 | CA57: 0 | CB57: 0 | CC57: 0 | CD57: 0 | CE57: 0 | CF57: 0 | CG57: 0 | CH57: 0 | CI57: 0 | CJ57: 0 | CK57: 0 | CL57: 0 | CM57: 0 | CN57: 0 | CO57: 0 | CP57: 0 | CQ57: 0 | CR57: 0 | CS57: 0 | CT57: 0 | CU57: 0 | CV57: 0 | CW57: 0 | CX57: 0 | CY57: 0 | CZ57: 0 | DA57: 0 | DB57: 0 | DC57: 0 | DD57: 0 | DE57: 0 | DF57: 0 | DG57: 0 | DH57: 0 | DI57: 0 | DJ57: 0 | DK57: 0 | DL57: 0 | DM57: 0 | DN57: 0 | DO57: 0 | DP57: 0 | DQ57: 0 | DR57: 0 | DS57: 0 | DT57: 0 | DU57: 0 | DV57: 0 | DW57: 0 | DX57: 0 | DY57: 0 | DZ57: 0 | EA57: 0 | EB57: 0 | EC57: 0 | ED57: 0 | EE57: 0 | EF57: 0 | EG57: 0 | EH57: 0 | EI57: 0 | EJ57: 0 | EK57: 0 | EL57: 0 | EM57: 0 | EN57: 0 | EO57: 0 | EP57: 0 | EQ57: 0 | ER57: 0 | ES57: 0 | ET57: 0 | EU57: 0 | EV57: 0 | EW57: 0 | EX57: 0 | EY57: 0 | EZ57: 0 | FA57: 0 | FB57: 0 | FC57: 0 | FD57: 0 | FE57: 0 | FF57: 0 | FG57: 0 | FH57: 0 | FI57: 0 | FJ57: 0 | FK57: 0 | FL57: 0 | FM57: 0 | FN57: 0 | FO57: 0 | FP57: 0 | FQ57: 0 | FR57: 0 | FS57: 0 | FT57: 0 | FU57: 0 | FV57: 0 | FW57: 0 | FX57: 0 | FY57: 0 | FZ57: 0 | GA57: 0 | GB57: 0 | GC57: 0 | GD57: 0 | GE57: 0 | GF57: 0 | GG57: 0 | GH57: 0 | GI57: 0 | GJ57: 0 | GK57: 0 | GL57: 0 | GM57: 0 | GN57: 0 | GO57: 0 | GP57: 0 | GQ57: 0 | GR57: 0 | GS57: 0 | GT57: 0
A58: 10 | B58: WL_O_W | C58: 8.4751788 | D58: 8.4751788 | E58: 8.4751788 | F58: 8.4751788 | G58: 8.4751788 | H58: 8.4751788 | I58: 8.4751788 | J58: 8.4751788 | K58: 8.4751788 | L58: 8.4751788 | M58: 8.4751788 | N58: 8.4751788 | O58: 8.4751788 | P58: 8.4751788 | Q58: 8.4751788 | R58: 8.4751788 | S58: 8.4751788 | T58: 8.4751788 | U58: 8.4751788 | V58: 8.4751788 | W58: 8.4751788 | X58: 8.4751788 | Y58: 8.4751788 | Z58: 8.4751788 | AA58: 8.4751788 | AB58: 8.4751788 | AC58: 8.4751788 | AD58: 8.4751788 | AE58: 8.4751788 | AF58: 8.4751788 | AG58: 8.4751788 | AH58: 8.4751788 | AI58: 8.4751788 | AJ58: 8.4751788 | AK58: 8.4751788 | AL58: 8.4751788 | AM58: 8.4751788 | AN58: 8.4751788 | AO58: 8.4751788 | AP58: 8.4751788 | AQ58: 8.4751788 | AR58: 8.4751788 | AS58: 8.4751788 | AT58: 8.4751788 | AU58: 8.4751788 | AV58: 8.4751788 | AW58: 8.4751788 | AX58: 8.4751788 | AY58: 8.4751788 | AZ58: 8.4751788 | BA58: 8.4751788 | BB58: 8.4751788 | BC58: 8.4751788 | BD58: 8.4751788 | BE58: 8.4751788 | BF58: 8.4751788 | BG58: 8.4751788 | BH58: 8.4751788 | BI58: 8.4751788 | BJ58: 8.4751788 | BK58: 8.4751788 | BL58: 8.4751788 | BM58: 8.4751788 | BN58: 8.4751788 | BO58: 8.4751788 | BP58: 8.4751788 | BQ58: 8.4751788 | BR58: 8.4751788 | BS58: 8.4751788 | BT58: 8.4751788 | BU58: 8.4751788 | BV58: 8.4751788 | BW58: 8.4751788 | BX58: 8.4751788 | BY58: 8.4751788 | BZ58: 8.4751788 | CA58: 8.4751788 | CB58: 8.4751788 | CC58: 8.4751788 | CD58: 8.4751788 | CE58: 8.4751788 | CF58: 8.4751788 | CG58: 8.4751788 | CH58: 8.4751788 | CI58: 8.4751788 | CJ58: 8.4751788 | CK58: 8.4751788 | CL58: 8.4751788 | CM58: 8.4751788 | CN58: 8.4751788 | CO58: 8.4751788 | CP58: 8.4751788 | CQ58: 8.4751788 | CR58: 8.4751788 | CS58: 8.4751788 | CT58: 8.4751788 | CU58: 8.4751788 | CV58: 8.4751788 | CW58: 8.4751788 | CX58: 8.4751788 | CY58: 8.4751788 | CZ58: 8.4751788 | DA58: 8.4751788 | DB58: 8.4751788 | DC58: 8.4751788 | DD58: 8.4751788 | DE58: 8.4751788 | DF58: 8.4751788 | DG58: 8.4751788 | DH58: 8.4751788 | DI58: 8.4751788 | DJ58: 8.4751788 | DK58: 8.4751788 | DL58: 8.4751788 | DM58: 8.4751788 | DN58: 8.4751788 | DO58: 8.4751788 | DP58: 8.4751788 | DQ58: 8.4751788 | DR58: 8.4751788 | DS58: 8.4751788 | DT58: 8.4751788 | DU58: 8.4751788 | DV58: 8.4751788 | DW58: 8.4751788 | DX58: 8.4751788 | DY58: 8.4751788 | DZ58: 8.4751788 | EA58: 8.4751788 | EB58: 8.4751788 | EC58: 8.4751788 | ED58: 8.4751788 | EE58: 8.4751788 | EF58: 8.4751788 | EG58: 8.4751788 | EH58: 8.4751788 | EI58: 8.4751788 | EJ58: 8.4751788 | EK58: 8.4751788 | EL58: 8.4751788 | EM58: 8.4751788 | EN58: 8.4751788 | EO58: 8.4751788 | EP58: 8.4751788 | EQ58: 8.4751788 | ER58: 8.4751788 | ES58: 8.4751788 | ET58: 8.4751788 | EU58: 8.4751788 | EV58: 8.4751788 | EW58: 8.4751788 | EX58: 8.4751788 | EY58: 8.4751788 | EZ58: 8.4751788 | FA58: 8.4751788 | FB58: 8.4751788 | FC58: 8.4751788 | FD58: 8.4751788 | FE58: 8.4751788 | FF58: 8.4751788 | FG58: 8.4751788 | FH58: 8.4751788 | FI58: 8.4751788 | FJ58: 8.4751788 | FK58: 8.4751788 | FL58: 8.4751788 | FM58: 8.4751788 | FN58: 8.4751788 | FO58: 8.4751788 | FP58: 8.4751788 | FQ58: 8.4751788 | FR58: 8.4751788 | FS58: 8.4751788 | FT58: 8.4751788 | FU58: 8.4751788 | FV58: 8.4751788 | FW58: 8.4751788 | FX58: 8.4751788 | FY58: 8.4751788 | FZ58: 8.4751788 | GA58: 8.4751788 | GB58: 8.4751788 | GC58: 8.4751788 | GD58: 8.4751788 | GE58: 8.4751788 | GF58: 8.4751788 | GG58: 8.4751788 | GH58: 8.4751788 | GI58: 8.4751788 | GJ58: 8.4751788 | GK58: 8.4751788 | GL58: 8.4751788 | GM58: 8.4751788 | GN58: 8.4751788 | GO58: 8.4751788 | GP58: 8.4751788 | GQ58: 8.4751788 | GR58: 8.4751788 | GS58: 8.4751788 | GT58: 8.4751788
A59: 11 | B59: AF_O_D_S | C59: 0.36108426 | D59: -0.31603624 | E59: 0.43180039 | F59: 0.53442623 | G59: 0.66269882 | H59: 0.81322583 | I59: 0.98024895 | J59: 1.1562516 | K59: 1.3325467 | L59: 1.4997382 | M59: -3.2462075 | N59: -4.0919143 | O59: -5.1463147 | P59: -5.8344401 | Q59: -6.3828081 | R59: -7.8775029 | S59: -9.3787556 | T59: -10.866631 | U59: -12.321625 | V59: -13.726564 | W59: -15.06749 | X59: -16.334049 | Y59: 4.6403845 | Z59: -8.7024533 | AA59: -10.721316 | AB59: -11.925186 | AC59: -13.009059 | AD59: -13.990017 | AE59: -14.881075 | AF59: -15.692812 | AG59: -16.434494 | AH59: -17.114861 | AI59: 15.327269 | AJ59: -9.3813321 | AK59: -10.077225 | AL59: -10.928662 | AM59: -11.663692 | AN59: -12.307912 | AO59: -12.880532 | AP59: -13.3964 | AQ59: -13.867432 | AR59: -14.303614 | AS59: -14.713704 | AT59: -15.105729 | AU59: -15.487322 | AV59: -15.865962 | AW59: 30.706959 | AX59: -7.8390322 | AY59: -7.2278837 | AZ59: -8.1808135 | BA59: -8.9374416 | BB59: -9.5534934 | BC59: -10.069189 | BD59: -10.513831 | BE59: -10.983671 | BF59: -11.446999 | BG59: -11.890291 | BH59: -12.323116 | BI59: -12.753235 | BJ59: -13.18717 | BK59: 0.21948585 | BL59: 149.89288 | BM59: 11.573408 | BN59: 11.028882 | BO59: 10.628033 | BP59: 10.335919 | BQ59: 10.126416 | BR59: 9.9776508 | BS59: 9.8706746 | BT59: 9.788677 | BU59: 9.716481 | BV59: 4.7459288 | BW59: 3.6874451 | BX59: 2.4299757 | BY59: 1.5469554 | BZ59: 0.81074939 | CA59: -0.86554868 | CB59: -2.5427823 | CC59: -4.2014797 | CD59: -5.8224942 | CE59: -7.388934 | CF59: -8.8870673 | CG59: -10.306729 | CH59: 10.518547 | CI59: -2.9696427 | CJ59: -5.1301747 | CK59: -6.4721443 | CL59: -7.6906505 | CM59: -8.802871 | CN59: -9.8219142 | CO59: -10.758444 | CP59: -11.621811 | CQ59: -12.420835 | CR59: 19.905588 | CS59: -4.9158447 | CT59: -5.7217659 | CU59: -6.6804995 | CV59: -7.5201624 | CW59: -8.2664189 | CX59: -8.9385435 | CY59: -9.5514482 | CZ59: -10.11711 | DA59: -10.645575 | DB59: -11.145661 | DC59: -11.625451 | DD59: -12.092634 | DE59: -12.554743 | DF59: 33.936777 | DG59: -4.6885993 | DH59: -4.1548698 | DI59: -5.1833014 | DJ59: -6.0135623 | DK59: -6.7014242 | DL59: -7.2871523 | DM59: -7.8000943 | DN59: -8.3365448 | DO59: -8.8648349 | DP59: -9.3714827 | DQ59: -9.8660963 | DR59: -10.356477 | DS59: -10.849183 | DT59: 2.500153 | DU59: 152.11765 | DV59: 13.743651 | DW59: 13.145951 | DX59: 12.69324 | DY59: 12.350545 | DZ59: 12.09171 | EA59: 11.894831 | EB59: 11.740928 | EC59: 11.613162 | ED59: 11.496327 | EE59: 6.4822365 | EF59: 5.3812884 | EG59: 4.0824019 | EH59: 3.1589855 | EI59: 2.3833792 | EJ59: 0.66865187 | EK59: -1.0460641 | EL59: -2.7413203 | EM59: -4.3979931 | EN59: -5.999213 | EO59: -7.53127 | EP59: -8.9840198 | EQ59: 11.808982 | ER59: -1.7106877 | ES59: -3.901925 | ET59: -5.2738445 | EU59: -6.5215639 | EV59: -7.6622792 | EW59: -8.4124482 | EX59: -9.3760891 | EY59: -10.265901 | EZ59: -11.090719 | FA59: 21.210542 | FB59: -3.6354334 | FC59: -4.4652949 | FD59: -5.447381 | FE59: -6.3098232 | FF59: -7.0782998 | FG59: -7.7720992 | FH59: -8.406147 | FI59: -8.9924335 | FJ59: -9.541017 | FK59: -10.060728 | FL59: -10.559662 | FM59: -11.04552 | FN59: -11.525846 | FO59: 34.947902 | FP59: -3.6948094 | FQ59: -3.1779909 | FR59: -4.2229196 | FS59: -5.0692736 | FT59: -5.7728347 | FU59: -6.3738779 | FV59: -6.9017602 | FW59: -7.4527857 | FX59: -7.9952941 | FY59: -8.5158128 | FZ59: -9.0239581 | GA59: -9.5275395 | GB59: -10.033125 | GC59: 3.303648 | GD59: 152.90888 | GE59: 14.522931 | GF59: 13.913565 | GG59: 13.449474 | GH59: 13.095676 | GI59: 12.826008 | GJ59: 12.618562 | GK59: 12.454349 | GL59: 12.316524 | GM59: 12.189875 | GN59: 7.1662099 | GO59: 6.0559207 | GP59: 4.7479206 | GQ59: 3.8156127 | GR59: 3.0313313 | GS59: 1.3081402 | GT59: -0.41483361
A60: 12 | B60: AF_O_D_S_Ash | C60: 0.36108426 | D60: -0.31603624 | E60: 0.43180039 | F60: 0.53442623 | G60: 0.66269882 | H60: 0.81322583 | I60: 0.98024895 | J60: 1.1562516 | K60: 1.3325467 | L60: 1.4997382 | M60: -3.2462075 | N60: -4.0919143 | O60: -5.1463147 | P60: -5.8344401 | Q60: -6.3828081 | R60: -7.8775029 | S60: -9.3787556 | T60: -10.866631 | U60: -12.321625 | V60: -13.726564 | W60: -15.06749 | X60: -16.334049 | Y60: -17.519631 | Z60: -18.621378 | AA60: 10.057883 | AB60: -8.9826782 | AC60: -10.657206 | AD60: -11.824858 | AE60: -12.855344 | AF60: -13.773126 | AG60: -14.596648 | AH60: -15.34045 | AI60: -16.016648 | AJ60: -16.635977 | AK60: -17.208502 | AL60: -17.744119 | AM60: -18.252891 | AN60: -18.745279 | AO60: -19.232287 | AP60: 20.022592 | AQ60: -13.893963 | AR60: -14.865451 | AS60: -15.660128 | AT60: -16.32857 | AU60: -16.909346 | AV60: -17.43273 | AW60: -17.923319 | AX60: -18.401875 | AY60: -18.760648 | AZ60: -18.900542 | BA60: -19.027313 | BB60: -19.136037 | BC60: 24.614592 | BD60: -12.154853 | BE60: -11.875463 | BF60: -13.057867 | BG60: -14.057567 | BH60: -14.634617 | BI60: -14.943676 | BJ60: -15.174548 | BK60: 0.81500861 | BL60: 165.07361 | BM60: 10.797082 | BN60: 11.230714 | BO60: 11.038428 | BP60: 10.887244 | BQ60: 10.771008 | BR60: 10.681967 | BS60: 10.611151 | BT60: 10.548801 | BU60: 10.484724 | BV60: 5.5142814 | BW60: 4.4503836 | BX60: 3.1837304 | BY60: 2.2889931 | BZ60: 1.5394082 | CA60: -0.15131784 | CB60: -1.8435984 | CC60: -3.5176606 | CD60: -5.1541479 | CE60: -6.736023 | CF60: -8.2494541 | CG60: -9.6842077 | CH60: -11.033789 | CI60: -12.295449 | CJ60: 16.22788 | CK60: -2.9647347 | CL60: -4.7875356 | CM60: -6.0997761 | CN60: -7.2712584 | CO60: -8.3265362 | CP60: -9.2841404 | CQ60: -10.158696 | CR60: -10.962404 | CS60: -11.70608 | CT60: -12.399867 | CU60: -13.053739 | CV60: -13.677835 | CW60: -14.282687 | CX60: -14.879372 | CY60: 24.268547 | CZ60: -9.752318 | DA60: -10.825532 | DB60: -11.719415 | DC60: -12.484608 | DD60: -13.159738 | DE60: -13.775142 | DF60: -14.355473 | DG60: -14.921551 | DH60: -15.365681 | DI60: -15.58882 | DJ60: -15.796777 | DK60: -15.98468 | DL60: 27.688726 | DM60: -9.1560325 | DN60: -8.9500947 | DO60: -10.204137 | DP60: -11.273704 | DQ60: -11.918897 | DR60: -12.294416 | DS60: -12.590107 | DT60: 3.3362304 | DU60: 167.53318 | DV60: 13.196506 | DW60: 13.571484 | DX60: 13.321991 | DY60: 13.115009 | DZ60: 12.944352 | EA60: 12.802232 | EB60: 12.679644 | EC60: 12.566798 | ED60: 12.453468 | EE60: 7.4349866 | EF60: 6.3242328 | EG60: 5.011877 | EH60: 4.0725621 | EI60: 3.2794967 | EJ60: 1.54636 | EK60: -0.1872879 | EL60: -1.9017 | EM60: -3.5775449 | EN60: -5.1978101 | EO60: -6.7486876 | EP60: -8.2199674 | EQ60: -9.6051776 | ER60: -10.901591 | ES60: 17.587838 | ET60: -1.637844 | EU60: -3.4929007 | EV60: -4.8366053 | EW60: -5.7421109 | EX60: -6.8273276 | EY60: -7.8141364 | EZ60: -8.7171802 | FA60: -9.5486786 | FB60: -10.319463 | FC60: -11.039694 | FD60: -11.719363 | FE60: -12.368623 | FF60: -12.998023 | FG60: -13.618655 | FH60: 25.505904 | FI60: -8.53775 | FJ60: -9.633195 | FK60: -10.548766 | FL60: -11.335115 | FM60: -12.030885 | FN60: -12.666423 | FO60: -13.266397 | FP60: -13.851638 | FQ60: -14.314462 | FR60: -14.555839 | FS60: -14.781589 | FT60: -14.986849 | FU60: 28.669623 | FV60: -8.1916567 | FW60: -8.0018367 | FX60: -9.2716032 | FY60: -10.356512 | FZ60: -11.016671 | GA60: -11.406793 | GB60: -11.71673 | GC60: 4.195708 | GD60: 168.37909 | GE60: 14.029193 | GF60: 14.391263 | GG60: 14.129176 | GH60: 13.909907 | GI60: 13.727261 | GJ60: 13.573444 | GK60: 13.439443 | GL60: 13.315462 | GM60: 13.191269 | GN60: 8.1621869 | GO60: 7.0410904 | GP60: 5.7186432 | GQ60: 4.769482 | GR60: 3.9668094 | GS60: 2.2242986 | GT60: 0.48150411
A61: 13 | B61: AF_O_W_S | C61: 0.70331617 | D61: 0.34940438 | E61: 1.1838319 | F61: 1.2555921 | G61: 1.3261201 | H61: 1.3995915 | I61: 1.4781834 | J61: 1.5629993 | K61: 1.6545174 | L61: 1.7528228 | M61: 1.8577384 | N61: 1.9689018 | O61: 0.067096585 | P61: 0.31799901 | Q61: 0.61096292 | R61: 0.89028186 | S61: 1.3328305 | T61: 1.4058058 | U61: 1.4478638 | V61: 1.4559082 | W61: 1.4291241 | X61: 1.3680419 | Y61: 0.45974908 | Z61: 0.31339594 | AA61: 0.43869991 | AB61: 0.006742173 | AC61: -0.45863872 | AD61: -0.95244746 | AE61: -1.4696254 | AF61: -2.0051903 | AG61: -2.5543355 | AH61: -3.1125031 | AI61: -3.6754363 | AJ61: -4.2392185 | AK61: -4.8003015 | AL61: -5.3555256 | AM61: -5.9021334 | AN61: -6.4377786 | AO61: -6.9605306 | AP61: -7.4688766 | AQ61: -7.9617197 | AR61: -8.4383763 | AS61: -8.8985702 | AT61: -9.3424264 | AU61: 6.9127345 | AV61: -2.0826175 | AW61: -3.4467828 | AX61: -4.1458247 | AY61: -4.7524648 | AZ61: -5.289912 | BA61: -5.7746597 | BB61: -6.2185033 | BC61: -6.6299653 | BD61: -7.015301 | BE61: -7.3792082 | BF61: -7.7253264 | BG61: -8.0565886 | BH61: -8.3754673 | BI61: -8.6841469 | BJ61: -8.9846435 | BK61: -9.278887 | BL61: 16.239158 | BM61: -2.3990188 | BN61: -2.7293992 | BO61: -3.3589203 | BP61: -3.8811481 | BQ61: -4.3252653 | BR61: -4.71207 | BS61: -5.0564454 | BT61: -5.3691056 | BU61: -5.6578288 | BV61: -5.9283286 | BW61: -6.1848687 | BX61: -6.4306966 | BY61: -6.6683499 | BZ61: -6.899871 | CA61: -7.1269586 | CB61: -7.3510737 | CC61: -7.5735135 | CD61: -7.795463 | CE61: 1.1163941 | CF61: 129.21918 | CG61: 14.472916 | CH61: 12.760639 | CI61: 11.511604 | CJ61: 10.596848 | CK61: 9.9235577 | CL61: 9.4252968 | CM61: 9.0546204 | CN61: 8.7776473 | CO61: 8.5701374 | CP61: 8.4146838 | CQ61: 8.2987129 | CR61: 6.1943458 | CS61: 6.2611069 | CT61: 6.3839736 | CU61: 6.5041196 | CV61: 6.7961884 | CW61: 6.7257754 | CX61: 6.6303801 | CY61: 6.5060656 | CZ61: 6.3514003 | DA61: 6.1664563 | DB61: 5.137976 | DC61: 4.8748446 | DD61: 4.886572 | DE61: 4.3440728 | DF61: 3.7710485 | DG61: 3.1723786 | DH61: 2.5530217 | DI61: 1.9178714 | DJ61: 1.2716541 | DK61: 0.61885425 | DL61: -0.036340102 | DM61: -0.69007699 | DN61: -1.3388696 | DO61: -1.9796171 | DP61: -2.6096185 | DQ61: -3.226582 | DR61: -3.82863 | DS61: -4.4143006 | DT61: -4.9825468 | DU61: -5.5327332 | DV61: -6.0646307 | DW61: -6.5784099 | DX61: 9.608564 | DY61: 0.54671761 | DZ61: -0.88229188 | EA61: -1.6445689 | EB61: -2.3128751 | EC61: -2.9104587 | ED61: -3.4538512 | EE61: -3.9548852 | EF61: -4.4221194 | EG61: -4.8618446 | EH61: -5.2787929 | EI61: -5.6766376 | EJ61: -6.0583443 | EK61: -6.4264175 | EL61: -6.7830728 | EM61: -7.1303566 | EN61: -7.4702284 | EO61: 18.003318 | EP61: -0.67825481 | EQ61: -1.0509572 | ER61: -1.7217525 | ES61: -2.2842329 | ET61: -2.7676066 | EU61: -3.1926963 | EV61: -3.5744095 | EW61: -3.6268152 | EX61: -3.951052 | EY61: -4.256187 | EZ61: -4.5465058 | FA61: -4.8252774 | FB61: -5.0950599 | FC61: -5.3579161 | FD61: -5.6155645 | FE61: -5.8694852 | FF61: -6.1209943 | FG61: -6.3712951 | FH61: 2.5129111 | FI61: 130.58872 | FJ61: 15.816162 | FK61: 14.078232 | FL61: 12.804178 | FM61: 11.86502 | FN61: 11.167929 | FO61: 10.646455 | FP61: 10.253139 | FQ61: 9.9540835 | FR61: 9.7250363 | FS61: 9.5485765 | FT61: 9.4121171 | FU61: 7.2877667 | FV61: 7.3350368 | FW61: 7.4388929 | FX61: 7.5404967 | FY61: 7.8144801 | FZ61: 7.726427 | GA61: 7.6138261 | GB61: 7.4727296 | GC61: 7.3016954 | GD61: 7.1007856 | GE61: 6.0567322 | GF61: 5.778411 | GG61: 5.7753224 | GH61: 5.2183715 | GI61: 4.631251 | GJ61: 4.0188315 | GK61: 3.386063 | GL61: 2.7378309 | GM61: 2.0788533 | GN61: 1.4136066 | GO61: 0.74627134 | GP61: 0.080691766 | GQ61: -0.57965269 | GR61: -1.2316683 | GS61: -1.8726611 | GT61: -2.5003463
A62: 14 | B62: AF_M_W_S | C62: -1.6899173 | D62: -2.0719996 | E62: -1.2795814 | F62: -1.263415 | G62: -1.2617452 | H62: -1.2700131 | I62: -1.2855964 | J62: -1.3068868 | K62: -1.3328451 | L62: -1.3627705 | M62: -1.3961741 | N62: -1.4327049 | O62: -3.8961591 | P62: -4.231606 | Q62: -4.5082678 | R62: -4.7571375 | S62: -4.7888084 | T62: -5.1312828 | U62: -5.4455948 | V62: -5.7369361 | W62: -6.0093682 | X62: -6.2660423 | Y62: -7.3739013 | Z62: -7.635805 | AA62: -7.5514944 | AB62: -7.9585025 | AC62: -8.3409183 | AD62: -8.7010841 | AE62: -9.0407498 | AF62: -9.3612493 | AG62: -9.6636229 | AH62: -9.9487033 | AI62: -10.217177 | AJ62: -10.469626 | AK62: -10.706564 | AL62: -10.928454 | AM62: -11.135727 | AN62: -11.328793 | AO62: -11.50805 | AP62: -11.673891 | AQ62: -11.826703 | AR62: -11.966876 | AS62: -12.094797 | AT62: -12.210859 | AU62: 1.7548914 | AV62: -6.9587607 | AW62: -8.0408586 | AX62: -8.4585363 | AY62: -8.7854052 | AZ62: -9.0453716 | BA62: -9.2554367 | BB62: -9.4277185 | BC62: -9.5708806 | BD62: -9.6911436 | BE62: -9.7929989 | BF62: -9.879714 | BG62: -9.9536893 | BH62: -10.01671 | BI62: -10.070127 | BJ62: -10.114977 | BK62: -10.152078 | BL62: 12.671894 | BM62: -5.7476805 | BN62: -5.8619218 | BO62: -6.2778111 | BP62: -6.5888789 | BQ62: -6.8242041 | BR62: -7.0044153 | BS62: -7.1441641 | BT62: -7.2538738 | BU62: -7.3409763 | BV62: -7.4107865 | BW62: -7.4671205 | BX62: -7.5127328 | BY62: -7.5496254 | BZ62: -7.5792669 | CA62: -7.6027465 | CB62: -7.6208836 | CC62: -7.6343052 | CD62: -7.6435007 | CE62: 1.4855644 | CF62: 126.82594 | CG62: 12.051512 | CH62: 10.297225 | CI62: 8.9925969 | CJ62: 8.0089827 | CK62: 7.2539531 | CL62: 6.661517 | CM62: 6.1847342 | CN62: 5.7902849 | CO62: 5.4545441 | CP62: 5.1607713 | CQ62: 4.8971062 | CR62: 2.2310901 | CS62: 1.7115019 | CT62: 1.2647429 | CU62: 0.85670027 | CV62: 0.67454954 | CW62: 0.18868677 | CX62: -0.26307854 | CY62: -0.68677865 | CZ62: -1.087092 | DA62: -1.4676278 | DB62: -2.6956744 | DC62: -3.0743563 | DD62: -3.1036222 | DE62: -3.6211719 | DF62: -4.1112311 | DG62: -4.576258 | DH62: -5.0181026 | DI62: -5.4381876 | DJ62: -5.8376333 | DK62: -6.217346 | DL62: -6.5780806 | DM62: -6.9204849 | DN62: -7.2451324 | DO62: -7.5525455 | DP62: -7.8432116 | DQ62: -8.117596 | DR62: -8.3761495 | DS62: -8.6193148 | DT62: -8.8475303 | DU62: -9.0612325 | DV62: -9.2608578 | DW62: -9.4468428 | DX62: 4.4507209 | DY62: -4.3294256 | DZ62: -5.4763677 | EA62: -5.9572804 | EB62: -6.3458155 | EC62: -6.6659183 | ED62: -6.9346282 | EE62: -7.1641003 | EF62: -7.3630347 | EG62: -7.5376872 | EH62: -7.6925837 | EI62: -7.8310252 | EJ62: -7.955445 | EK62: -8.0676607 | EL62: -8.1690527 | EM62: -8.2606898 | EN62: -8.343419 | EO62: 14.436055 | EP62: -4.0269165 | EQ62: -4.1834798 | ER62: -4.6406433 | ES62: -4.9919637 | ET62: -5.2665453 | EU62: -5.4850416 | EV62: -5.6621282 | EW62: -5.5115834 | EX62: -5.6341995 | EY62: -5.7386449 | EZ62: -5.8287576 | FA62: -5.9073135 | FB62: -5.9763354 | FC62: -6.0373121 | FD62: -6.0913524 | FE62: -6.1392951 | FF62: -6.181786 | FG62: -6.2193327 | FH62: 2.8820814 | FI62: 128.19549 | FJ62: 13.394758 | FK62: 11.614819 | FL62: 10.285171 | FM62: 9.2771543 | FN62: 8.4983246 | FO62: 7.8826755 | FP62: 7.3832524 | FQ62: 6.9667211 | FR62: 6.6094431 | FS62: 6.294664 | FT62: 6.0105104 | FU62: 3.324511 | FV62: 2.7854318 | FW62: 2.3196622 | FX62: 1.8930774 | FY62: 1.6928411 | FZ62: 1.1893384 | GA62: 0.72036745 | GB62: 0.27988536 | GC62: -0.1367968 | GD62: -0.5332986 | GE62: -1.7769181 | GF62: -2.1707899 | GG62: -2.2148719 | GH62: -2.7468732 | GI62: -3.2510286 | GJ62: -3.7298051 | GK62: -4.1850613 | GL62: -4.6182281 | GM62: -5.0304341 | GN62: -5.4225936 | GO62: -5.7954691 | GP62: -6.1497161 | GQ62: -6.4859155 | GR62: -6.8045966 | GS62: -7.1062542 | GT62: -7.3913602
A63: 15 | B63: AF_M_D_S | C63: -1.8558286 | D63: -2.6335427 | E63: -2.0502532 | F63: -2.1719032 | G63: -2.3220385 | H63: -2.4972152 | I63: -2.6952761 | J63: -2.9149301 | K63: -3.1553728 | L63: -3.4160533 | M63: -9.3135973 | N63: -11.072593 | O63: -12.7042 | P63: -13.618621 | Q63: -14.126313 | R63: -15.386283 | S63: -16.512626 | T63: -17.526877 | U63: -18.442129 | V63: -19.266914 | W63: -20.007273 | X63: -20.667895 | Y63: -1.4824909 | Z63: -14.366161 | AA63: -15.909396 | AB63: -16.629602 | AC63: -17.228442 | AD63: -17.727952 | AE63: -18.14445 | AF63: -18.490217 | AG63: -18.774675 | AH63: -19.005213 | AI63: 11.02784 | AJ63: -13.291526 | AK63: -13.601808 | AL63: -14.072605 | AM63: -14.432626 | AN63: -14.707468 | AO63: -14.915695 | AP63: -15.070886 | AQ63: -15.183068 | AR63: -15.259746 | AS63: -15.306619 | AT63: -15.32809 | AU63: -15.32763 | AV63: -15.308029 | AW63: 28.241152 | AX63: -10.01151 | AY63: -9.10999 | AZ63: -9.7747273 | BA63: -10.244286 | BB63: -10.573097 | BC63: -10.799858 | BD63: -10.95213 | BE63: -11.124211 | BF63: -11.282236 | BG63: -11.410337 | BH63: -11.515553 | BI63: -11.602947 | BJ63: -11.67618 | BK63: 2.0504706 | BL63: 147.67597 | BM63: 9.2559013 | BN63: 8.5468288 | BO63: 7.9217038 | BP63: 7.3511816 | BQ63: 6.8159745 | BR63: 6.3021257 | BS63: 5.7994929 | BT63: 5.3007575 | BU63: 4.8006894 | BV63: -1.2168624 | BW63: -3.0092995 | BX63: -4.5980346 | BY63: -5.4343121 | BZ63: -6.9638369 | CA63: -8.4046338 | CB63: -9.7062002 | CC63: -10.890535 | CD63: -11.971086 | CE63: -12.95667 | CF63: -13.853552 | CG63: -14.666609 | CH63: 4.3702884 | CI63: -8.6580993 | CJ63: -10.342385 | CK63: -11.200087 | CL63: -11.932972 | CM63: -12.563171 | CN63: -13.107094 | CO63: -13.577109 | CP63: -13.982721 | CQ63: -14.331398 | CR63: 15.586453 | CS63: -8.8452517 | CT63: -9.2650818 | CU63: -9.8427074 | CV63: -10.306904 | CW63: -10.683337 | CX63: -10.990635 | CY63: -11.242439 | CZ63: -11.448839 | DA63: -11.617398 | DB63: -11.753874 | DC63: -11.862728 | DD63: -11.947484 | DE63: -12.010988 | DF63: 31.457145 | DG63: -6.874556 | DH63: -6.0501181 | DI63: -6.7900288 | DJ63: -7.3328997 | DK63: -7.7332087 | DL63: -8.0296983 | DM63: -8.2499731 | DN63: -8.4883749 | DO63: -8.7110799 | DP63: -8.9022607 | DQ63: -9.0689974 | DR63: -9.2163916 | DS63: -9.3481414 | DT63: 4.3214389 | DU63: 149.89128 | DV63: 11.416924 | DW63: 10.654908 | DX63: 9.9781459 | DY63: 9.3572622 | DZ63: 8.772937 | EA63: 8.2111823 | EB63: 7.6618261 | EC63: 7.1175201 | ED63: 6.5730058 | EE63: 0.51210408 | EF63: -1.3226139 | EG63: -2.9525872 | EH63: -3.8290863 | EI63: -5.3978413 | EJ63: -6.8769016 | EK63: -8.2157886 | EL63: -9.4365241 | EM63: -10.552581 | EN63: -11.572794 | EO63: -12.503454 | EP63: -13.349457 | EQ63: 5.6553053 | ER63: -7.4044267 | ES63: -9.1192854 | ET63: -10.006808 | EU63: -10.768781 | EV63: -11.427353 | EW63: -11.702282 | EX63: -12.199292 | EY63: -12.631235 | EZ63: -13.005596 | FA63: 16.887201 | FB63: -7.5689412 | FC63: -8.0126091 | FD63: -8.6134873 | FE63: -9.100366 | FF63: -9.4989236 | FG63: -9.8278043 | FH63: -10.100661 | FI63: -10.327597 | FJ63: -10.516189 | FK63: -10.672206 | FL63: -10.800123 | FM63: -10.903475 | FN63: -10.985118 | FO63: 32.46532 | FP63: -5.8836431 | FQ63: -5.0760444 | FR63: -5.8323819 | FS63: -6.3912775 | FT63: -6.8072191 | FU63: -7.1189587 | FV63: -7.3541106 | FW63: -7.6070255 | FX63: -7.8438887 | FY63: -8.0488815 | FZ63: -8.2290926 | GA63: -8.389632 | GB63: -8.5342058 | GC63: 5.1228638 | GD63: 150.6805 | GE63: 12.194237 | GF63: 11.420604 | GG63: 10.732509 | GH63: 10.100569 | GI63: 9.5054571 | GJ63: 8.933179 | GK63: 8.3735558 | GL63: 7.8192333 | GM63: 7.2649465 | GN63: 1.1945106 | GO63: -0.64950933 | GP63: -2.288558 | GQ63: -3.1739115 | GR63: -4.7513052 | GS63: -6.2387939 | GT63: -7.5859042
A64: 16 | B64: AF_M_D_S_N | C64: -1.8558286 | D64: -2.6335427 | E64: -2.0502532 | F64: -2.1719032 | G64: -2.3220385 | H64: -2.4972152 | I64: -2.6952761 | J64: -2.9149301 | K64: -3.1553728 | L64: -3.4160533 | M64: -9.3135973 | N64: -11.072593 | O64: -12.7042 | P64: -13.618621 | Q64: -14.126313 | R64: -15.386283 | S64: -16.512626 | T64: -17.526877 | U64: -18.442129 | V64: -19.266914 | W64: -20.007273 | X64: -20.667895 | Y64: -21.252755 | Z64: -21.765473 | AA64: 4.4163808 | AB64: -14.168145 | AC64: -15.379158 | AD64: -16.081722 | AE64: -16.650018 | AF64: -17.111584 | AG64: -17.486579 | AH64: -17.78994 | AI64: -18.032898 | AJ64: -18.224049 | AK64: -18.370105 | AL64: -18.476428 | AM64: -18.5474 | AN64: -18.586688 | AO64: -18.597428 | AP64: 17.992691 | AQ64: -15.520116 | AR64: -16.089693 | AS64: -16.480627 | AT64: -16.738915 | AU64: -16.897666 | AV64: -16.980841 | AW64: -17.005897 | AX64: -16.985664 | AY64: -16.929664 | AZ64: -17.069558 | BA64: -17.196328 | BB64: -17.305052 | BC64: 24.694594 | BD64: -11.707453 | BE64: -11.043452 | BF64: -11.819599 | BG64: -12.386594 | BH64: -12.803632 | BI64: -13.112691 | BJ64: -13.343564 | BK64: 2.6459934 | BL64: 162.8567 | BM64: 8.4795752 | BN64: 8.7486604 | BO64: 8.3320989 | BP64: 7.9025063 | BQ64: 7.460567 | BR64: 7.0064422 | BS64: 6.5399692 | BT64: 6.0608815 | BU64: 5.5689322 | BV64: -0.55310842 | BW64: -2.5302955 | BX64: -4.3741546 | BY64: -5.4951875 | BZ64: -6.2040963 | CA64: -7.6600982 | CB64: -8.9774692 | CC64: -10.177907 | CD64: -11.274652 | CE64: -12.276373 | CF64: -13.189237 | CG64: -14.018054 | CH64: -14.766914 | CI64: -15.439544 | CJ64: 10.586378 | CK64: -8.150202 | CL64: -9.5094874 | CM64: -10.35664 | CN64: -11.065932 | CO64: -11.664994 | CP64: -12.174071 | CQ64: -12.608186 | CR64: -12.978654 | CS64: -13.294151 | CT64: -13.56147 | CU64: -13.786048 | CV64: -13.972344 | CW64: -14.124097 | CX64: -14.244514 | CY64: 22.238646 | CZ64: -11.378471 | DA64: -12.049774 | DB64: -12.539915 | DC64: -12.894953 | DD64: -13.148059 | DE64: -13.323253 | DF64: -13.438051 | DG64: -13.50534 | DH64: -13.534696 | DI64: -13.757835 | DJ64: -13.965793 | DK64: -14.153696 | DL64: 27.768728 | DM64: -8.7086324 | DN64: -8.1180839 | DO64: -8.9658686 | DP64: -9.602731 | DQ64: -10.087912 | DR64: -10.463431 | DS64: -10.759122 | DT64: 5.1672151 | DU64: 165.31626 | DV64: 10.879 | DW64: 11.089431 | DX64: 10.615662 | DY64: 10.130272 | DZ64: 9.6339114 | EA64: 9.1267067 | EB64: 8.6084619 | EC64: 8.078878 | ED64: 7.5376766 | EE64: 1.3675968 | EF64: -0.65644642 | EG64: -2.546008 | EH64: -3.7116184 | EI64: -4.4640078 | EJ64: -5.9624203 | EK64: -7.3211587 | EL64: -8.5619464 | EM64: -9.698049 | EN64: -10.73816 | EO64: -11.688471 | EP64: -12.553814 | EQ64: -13.338302 | ER64: -14.045686 | ES64: 11.946336 | ET64: -6.8233114 | EU64: -8.2148525 | EV64: -9.0934688 | EW64: -9.536785 | EX64: -10.165785 | EY64: -10.704067 | EZ64: -11.166671 | FA64: -11.564928 | FB64: -11.907534 | FC64: -12.201297 | FD64: -12.451671 | FE64: -12.663131 | FF64: -12.839432 | FG64: -12.983796 | FH64: 23.476003 | FI64: -10.163903 | FJ64: -10.857437 | FK64: -11.369265 | FL64: -11.74546 | FM64: -12.019205 | FN64: -12.214534 | FO64: -12.348975 | FP64: -12.435426 | FQ64: -12.483477 | FR64: -12.724854 | FS64: -12.950604 | FT64: -13.155865 | FU64: 28.749625 | FV64: -7.7442566 | FW64: -7.1698259 | FX64: -8.0333352 | FY64: -8.6855387 | FZ64: -9.1856867 | GA64: -9.5758078 | GB64: -9.8857457 | GC64: 6.0266927 | GD64: 166.16218 | GE64: 11.711687 | GF64: 11.909209 | GG64: 11.422846 | GH64: 10.925169 | GI64: 10.41682 | GJ64: 9.8979186 | GK64: 9.3682613 | GL64: 8.8275426 | GM64: 8.275477 | GN64: 2.0947971 | GO64: 0.060411184 | GP64: -1.8392418 | GQ64: -3.0146985 | GR64: -3.7766952 | GS64: -5.2844818 | GT64: -6.6523666
A65: 17 | B65: FM_O_D_S | C65: 11.061886 | D65: 10.050364 | E65: 10.49606 | F65: 10.320958 | G65: 10.190326 | H65: 10.096782 | I65: 10.031708 | J65: 9.9855296 | K65: 9.9480691 | L65: 9.908842 | M65: 4.9630109 | N65: 3.9233509 | O65: 2.6804723 | P65: 1.8089891 | Q65: 1.0821025 | R65: -0.58650056 | S65: -2.2572419 | T65: -3.9103494 | U65: -5.5264624 | V65: -7.0885357 | W65: -8.5827274 | X65: -9.998792 | Y65: 10.829793 | Z65: -2.6553309 | AA65: -4.81301 | AB65: -6.1523152 | AC65: -7.368327 | AD65: -8.4782087 | AE65: -9.495057 | AF65: -10.429527 | AG65: -11.290959 | AH65: -12.088168 | AI65: 20.239956 | AJ65: -4.5798831 | AK65: -5.3843135 | AL65: -6.3416545 | AM65: -7.1800188 | AN65: -7.9250666 | AO65: -8.5960684 | AP65: -9.2079329 | AQ65: -9.7726334 | AR65: -10.300212 | AS65: -10.799485 | AT65: -11.27853 | AU65: -11.745035 | AV65: -12.20653 | AW65: 34.285543 | AX65: -4.3393371 | AY65: -3.8051674 | AZ65: -4.833212 | BA65: -5.6631366 | BB65: -6.3507105 | BC65: -6.936197 | BD65: -7.4489415 | BE65: -7.9852366 | BF65: -8.5134113 | BG65: -9.0199821 | BH65: -9.514555 | BI65: -10.004929 | BJ65: -10.497663 | BK65: 2.8516149 | BL65: 152.46902 | BM65: 14.094908 | BN65: 13.497065 | BO65: 13.044186 | BP65: 12.701298 | BQ65: 12.442247 | BR65: 12.245132 | BS65: 12.090971 | BT65: 11.962929 | BU65: 11.845799 | BV65: 6.8313966 | BW65: 5.7301208 | BX65: 4.4308914 | BY65: 3.5071181 | BZ65: 2.7311416 | CA65: 1.0160319 | CB65: -0.69907805 | CC65: -2.394739 | CD65: -4.0518263 | CE65: -5.6534701 | CF65: -7.1859595 | CG65: -8.6391495 | CH65: 12.153404 | CI65: -1.3667188 | CJ65: -3.5584159 | CK65: -4.9308008 | CL65: -6.1789904 | CM65: -7.3201803 | CN65: -8.3674962 | CO65: -9.331619 | CP65: -10.221916 | CQ65: -11.047221 | CR65: 21.253551 | CS65: -3.5929157 | CT65: -4.4232696 | CU65: -5.405849 | CV65: -6.2687851 | CW65: -7.0377559 | CX65: -7.7320495 | CY65: -8.3665913 | CZ65: -8.953371 | DA65: -9.502447 | DB65: -10.02265 | DC65: -10.522074 | DD65: -11.00842 | DE65: -11.489232 | DF65: 34.984031 | DG65: -3.659163 | DH65: -3.1428247 | DI65: -4.1882309 | DJ65: -5.0350598 | DK65: -5.7390929 | DL65: -6.3406052 | DM65: -6.8689534 | DN65: -7.4204416 | DO65: -7.9634094 | DP65: -8.4843839 | DQ65: -8.9929815 | DR65: -9.4970115 | DS65: -10.003042 | DT65: 3.33329 | DU65: 152.93809 | DV65: 14.551703 | DW65: 13.941908 | DX65: 13.477392 | DY65: 13.123173 | DZ65: 12.853089 | EA65: 12.64523 | EB65: 12.480609 | EC65: 12.34238 | ED65: 12.215331 | EE65: 7.1912717 | EF65: 6.0805918 | EG65: 4.7722055 | EH65: 3.8395158 | EI65: 3.0548571 | EJ65: 1.331293 | EK65: -0.39204919 | EL65: -2.0957263 | EM65: -3.7606194 | EN65: -5.369864 | EO65: -6.9097547 | EP65: -8.370152 | EQ65: 12.415384 | ER65: -1.1115732 | ES65: -3.3099251 | ET65: -4.6887901 | EU65: -5.94329 | EV65: -7.0906246 | EW65: -8.1439242 | EX65: -9.1138738 | EY65: -10.009844 | EZ65: -10.840676 | FA65: 21.454716 | FB65: -3.3969901 | FC65: -4.2324463 | FD65: -5.2199944 | FE65: -6.087769 | FF65: -6.8614517 | FG65: -7.5603338 | FH65: -8.1993439 | FI65: -8.790475 | FJ65: -9.3437885 | FK65: -9.8681177 | FL65: -10.37156 | FM65: -10.86182 | FN65: -11.346444 | FO65: 35.123108 | FP65: -3.5237 | FQ65: -3.0108815 | FR65: -4.0597156 | FS65: -4.9098827 | FT65: -5.6171668 | FU65: -6.2218451 | FV65: -6.7532766 | FW65: -7.3077674 | FX65: -7.8536595 | FY65: -8.3774819 | FZ65: -8.888853 | GA65: -9.3955841 | GB65: -9.9042448 | GC65: 3.4295249 | GD65: 153.03183 | GE65: 14.643013 | GF65: 14.030852 | GG65: 13.56403 | GH65: 13.207567 | GI65: 12.935297 | GJ65: 12.725308 | GK65: 12.558614 | GL65: 12.418365 | GM65: 12.28935 | GN65: 7.2633748 | GO65: 6.1508293 | GP65: 4.8406258 | GQ65: 3.9061663 | GR65: 3.1197839 | GS65: 1.3945411 | GT65: -0.3304362
... A81: 33 | B81: AF_M_D_B | C81: -0.73958784 | D81: -1.1534357 | E81: -1.2974113 | F81: -1.6223224 | G81: -1.99862 | H81: -2.42511 | I81: -2.8989243 | J81: -3.415999 | K81: -6.8289234 | L81: -8.1720398 | M81: -9.8181127 | N81: -11.19925 | O81: -12.413315 | P81: -13.481014 | Q81: -14.410186 | R81: -15.208504 | S81: -15.883876 | T81: -16.444511 | U81: -16.89885 | V81: -17.255442 | W81: -17.522796 | X81: -17.709264 | Y81: -17.822925 | Z81: -17.871509 | AA81: 5.315006 | AB81: -11.127324 | AC81: -11.564445 | AD81: -12.288762 | AE81: -12.786207 | AF81: -13.11517 | AG81: -13.318009 | AH81: -13.425646 | AI81: -13.460829 | AJ81: -13.440434 | AK81: -13.377111 | AL81: -13.280442 | AM81: -13.157776 | AN81: -13.014817 | AO81: -12.856051 | AP81: -12.685052 | AQ81: 26.908462 | AR81: -6.1902522 | AS81: -5.8649547 | AT81: -6.883783 | AU81: -7.5802568 | AV81: -8.0469327 | AW81: -8.349528 | AX81: -8.5347544 | AY81: -8.6358592 | AZ81: -8.6765462 | BA81: -8.6737493 | BB81: -8.6395965 | BC81: -8.5827999 | BD81: -8.5096402 | BE81: -8.4246645 | BF81: -8.3311809 | BG81: -8.254254 | BH81: 1.2267725 | BI81: 181.48382 | BJ81: 23.85761 | BK81: 18.261172 | BL81: 14.087158 | BM81: 10.904935 | BN81: 8.4141363 | BO81: 6.4042027 | BP81: 4.7280974 | BQ81: 0.5352187 | BR81: -1.6180118 | BS81: -3.818053 | BT81: -5.650912 | BU81: -7.2415936 | BV81: -8.6301308 | BW81: -9.8381572 | BX81: -10.883225 | BY81: -11.780341 | BZ81: -12.542848 | CA81: -13.182922 | CB81: -13.71185 | CC81: -14.140177 | CD81: -14.477782 | CE81: -14.733913 | CF81: -14.917206 | CG81: 8.1416414 | CH81: -8.4218979 | CI81: -8.974254 | CJ81: -9.8082384 | CK81: -10.410138 | CL81: -10.838651 | CM81: -11.136413 | CN81: -11.334598 | CO81: -11.456183 | CP81: -11.518257 | CQ81: -11.533666 | CR81: -11.512177 | CS81: -11.461312 | CT81: -11.386941 | CU81: -11.293702 | CV81: -11.185314 | CW81: 28.348365 | CX81: -4.8075404 | CY81: -4.5369133 | CZ81: -5.60801 | DA81: -6.3544631 | DB81: -6.868936 | DC81: -7.2172477 | DD81: -7.4462069 | DE81: -7.5891531 | DF81: -7.6698776 | DG81: -7.7053978 | DH81: -7.7079212 | DI81: -7.6862354 | DJ81: -7.6466931 | DK81: -7.5939099 | DL81: -7.5312591 | DM81: -7.4838676 | DN81: 1.9688618 | DO81: 182.19879 | DP81: 24.546598 | DQ81: 18.92525 | DR81: 14.727356 | DS81: 11.522234 | DT81: 9.0094749 | DU81: 6.9784768 | DV81: 5.2821629 | DW81: 1.0698933 | DX81: -1.1019467 | DY81: -3.3198509 | DZ81: -5.1698592 | EA81: -6.7770082 | EB81: -8.1813606 | EC81: -9.4045789 | ED81: -10.464243 | EE81: -11.375384 | EF81: -12.151371 | EG81: -12.804404 | EH81: -13.345791 | EI81: -13.786101 | EJ81: -14.135231 | EK81: -14.402449 | EL81: -14.596411 | EM81: 8.4521691 | EN81: -8.1212539 | EO81: -8.6831259 | EP81: -9.5262738 | EQ81: -10.136999 | ER81: -10.574015 | ES81: -10.879969 | ET81: -11.08605 | EU81: -11.215246 | EV81: -11.284658 | EW81: -11.010473 | EX81: -10.995809 | EY81: -10.951528 | EZ81: -10.883508 | FA81: -10.7964 | FB81: -10.693929 | FC81: 28.834037 | FD81: -4.3273848 | FE81: -4.0620856 | FF81: -5.138329 | FG81: -5.8897548 | FH81: -6.4090331 | FI81: -6.7619896 | FJ81: -6.9954391 | FK81: -7.142727 | FL81: -7.2276505 | FM81: -7.2672323 | FN81: -7.2736851 | FO81: -7.2558016 | FP81: -7.2199393 | FQ81: -7.1707183 | FR81: -7.1115164 | FS81: -7.0674646 | FT81: 2.3820303 | FU81: 182.60883 | FV81: 24.953597 | FW81: 19.329308 | FX81: 15.128562 | FY81: 11.920677 | FZ81: 9.4052384 | GA81: 7.3716422 | GB81: 5.6728084 | GC81: 1.4580946 | GD81: -0.7161168 | GE81: -2.9363219 | GF81: -4.7885632 | GG81: -6.3978794 | GH81: -7.8043358 | GI81: -9.0295969 | GJ81: -10.091244 | GK81: -11.004312 | GL81: -11.782171 | GM81: -12.437021 | GN81: -12.980175 | GO81: -13.422201 | GP81: -13.772999 | GQ81: -14.041839 | GR81: -14.237377 | GS81: 8.8096705 | GT81: -7.7652427
A82: 34 | B82: AF_M_D_B_KG | C82: =C81*0.1 -> -0.073958784 | D82: =D81*0.1 -> -0.11534357 | E82: =E81*0.1 -> -0.12974113 | F82: =F81*0.1 -> -0.16223224 | G82: =G81*0.1 -> -0.199862 | H82: =H81*0.1 -> -0.242511 | I82: =I81*0.1 -> -0.28989243 | J82: =J81*0.1 -> -0.3415999 | ... GT82: =GT81*0.1 -> -0.77652427
A83: 35 | B83: AF_M_W_B | C83: -0.60440216 | D83: -0.78071346 | E83: -0.7581128 | F83: -0.82819534 | G83: -0.9094993 | H83: -1.0017655 | I83: -1.1044124 | J83: -1.2168921 | K83: -2.0093143 | L83: -2.2559114 | M83: -2.5817658 | N83: -2.8950792 | O83: -3.1974279 | P83: -3.4903995 | Q83: -3.7753789 | R83: -4.0534904 | S83: -4.3256031 | T83: -4.5923597 | U83: -4.8542116 | V83: -5.1114511 | W83: -5.4801131 | X83: -5.8543756 | Y83: -6.1986767 | Z83: -6.5144774 | AA83: -6.8031333 | AB83: -7.0659291 | AC83: -7.3040995 | AD83: -7.5188422 | AE83: -7.7113247 | AF83: -7.8826882 | AG83: -8.0340483 | AH83: -8.166495 | AI83: -8.2810913 | AJ83: -8.3788717 | AK83: -8.4608402 | AL83: -8.5279692 | AM83: -8.581197 | AN83: -8.6214274 | AO83: -8.6495282 | AP83: -8.6663303 | AQ83: -8.6726278 | AR83: -8.6691773 | AS83: -8.656698 | AT83: -8.6358724 | AU83: -8.6073462 | AV83: -8.5717296 | AW83: -8.5295975 | AX83: -8.4814906 | AY83: -8.427917 | AZ83: -8.3693524 | BA83: -8.3062418 | BB83: -8.239001 | BC83: 15.359865 | BD83: -3.0522271 | BE83: -3.255024 | BF83: -4.0366716 | BG83: -4.5857087 | BH83: -4.9686285 | BI83: -5.2325607 | BJ83: -5.4109352 | BK83: -5.5274885 | BL83: -5.5990965 | BM83: -5.6377773 | BN83: -5.6521091 | BO83: -5.6482316 | BP83: -5.630556 | BQ83: -5.6022655 | BR83: -5.5550771 | BS83: -5.4819072 | BT83: -5.4056293 | BU83: 1.3050261 | BV83: 125.01324 | BW83: 19.590206 | BX83: 15.059357 | BY83: 11.760514 | BZ83: 9.330782 | CA83: 7.5157308 | CB83: 6.1356934 | CC83: 5.0636157 | CD83: 3.5390199 | CE83: 2.7236405 | CF83: 1.9469907 | CG83: 1.2686428 | CH83: 0.66411915 | CI83: 0.11552975 | CJ83: -0.39014098 | CK83: -0.8623394 | CL83: -1.3079125 | CM83: -1.7318188 | CN83: -2.1376453 | CO83: -2.527982 | CP83: -3.0205643 | CQ83: -3.5108452 | CR83: -3.964233 | CS83: -4.3829403 | CT83: -4.7689163 | CU83: -5.1239244 | CV83: -5.4495941 | CW83: -5.7474558 | CX83: -6.0189628 | CY83: -6.2655068 | CZ83: -6.4884266 | DA83: -6.6890135 | DB83: -6.8685143 | DC83: -7.0281331 | DD83: -7.1690314 | DE83: -7.2923283 | DF83: -7.3991003 | DG83: -7.4903808 | DH83: -7.56716 | DI83: -7.6303847 | DJ83: -7.6809585 | DK83: -7.7197419 | DL83: -7.7475528 | DM83: -7.7651672 | DN83: -7.7733198 | DO83: -7.772705 | DP83: -7.7639781 | DQ83: -7.7477563 | DR83: -7.7246199 | DS83: -7.6951138 | DT83: -7.6597486 | DU83: -7.6190023 | DV83: 15.954561 | DW83: -2.4816997 | DX83: -2.7075835 | DY83: -3.5112877 | DZ83: -4.0813999 | EA83: -4.4844595 | EB83: -4.76764 | EC83: -4.9644134 | ED83: -5.098556 | EE83: -5.1869813 | EF83: -5.241744 | EG83: -5.2714561 | EH83: -5.2822904 | EI83: -5.2786888 | EJ83: -5.2638645 | EK83: -5.2295625 | EL83: -5.1687258 | EM83: -5.1042537 | EN83: 1.5950991 | EO83: 125.29249 | EP83: 19.859092 | EQ83: 15.318316 | ER83: 12.009962 | ES83: 9.5711176 | ET83: 7.747334 | EU83: 6.3589269 | EV83: 5.2788258 | EW83: 4.0432058 | EX83: 3.2204494 | EY83: 2.4367241 | EZ83: 1.7515887 | FA83: 1.1405527 | FB83: 0.58571376 | FC83: 0.074044677 | FD83: -0.4039121 | FE83: -0.85501417 | FF83: -1.2842302 | FG83: -1.6951568 | FH83: -2.0903932 | FI83: -2.5876835 | FJ83: -3.0824891 | FK83: -3.5402264 | FL83: -3.9631154 | FM83: -4.3531127 | FN83: -4.7119885 | FO83: -5.041379 | FP83: -5.3428207 | FQ83: -5.6177732 | FR83: -5.8676337 | FS83: -6.0937464 | FT83: -6.297408 | FU83: -6.4798702 | FV83: -6.6423418 | FW83: -6.7859889 | FX83: -6.9119349 | FY83: -7.0212605 | FZ83: -7.1150028 | GA83: -7.194156 | GB83: -7.2596704 | GC83: -7.3124531 | GD83: -7.3533679 | GE83: -7.3832357 | GF83: -7.4028356 | GG83: -7.4129051 | GH83: -7.4141414 | GI83: -7.4072024 | GJ83: -7.3927078 | GK83: -7.3712402 | GL83: -7.3433469 | GM83: -7.3095406 | GN83: -7.2703015 | GO83: 16.301804 | GP83: -2.1358659 | GQ83: -2.3631132 | GR83: -3.1681367 | GS83: -3.7395256 | GT83: -4.1438209
A84: 36 | B84: FM_O_D_B | C84: 12.180177 | D84: 10.742099 | E84: 10.055045 | F84: 9.5525397 | G84: 9.271342 | H84: 9.1360668 | I84: 9.085071 | J84: 9.0675837 | K84: 6.7893365 | L84: 6.3689893 | M84: 5.390717 | N84: 4.3798732 | O84: 3.3369894 | P84: 2.2811385 | Q84: 1.2375277 | R84: 0.22590101 | S84: -0.73892222 | T84: -1.6463525 | U84: -2.4893334 | V84: -3.2637023 | W84: -3.9676323 | X84: -4.6011562 | Y84: -5.1657687 | Z84: -5.6640981 | AA84: 19.122361 | AB84: 2.3404881 | AC84: 1.5534003 | AD84: 0.47320059 | AE84: -0.38254913 | AF84: -1.0693917 | AG84: -1.6274144 | AH84: -2.0857797 | AI84: -2.4659227 | AJ84: -2.7838055 | AK84: -3.0515085 | AL84: -3.2783512 | AM84: -3.4716815 | AN84: -3.6374326 | AO84: -3.7805136 | AP84: -3.9050848 | AQ84: 38.030532 | AR84: 4.6691229 | AS84: 4.7359794 | AT84: 3.4636521 | AU84: 2.5188618 | AV84: 1.809182 | AW84: 1.268929 | AX84: 0.85134128 | AY84: 0.52305093 | AZ84: 0.26017371 | BA84: 0.045545395 | BB84: -0.13323249 | BC84: -0.28517418 | BD84: -0.41688636 | BE84: -0.53325875 | BF84: -0.63795221 | BG84: -0.7563886 | BH84: 8.5317322 | BI84: 186.82 | BJ84: 29.435689 | BK84: 24.234178 | BL84: 20.586522 | BM84: 18.035913 | BN84: 16.252607 | BO84: 14.994999 | BP84: 14.084965 | BQ84: 11.138095 | BR84: 10.209217 | BS84: 8.8372876 | BT84: 7.515604 | BU84: 6.2219552 | BV84: 4.9592597 | BW84: 3.7412328 | BX84: 2.5794263 | BY84: 1.4828048 | BZ84: 0.45775802 | CA84: -0.49168372 | CB84: -1.3635517 | CC84: -2.1576213 | CD84: -2.875107 | CE84: -3.5183856 | CF84: -4.0907532 | CG84: 20.625781 | CH84: 3.7776947 | CI84: 2.92778 | CJ84: 1.7878757 | CK84: 0.87532216 | CL84: 0.13438718 | CM84: -0.47518164 | CN84: -0.9826932 | CO84: -1.409714 | CP84: -1.7723264 | CQ84: -2.082721 | CR84: -2.3503196 | CS84: -2.5825658 | CT84: -2.7854822 | CU84: -2.9640623 | CV84: -3.1225458 | CW84: 38.78067 | CX84: 5.3883001 | CY84: 5.4255683 | CZ84: 4.124961 | DA84: 3.1531378 | DB84: 2.4176143 | DC84: 1.8526515 | DD84: 1.4114357 | DE84: 1.0605487 | DF84: 0.77605876 | DG84: 0.54075645 | DH84: 0.34220014 | DI84: 0.17133456 | DJ84: 0.021513908 | DK84: -0.11218876 | DL84: -0.23346979 | DM84: -0.36778482 | DN84: 8.9051341 | DO84: 187.17884 | DP84: 29.780596 | DQ84: 24.565736 | DR84: 20.905292 | DS84: 18.342433 | DT84: 16.54739 | DU84: 15.278534 | DV84: 14.357722 | DW84: 11.40052 | DX84: 10.461739 | DY84: 9.0803135 | DZ84: 7.7495249 | EA84: 6.4471445 | EB84: 5.176074 | EC84: 3.9500132 | ED84: 2.780499 | EE84: 1.6764816 | EF84: 0.64433721 | EG84: -0.31191687 | EH84: -1.1903243 | EI84: -1.9906722 | EJ84: -2.7141865 | EK84: -3.3632546 | EL84: -3.9411829 | EM84: 20.77001 | EN84: 3.9167912 | EO84: 3.061945 | EP84: 1.9173015 | EQ84: 1.0001928 | ER84: 0.25487889 | ES84: -0.35890002 | ET84: -0.87045991 | EU84: -1.3013741 | EV84: -1.6677313 | EW84: -1.9817284 | EX84: -2.2527931 | EY84: -2.4883746 | EZ84: -2.6945009 | FA84: -2.8761706 | FB84: -3.0376285 | FC84: 38.862724 | FD84: 5.4675961 | FE84: 5.5022083 | FF84: 4.1990429 | FG84: 3.2247553 | FH84: 2.4868573 | FI84: 1.9196065 | FJ84: 1.4761855 | FK84: 1.123173 | FL84: 0.83663406 | FM84: 0.59935616 | FN84: 0.39889484 | FO84: 0.22619203 | FP84: 0.074599295 | FQ84: -0.060812849 | FR84: -0.18374318 | FS84: -0.31964966 | FT84: 8.9517334 | FU84: 187.22396 | FV84: 29.824283 | FW84: 24.60804 | FX84: 20.946263 | FY84: 18.382116 | FZ84: 16.585828 | GA84: 15.315771 | GB84: 14.393798 | GC84: 11.435475 | GD84: 10.49561 | GE84: 9.1131376 | GF84: 7.781337 | GG84: 6.4779783 | GH84: 5.2059621 | GI84: 3.9789869 | GJ84: 2.8085886 | GK84: 1.7037162 | GL84: 0.67074492 | GM84: -0.28630898 | GN84: -1.1654901 | GO84: -1.9665866 | GP84: -2.6908251 | GQ84: -3.3405941 | GR84: -3.9192006 | GS84: 20.791336 | GT84: 3.9374815
A85: 37 | B85: FM_O_W_B | C85: 9.9097813 | D85: 8.524683 | E85: 7.7209298 | F85: 7.1093502 | G85: 6.7009405 | H85: 6.4445596 | I85: 6.3027905 | J85: 6.2476034 | K85: 5.8709833 | L85: 6.0732089 | M85: 6.199159 | N85: 6.3244669 | O85: 6.4390643 | P85: 6.5369641 | Q85: 6.6145124 | R85: 6.6693966 | S85: 6.7000864 | T85: 6.7055225 | U85: 6.684947 | V85: 6.6378137 | W85: 6.5153699 | X85: 6.3241231 | Y85: 6.1060113 | Z85: 5.8655302 | AA85: 5.6068631 | AB85: 5.3338551 | AC85: 5.0500053 | AD85: 4.7584705 | AE85: 4.4620757 | AF85: 4.1633299 | AG85: 3.8644446 | AH85: 3.5673532 | AI85: 3.2737318 | AJ85: 2.9850191 | AK85: 2.7024364 | AL85: 2.4270066 | AM85: 2.1595725 | AN85: 1.9008138 | AO85: 1.6512635 | AP85: 1.4113228 | AQ85: 1.1812752 | AR85: 0.9612995 | AS85: 0.75148217 | AT85: 0.55182819 | AU85: 0.36227152 | AV85: 0.18268455 | AW85: 0.012886801 | AX85: -0.14734705 | AY85: -0.29827988 | AZ85: -0.44020543 | BA85: -0.57344219 | BB85: -0.69832787 | BC85: 24.939009 | BD85: 6.3681915 | BE85: 6.0081655 | BF85: 5.0712369 | BG85: 4.3691358 | BH85: 3.8355997 | BI85: 3.4236948 | BJ85: 3.1001549 | BK85: 2.8413797 | BL85: 2.6306041 | BM85: 2.4558984 | BN85: 2.3087533 | BO85: 2.1830804 | BP85: 2.0745051 | BQ85: 1.9798675 | BR85: 1.9238347 | BS85: 1.8967443 | BT85: 1.8757082 | BU85: 8.4919779 | BV85: 127.77701 | BW85: 22.425723 | BX85: 18.01806 | BY85: 14.891114 | BZ85: 12.678698 | CA85: 11.122574 | CB85: 10.038825 | CC85: 9.2957711 | CD85: 8.4120481 | CE85: 8.2360169 | CF85: 8.0757937 | CG85: 7.9809686 | CH85: 7.9230122 | CI85: 7.8828399 | CJ85: 7.8474953 | CK85: 7.8080482 | CL85: 7.7582519 | CM85: 7.6936766 | CN85: 7.611147 | CO85: 7.5083758 | CP85: 7.3353485 | CQ85: 7.0976512 | CR85: 6.8365431 | CS85: 6.5560135 | CT85: 6.2598628 | CU85: 5.9516415 | CV85: 5.6346183 | CW85: 5.311765 | CX85: 4.985756 | CY85: 4.6589742 | CZ85: 4.3335236 | DA85: 4.0112443 | DB85: 3.6937294 | DC85: 3.3823434 | DD85: 3.0782401 | DE85: 2.7823803 | DF85: 2.4955493 | DG85: 2.2183734 | DH85: 1.9513353 | DI85: 1.6947892 | DJ85: 1.448974 | DK85: 1.2140269 | DL85: 0.98999432 | DM85: 0.77684382 | DN85: 0.57447367 | DO85: 0.38272242 | DP85: 0.20137748 | DQ85: 0.030183011 | DR85: -0.13115284 | DS85: -0.28295136 | DT85: -0.42555721 | DU85: -0.55933297 | DV85: 25.06957 | DW85: 6.4907498 | DX85: 6.1231335 | DY85: 5.1790056 | DZ85: 4.4700772 | EA85: 3.9300672 | EB85: 3.5120244 | EC85: 3.182666 | ED85: 2.9183759 | EE85: 2.702374 | EF85: 2.5227162 | EG85: 2.3708797 | EH85: 2.2407632 | EI85: 2.1279798 | EJ85: 2.0293579 | EK85: 1.9695535 | EL85: 1.9388936 | EM85: 1.9144801 | EN85: 8.527555 | EO85: 127.80956 | EP85: 22.455422 | EQ85: 18.045059 | ER85: 14.915562 | ES85: 12.700736 | ET85: 11.142336 | EU85: 10.056439 | EV85: 9.3113582 | EW85: 8.4257233 | EX85: 8.2478895 | EY85: 8.0859674 | EZ85: 7.989542 | FA85: 7.9300789 | FB85: 7.8884888 | FC85: 7.8518106 | FD85: 7.8111101 | FE85: 7.7601364 | FF85: 7.6944558 | FG85: 7.6108894 | FH85: 7.5071464 | FI85: 7.3332088 | FJ85: 7.0946597 | FK85: 6.8327552 | FL85: 6.5514819 | FM85: 6.2546372 | FN85: 5.9457694 | FO85: 5.6281443 | FP85: 5.3047317 | FQ85: 4.9782036 | FR85: 4.6509409 | FS85: 4.3250455 | FT85: 4.0023556 | FU85: 3.6844625 | FV85: 3.372729 | FW85: 3.0683071 | FX85: 2.7721562 | FY85: 2.4850601 | FZ85: 2.2076437 | GA85: 1.9403883 | GB85: 1.6836467 | GC85: 1.4376569 | GD85: 1.2025547 | GE85: 0.97838551 | GF85: 0.76511584 | GG85: 0.56264297 | GH85: 0.3708045 | GI85: 0.18938697 | GJ85: 0.018133675 | GK85: -0.14324804 | GL85: -0.29508023 | GM85: -0.43770828 | GN85: -0.57149546 | GO85: 25.057406 | GP85: 6.4785942 | GQ85: 6.110995 | GR85: 5.1668926 | GS85: 4.4579974 | GT85: 3.918028
A86: 38 | B86: FM_M_D_B | C86: 7.5935252 | D86: 5.899303 | E86: 4.8036233 | F86: 3.7615847 | G86: 2.8360959 | H86: 1.9811289 | I86: 1.1660654 | J86: 0.37119981 | K86: -3.2729508 | L86: -4.8127564 | M86: -6.6295643 | N86: -8.1616252 | O86: -9.5112175 | P86: -10.702235 | Q86: -11.744835 | R86: -12.648391 | S86: -13.42207 | T86: -14.075025 | U86: -14.616421 | V86: -15.055361 | W86: -15.400801 | X86: -15.661448 | Y86: -15.845677 | Z86: -15.961466 | AA86: 7.16099 | AB86: -9.3424397 | AC86: -9.8378708 | AD86: -10.617858 | AE86: -11.168474 | AF86: -11.548237 | AG86: -11.799622 | AH86: -11.953665 | AI86: -12.033217 | AJ86: -12.055253 | AK86: -12.032515 | AL86: -11.974674 | AM86: -11.889161 | AN86: -11.78176 | AO86: -11.657033 | AP86: -11.518622 | AQ86: 28.043685 | AR86: -5.0849189 | AS86: -4.788255 | AT86: -5.8345187 | AU86: -6.5572854 | AV86: -7.0491639 | AW86: -7.3759217 | AX86: -7.5843182 | AY86: -7.7076462 | AZ86: -7.7696523 | BA86: -7.7873118 | BB86: -7.7727916 | BC86: -7.7348412 | BD86: -7.6797766 | BE86: -7.6121787 | BF86: -7.5353877 | BG86: -7.4744989 | BH86: 1.9911148 | BI86: 182.23335 | BJ86: 24.592893 | BK86: 18.982757 | BL86: 14.795567 | BM86: 11.600667 | BN86: 9.0976694 | BO86: 7.075993 | BP86: 5.3885815 | BQ86: 1.1848146 | BR86: -0.97890404 | BS86: -3.1890507 | BT86: -5.0316485 | BU86: -6.631718 | BV86: -8.029307 | BW86: -9.2460635 | BX86: -10.299553 | BY86: -11.204795 | BZ86: -11.975144 | CA86: -12.622789 | CB86: -13.159028 | CC86: -13.594417 | CD86: -13.938844 | CE86: -14.201567 | CF86: -14.391231 | CG86: 8.6614568 | CH86: -7.9080392 | CI86: -8.4661569 | CJ86: -9.3057155 | CK86: -9.913009 | CL86: -10.346743 | CM86: -10.649561 | CN86: -10.852641 | CO86: -10.978968 | CP86: -11.045636 | CQ86: -11.065496 | CR86: -11.048323 | CS86: -11.001641 | CT86: -10.931326 | CU86: -10.842022 | CV86: -10.737451 | CW86: 28.792523 | CX86: -4.3669767 | CY86: -4.0998394 | CZ86: -5.1743246 | DA86: -5.9240683 | DB86: -6.4417376 | DC86: -6.7931548 | DD86: -7.0251317 | DE86: -7.1710109 | DF86: -7.2545866 | DG86: -7.2928791 | DH86: -7.2980985 | DI86: -7.2790349 | DJ86: -7.2420437 | DK86: -7.1917427 | DL86: -7.1315075 | DM86: -7.0864673 | DN86: 2.3639731 | DO86: 182.59168 | DP86: 24.93731 | DQ86: 19.313848 | DR86: 15.113894 | DS86: 11.906766 | DT86: 9.3920521 | DU86: 7.3591486 | DV86: 5.6609774 | DW86: 1.4468972 | DX86: -0.72670826 | DY86: -2.946334 | DZ86: -4.7980212 | EA86: -6.4068078 | EB86: -7.8127578 | EC86: -9.0375349 | ED86: -10.098719 | EE86: -11.011345 | EF86: -11.788781 | EG86: -12.443228 | EH86: -12.985996 | EI86: -13.427653 | EJ86: -13.778099 | EK86: -14.046603 | EL86: -14.241819 | EM86: 8.8055346 | EN86: -7.769086 | EO86: -8.332128 | EP86: -9.176419 | EQ86: -9.7882612 | ER86: -10.226368 | ES86: -10.53339 | ET86: -10.740513 | EU86: -10.870728 | EV86: -10.941136 | EW86: -10.964594 | EX86: -10.950882 | EY86: -10.907532 | EZ86: -10.840422 | FA86: -10.754204 | FB86: -10.652604 | FC86: 28.87451 | FD86: -4.2877439 | FE86: -4.0232592 | FF86: -5.1002995 | FG86: -5.8525049 | FH86: -6.3725459 | FI86: -6.7262486 | FJ86: -6.9604282 | FK86: -7.1084306 | FL86: -7.1940532 | FM86: -7.2343192 | FN86: -7.2414415 | FO86: -7.2242133 | FP86: -7.1889924 | FQ86: -7.1403991 | FR86: -7.0818117 | FS86: -7.0383613 | FT86: 2.4105447 | FU86: 182.63677 | FV86: 24.980971 | FW86: 19.356129 | FX86: 15.154843 | FY86: 11.946427 | FZ86: 9.4304705 | GA86: 7.3963664 | GB86: 5.6970354 | GC86: 1.4818347 | GD86: -0.69285352 | GE86: -2.9135256 | GF86: -4.7662242 | GG86: -6.3759883 | GH86: -7.7828833 | GI86: -9.008574 | GJ86: -10.070642 | GK86: -10.984122 | GL86: -11.762384 | GM86: -12.41763 | GN86: -12.961171 | GO86: -13.403577 | GP86: -13.754747 | GQ86: -14.023951 | GR86: -14.219845 | GS86: 8.8268526 | GT86: -7.748403
A87: 39 | B87: FM_M_W_B | C87: 7.7431697 | D87: 6.2776869 | E87: 5.3424173 | F87: 4.5509031 | G87: 3.9174226 | H87: 3.3946281 | I87: 2.9493426 | J87: 2.5581519 | K87: 1.5339163 | L87: 1.0902791 | M87: 0.59350651 | N87: 0.12920533 | O87: -0.30864955 | P87: -0.72485857 | Q87: -1.1231423 | R87: -1.5063372 | S87: -1.8765807 | T87: -2.2354673 | U87: -2.5841734 | V87: -2.9235537 | W87: -3.3700877 | X87: -3.8183128 | Y87: -4.2329636 | Z87: -4.6157515 | AA87: -4.9682475 | AB87: -5.2919254 | AC87: -5.5881885 | AD87: -5.8583866 | AE87: -6.1038265 | AF87: -6.3257778 | AG87: -6.5254754 | AH87: -6.7041207 | AI87: -6.8628814 | AJ87: -7.0028905 | AK87: -7.125245 | AL87: -7.2310052 | AM87: -7.3211927 | AN87: -7.3967905 | AO87: -7.458741 | AP87: -7.5079467 | AQ87: -7.5452692 | AR87: -7.5715293 | AS87: -7.5875075 | AT87: -7.5939444 | AU87: -7.5915411 | AV87: -7.5809603 | AW87: -7.5628269 | AX87: -7.5377294 | AY87: -7.5062211 | AZ87: -7.468821 | BA87: -7.4260151 | BB87: -7.3782582 | BC87: 16.201908 | BD87: -2.2281369 | BE87: -2.4481717 | BF87: -3.2463749 | BG87: -3.8113159 | BH87: -4.2095171 | BI87: -4.4881358 | BJ87: -4.6806284 | BK87: -4.8107566 | BL87: -4.89542 | BM87: -4.9466599 | BN87: -4.9730759 | BO87: -4.9808287 | BP87: -4.974349 | BQ87: -4.9568391 | BR87: -4.9200337 | BS87: -4.8568663 | BT87: -4.7902268 | BU87: 1.9111387 | BV87: 125.61039 | BW87: 20.178727 | BX87: 15.639547 | BY87: 12.332667 | BZ87: 9.8951799 | CA87: 8.0726426 | CB87: 6.6853774 | CC87: 5.6063196 | CD87: 4.0749812 | CE87: 3.2530871 | CF87: 2.4701412 | CG87: 1.785707 | CH87: 1.1752983 | CI87: 0.62101724 | CJ87: 0.1098405 | CK87: -0.36768565 | CL87: -0.81841518 | CM87: -1.2473133 | CN87: -1.6579734 | CO87: -2.0529916 | CP87: -2.5501091 | CQ87: -3.0447846 | CR87: -3.5024318 | CS87: -3.9252681 | CT87: -4.3152478 | CU87: -4.6741389 | CV87: -5.0035756 | CW87: -5.3050921 | CX87: -5.5801463 | CY87: -5.8301335 | CZ87: -6.0563963 | DA87: -6.2602296 | DB87: -6.4428838 | DC87: -6.6055661 | DD87: -6.7494413 | DE87: -6.8756314 | DF87: -6.9852159 | DG87: -7.0792308 | DH87: -7.1586692 | DI87: -7.2244803 | DJ87: -7.2775703 | DK87: -7.3188019 | DL87: -7.3489954 | DM87: -7.3689288 | DN87: -7.379339 | DO87: -7.3809224 | DP87: -7.3743362 | DQ87: -7.3601994 | DR87: -7.3390941 | DS87: -7.3115669 | DT87: -7.2781301 | DU87: -7.2392633 | DV87: 16.332468 | DW87: -2.1055786 | DX87: -2.3332038 | DY87: -3.1386061 | DZ87: -3.7103745 | EA87: -4.1150496 | EB87: -4.3998062 | EC87: -4.5981173 | ED87: -4.7337604 | EE87: -4.8236502 | EF87: -4.8798421 | EG87: -4.9109495 | EH87: -4.9231459 | EI87: -4.9208743 | EJ87: -4.9073487 | EK87: -4.8743149 | EL87: -4.814717 | EM87: -4.7514549 | EN87: 1.9467158 | EO87: 125.64295 | EP87: 20.208426 | EQ87: 15.666546 | ER87: 12.357115 | ES87: 9.9172178 | ET87: 8.0924048 | EU87: 6.7029915 | EV87: 5.6219067 | EW87: 4.0886564 | EX87: 3.2649597 | EY87: 2.4803149 | EZ87: 1.7942804 | FA87: 1.182365 | FB87: 0.62666614 | FC87: 0.11415589 | FD87: -0.36462368 | FE87: -0.81653064 | FF87: -1.246534 | FG87: -1.658231 | FH87: -2.0542211 | FI87: -2.5522489 | FJ87: -3.0477762 | FK87: -3.5062197 | FL87: -3.9297998 | FM87: -4.3204733 | FN87: -4.6800111 | FO87: -5.0100495 | FP87: -5.3121254 | FQ87: -5.5876986 | FR87: -5.8381668 | FS87: -6.0648744 | FT87: -6.2691184 | FU87: -6.4521507 | FV87: -6.6151806 | FW87: -6.7593743 | FX87: -6.8858555 | FY87: -6.9957051 | FZ87: -7.0899606 | GA87: -7.1696163 | GB87: -7.2356228 | GC87: -7.2888874 | GD87: -7.3302741 | GE87: -7.3606042 | GF87: -7.3806568 | GG87: -7.3911697 | GH87: -7.3928403 | GI87: -7.3863267 | GJ87: -7.3722487 | GK87: -7.3511893 | GL87: -7.3236958 | GM87: -7.2902812 | GN87: -7.2514258 | GO87: 16.320304 | GP87: -2.1177342 | GQ87: -2.3453422 | GR87: -3.1507192 | GS87: -3.7224543 | GT87: -4.1270888
A88: 40 | B88: AF_O_D_Ma | C88: -2.081228 | D88: -2.4303377 | E88: -2.292943 | F88: -2.1366193 | G88: -1.894473 | H88: -1.6042077 | I88: -1.302945 | J88: -1.0262323 | K88: -1.9213273 | L88: -1.622125 | M88: -1.367661 | N88: -1.1594135 | O88: -0.99706236 | P88: -1.1408102 | Q88: -1.3860246 | R88: -1.6708638 | S88: -1.9889516 | T88: -2.3337936 | U88: -2.6991333 | V88: -3.0791394 | W88: -3.4684991 | X88: -3.8624565 | Y88: -4.2568199 | Z88: -4.6479506 | AA88: -5.0327414 | AB88: -5.4085882 | AC88: -5.7733604 | AD88: -6.1253685 | AE88: -6.4633335 | AF88: -6.7863556 | AG88: -7.0938849 | AH88: -7.3856928 | AI88: -7.6618453 | AJ88: -7.9226775 | AK88: -8.1687688 | AL88: -8.4009208 | AM88: -8.6201348 | AN88: -8.8275916 | AO88: -9.0246318 | AP88: -9.2127375 | AQ88: -9.3935143 | AR88: -9.568675 | AS88: -9.7400235 | AT88: -9.8631638 | AU88: -9.7550856 | AV88: -9.6450127 | AW88: -9.5333741 | AX88: -9.4205563 | AY88: -9.3069066 | AZ88: 50.521932 | BA88: -6.5683402 | BB88: -5.5621667 | BC88: -5.7126093 | BD88: -5.8577819 | BE88: -5.9983269 | BF88: -6.1348905 | BG88: -6.2681183 | BH88: -6.3986516 | BI88: -6.4506683 | BJ88: -6.3876152 | BK88: -6.3232247 | BL88: -6.2576604 | BM88: -6.1910708 | BN88: -6.1235906 | BO88: -6.0553417 | BP88: -5.9864341 | BQ88: -5.916967 | BR88: -5.8255668 | BS88: -5.7160198 | BT88: -5.6086908 | BU88: 1.4744672 | BV88: 267.85273 | BW88: 2.8039084 | BX88: 2.614952 | BY88: 2.568125 | BZ88: 2.6162821 | CA88: 2.7212857 | CB88: 2.8456013 | CC88: 2.9532888 | CD88: 1.8967166 | CE88: 2.0416344 | CF88: 2.148668 | CG88: 2.2160173 | CH88: 2.2436961 | CI88: 1.9712103 | CJ88: 1.6029146 | CK88: 1.200387 | CL88: 0.76975207 | CM88: 0.31726523 | CN88: -0.15104474 | CO88: -0.62956343 | CP88: -1.1131842 | CQ88: -1.5973476 | CR88: -2.078049 | CS88: -2.5518277 | CT88: -3.0157458 | CU88: -3.4673609 | CV88: -3.9046958 | CW88: -4.3262077 | CX88: -4.7307566 | CY88: -5.1175757 | CZ88: -5.4862414 | DA88: -5.8366455 | DB88: -6.1689688 | DC88: -6.4836556 | DD88: -6.7813895 | DE88: -7.0630712 | DF88: -7.3297964 | DG88: -7.5828362 | DH88: -7.8236168 | DI88: -8.0537021 | DJ88: -8.2747757 | DK88: -8.4886247 | DL88: -8.6971239 | DM88: -8.8559446 | DN88: -8.7821409 | DO88: -8.7049981 | DP88: -8.6250037 | DQ88: -8.5425999 | DR88: -8.4581871 | DS88: 51.34254 | DT88: -5.7747645 | DU88: -4.7945924 | DV88: -4.9700489 | DW88: -5.1392898 | DX88: -5.3029978 | DY88: -5.4618572 | DZ88: -5.6165503 | EA88: -5.7677531 | EB88: -5.8396769 | EC88: -5.7958002 | ED88: -5.7498859 | EE88: -5.7021263 | EF88: -5.6526979 | EG88: -5.6017616 | EH88: -5.5494647 | EI88: -5.4959412 | EJ88: -5.4413133 | EK88: -5.3642296 | EL88: -5.2684973 | EM88: -5.1745014 | EN88: 1.8957859 | EO88: 268.26162 | EP88: 3.2008004 | EQ88: 3.0002536 | ER88: 2.9422297 | ES88: 2.9795681 | ET88: 3.0741165 | EU88: 3.1883264 | EV88: 3.286244 | EW88: 2.5168938 | EX88: 2.6526755 | EY88: 2.7508721 | EZ88: 2.809672 | FA88: 2.8290782 | FB88: 2.5485861 | FC88: 2.1725407 | FD88: 1.7625103 | FE88: 1.3246105 | FF88: 0.86508784 | FG88: 0.38996277 | FH88: -0.095158321 | FI88: -0.58517651 | FJ88: -1.0755397 | FK88: -1.5622503 | FL88: -2.0418546 | FM88: -2.5114211 | FN88: -2.9685136 | FO88: -3.4111609 | FP88: -3.837826 | FQ88: -4.2473745 | FR88: -4.6390449 | FS88: -5.0124185 | FT88: -5.3673924 | FU88: -5.7041518 | FV88: -6.0231455 | FW88: -6.3250616 | FX88: -6.6108049 | FY88: -6.8814753 | FZ88: -7.1383475 | GA88: -7.3828516 | GB88: -7.6165549 | GC88: -7.8411447 | GD88: -8.0584113 | GE88: -8.2702325 | GF88: -8.4322829 | GG88: -8.3616196 | GH88: -8.2875306 | GI88: -8.210506 | GJ88: -8.1309909 | GK88: -8.0493883 | GL88: 51.748605 | GM88: -5.3713597 | GN88: -4.3937761 | GO88: -4.5717518 | GP88: -4.7434447 | GQ88: -4.9095394 | GR88: -5.0707224 | GS88: -5.2276777 | GT88: -5.3810834
A89: 41 | B89: AF_O_W_Ma | C89: 7.5231679 | D89: 7.29773 | E89: 7.4659017 | F89: 7.5953248 | G89: 7.7837944 | H89: 8.0208555 | I89: 8.2958238 | J89: 8.5973021 | K89: 8.3855152 | L89: 8.7475999 | M89: 9.0840716 | N89: 9.396548 | O89: 9.6870495 | P89: 9.9573488 | Q89: 10.208811 | R89: 10.442396 | S89: 10.658716 | T89: 10.858098 | U89: 11.040651 | V89: 11.206314 | W89: 11.354912 | X89: 11.486194 | Y89: 11.345797 | Z89: 11.457264 | AA89: 11.533246 | AB89: 11.551779 | AC89: 11.499599 | AD89: 11.429473 | AE89: 11.343169 | AF89: 11.242406 | AG89: 11.128844 | AH89: 11.00407 | AI89: 10.869595 | AJ89: 10.726846 | AK89: 10.577166 | AL89: 10.421813 | AM89: 10.261957 | AN89: 10.098682 | AO89: 9.9329893 | AP89: 9.7657969 | AQ89: 9.5979436 | AR89: 9.4301911 | AS89: 9.2632276 | AT89: 9.0976706 | AU89: 8.9340705 | AV89: 8.7729144 | AW89: 8.6146291 | AX89: 8.4595851 | AY89: 8.3080999 | AZ89: 8.1604417 | BA89: 8.0168329 | BB89: 7.8774533 | BC89: 7.7424437 | BD89: 7.6119086 | BE89: 7.4859203 | BF89: 7.3645209 | BG89: 7.2477259 | BH89: 7.1355267 | BI89: 7.0278932 | BJ89: 6.9247769 | BK89: 6.8261127 | BL89: 6.7318213 | BM89: 6.6418118 | BN89: 6.5559835 | BO89: 6.4742276 | BP89: 6.3964293 | BQ89: 6.3224696 | BR89: 6.2888764 | BS89: 6.2720615 | BT89: 6.2564889 | BU89: 12.252195 | BV89: 180.95224 | BW89: 11.172204 | BX89: 11.065318 | BY89: 11.041556 | BZ89: 11.083867 | CA89: 11.18146 | CB89: 11.323332 | CC89: 11.497782 | CD89: 11.164744 | CE89: 11.411082 | CF89: 11.637048 | CG89: 11.844011 | CH89: 12.033755 | CI89: 12.207827 | CJ89: 12.367379 | CK89: 12.513166 | CL89: 12.645606 | CM89: 12.764843 | CN89: 12.870808 | CO89: 12.963275 | CP89: 13.041909 | CQ89: 13.106306 | CR89: 12.901962 | CS89: 12.952282 | CT89: 12.969786 | CU89: 12.932386 | CV89: 12.8267 | CW89: 12.705382 | CX89: 12.570093 | CY89: 12.422451 | CZ89: 12.264018 | DA89: 12.096288 | DB89: 11.920685 | DC89: 11.738553 | DD89: 11.551154 | DE89: 11.359671 | DF89: 11.1652 | DG89: 10.968757 | DH89: 10.771278 | DI89: 10.573619 | DJ89: 10.376558 | DK89: 10.1808 | DL89: 9.9869802 | DM89: 9.7956641 | DN89: 9.607353 | DO89: 9.4224874 | DP89: 9.2414494 | DQ89: 9.0645671 | DR89: 8.8921176 | DS89: 8.7243305 | DT89: 8.5613915 | DU89: 8.4034453 | DV89: 8.2505992 | DW89: 8.1029261 | DX89: 7.9604677 | DY89: 7.8232373 | DZ89: 7.6912226 | EA89: 7.5643888 | EB89: 7.4426807 | EC89: 7.3260256 | ED89: 7.2143357 | EE89: 7.10751 | EF89: 7.0054365 | EG89: 6.9079948 | EH89: 6.8150571 | EI89: 6.7264906 | EJ89: 6.6421588 | EK89: 6.5985732 | EL89: 6.5721299 | EM89: 6.5472779 | EN89: 12.534039 | EO89: 181.22546 | EP89: 11.437107 | EQ89: 11.322201 | ER89: 11.2907 | ES89: 11.325545 | ET89: 11.415934 | EU89: 11.550851 | EV89: 11.718586 | EW89: 11.675734 | EX89: 11.91581 | EY89: 12.135727 | EZ89: 12.336847 | FA89: 12.520944 | FB89: 12.689558 | FC89: 12.843834 | FD89: 12.98452 | FE89: 13.112026 | FF89: 13.226492 | FG89: 13.327841 | FH89: 13.415842 | FI89: 13.490153 | FJ89: 13.550367 | FK89: 13.341974 | FL89: 13.388372 | FM89: 13.402079 | FN89: 13.361 | FO89: 13.25175 | FP89: 13.12698 | FQ89: 12.988345 | FR89: 12.83746 | FS89: 12.675884 | FT89: 12.505106 | FU89: 12.326548 | FV89: 12.141549 | FW89: 11.95137 | FX89: 11.757189 | FY89: 11.5601 | FZ89: 11.361118 | GA89: 11.161173 | GB89: 10.961121 | GC89: 10.761736 | GD89: 10.563722 | GE89: 10.367711 | GF89: 10.174267 | GG89: 9.983888 | GH89: 9.7970136 | GI89: 9.6140237 | GJ89: 9.4352446 | GK89: 9.2609514 | GL89: 9.0913721 | GM89: 8.9266908 | GN89: 8.7670504 | GO89: 8.6125568 | GP89: 8.4632815 | GQ89: 8.3192647 | GR89: 8.1805181 | GS89: 8.0470285 | GT89: 7.9187595
A90: 42 | B90: AF_M_D_Ma | C90: -0.89122046 | D90: -1.4963379 | E90: -1.7985729 | F90: -2.23766 | G90: -2.7126988 | H90: -3.2233563 | I90: -3.766993 | J90: -4.3400123 | K90: -5.9520819 | L90: -6.2522885 | M90: -6.506973 | N90: -6.7353694 | O90: -6.9485137 | P90: -7.594776 | Q90: -8.2002984 | R90: -8.7258667 | S90: -9.1834892 | T90: -9.5820475 | U90: -9.9284078 | V90: -10.228092 | W90: -10.485693 | X90: -10.705147 | Y90: -10.889898 | Z90: -11.043019 | AA90: -11.167287 | AB90: -11.265237 | AC90: -11.339197 | AD90: -11.391315 | AE90: -11.42358 | AF90: -11.437835 | AG90: -11.43579 | AH90: -11.41903 | AI90: -11.389026 | AJ90: -11.347137 | AK90: -11.294622 | AL90: -11.232645 | AM90: -11.162277 | AN90: -11.084505 | AO90: -11.000237 | AP90: -10.910303 | AQ90: -10.815467 | AR90: -10.716424 | AS90: -10.61381 | AT90: -10.508201 | AU90: -10.400123 | AV90: -10.29005 | AW90: -10.178412 | AX90: -10.065594 | AY90: -9.9519442 | AZ90: 50.827985 | BA90: -8.820401 | BB90: -7.6070744 | BC90: -7.5532492 | BD90: -7.4967226 | BE90: -7.4377858 | BF90: -7.3767059 | BG90: -7.3137271 | BH90: -7.2490722 | BI90: -7.1829447 | BJ90: -7.1155296 | BK90: -7.0469953 | BL90: -6.9774943 | BM90: -6.9071649 | BN90: -6.8361318 | BO90: -6.7645078 | BP90: -6.6923937 | BQ90: -6.6198805 | BR90: -6.5255865 | BS90: -6.4132904 | BT90: -6.3033498 | BU90: 0.78228927 | BV90: 268.99795 | BW90: 3.695364 | BX90: 3.0689052 | BY90: 2.4286882 | BZ90: 1.76158 | CA90: 1.0674846 | CB90: 0.3486334 | CC90: -0.39176513 | CD90: -2.1637481 | CE90: -2.6167538 | CF90: -3.0174575 | CG90: -3.3854113 | CH90: -3.7319543 | CI90: -4.5057447 | CJ90: -5.2331988 | CK90: -5.8753637 | CL90: -6.4444958 | CM90: -6.9497134 | CN90: -7.3981078 | CO90: -7.7954148 | CP90: -8.1464328 | CQ90: -8.4552895 | CR90: -8.7256157 | CS90: -8.9606603 | CT90: -9.1633679 | CU90: -9.3364323 | CV90: -9.4823336 | CW90: -9.6033652 | CX90: -9.7016536 | CY90: -9.7791731 | CZ90: -9.8377586 | DA90: -9.8791146 | DB90: -9.9048241 | DC90: -9.9163562 | DD90: -9.9150724 | DE90: -9.9022333 | DF90: -9.8790046 | DG90: -9.8464624 | DH90: -9.8055984 | DI90: -9.7573259 | DJ90: -9.7024837 | DK90: -9.6418415 | DL90: -9.5761043 | DM90: -9.5059165 | DN90: -9.4318662 | DO90: -9.354489 | DP90: -9.2742718 | DQ90: -9.1916565 | DR90: -9.1070428 | DS90: 51.644966 | DT90: -8.0302712 | DU90: -6.8427737 | DV90: -6.8137987 | DW90: -6.7811849 | DX90: -6.7452634 | DY90: -6.706339 | DZ90: -6.664692 | EA90: -6.62058 | EB90: -6.5742393 | EC90: -6.5258863 | ED90: -6.4757196 | EE90: -6.4239203 | EF90: -6.370654 | EG90: -6.3160718 | EH90: -6.2603112 | EI90: -6.2034973 | EJ90: -6.1457435 | EK90: -6.0656901 | EL90: -5.9671367 | EM90: -5.8704607 | EN90: 1.2023727 | EO90: 269.40567 | EP90: 4.0911412 | EQ90: 3.4531476 | ER90: 2.8017867 | ES90: 2.1239101 | ET90: 1.4194074 | EU90: 0.69049581 | EV90: -0.059629371 | EW90: -1.5443495 | EX90: -2.0064523 | EY90: -2.415956 | EZ90: -2.7924241 | FA90: -3.1472064 | FB90: -3.9289712 | FC90: -4.664145 | FD90: -5.313784 | FE90: -5.8901539 | FF90: -6.4023815 | FG90: -6.8575664 | FH90: -7.2614525 | FI90: -7.6188457 | FJ90: -7.9338812 | FK90: -8.2101968 | FL90: -8.4510479 | FM90: -8.6593858 | FN90: -8.8379105 | FO90: -8.9891079 | FP90: -9.1152773 | FQ90: -9.2185506 | FR90: -9.3009074 | FS90: -9.3641877 | FT90: -9.4101007 | FU90: -9.4402344 | FV90: -9.456062 | FW90: -9.4589496 | FX90: -9.450162 | FY90: -9.4308687 | FZ90: -9.4021496 | GA90: -9.3650003 | GB90: -9.3203375 | GC90: -9.2690035 | GD90: -9.2117713 | GE90: -9.1493491 | GF90: -9.0823842 | GG90: -9.0114677 | GH90: -8.9371381 | GI90: -8.859885 | GJ90: -8.7801529 | GK90: -8.6983441 | GL90: 52.050936 | GM90: -7.6269567 | GN90: -6.4420432 | GO90: -6.4155831 | GP90: -6.3854171 | GQ90: -6.3518785 | GR90: -6.3152741 | GS90: -6.2758859 | GT90: -6.2339734
A91: 43 | B91: AF_M_W_Ma | C91: -0.83346279 | D91: -1.1960326 | E91: -1.2563882 | F91: -1.4391311 | G91: -1.6370275 | H91: -1.8497121 | I91: -2.0759982 | J91: -2.3147152 | K91: -3.0136406 | L91: -3.0890994 | M91: -3.1535377 | N91: -3.214236 | O91: -3.2750989 | P91: -3.3382212 | Q91: -3.4046907 | R91: -3.475017 | S91: -3.549368 | T91: -3.6277053 | U91: -3.709863 | V91: -3.7955947 | W91: -3.8846026 | X91: -3.9765549 | Y91: -4.4275872 | Z91: -4.578943 | AA91: -4.7215506 | AB91: -4.8807549 | AC91: -5.073019 | AD91: -5.2486047 | AE91: -5.4086135 | AF91: -5.5540405 | AG91: -5.6857933 | AH91: -5.8047061 | AI91: -5.9115507 | AJ91: -6.0070454 | AK91: -6.0918612 | AL91: -6.1666276 | AM91: -6.2319364 | AN91: -6.2883455 | AO91: -6.3363813 | AP91: -6.3765414 | AQ91: -6.4092966 | AR91: -6.4350922 | AS91: -6.4543498 | AT91: -6.4674683 | AU91: -6.4748256 | AV91: -6.4767791 | AW91: -6.4736667 | AX91: -6.4658081 | AY91: -6.4535056 | AZ91: -6.4370443 | BA91: -6.4166936 | BB91: -6.3927076 | BC91: -6.3653257 | BD91: -6.3347737 | BE91: -6.3012639 | BF91: -6.2649961 | BG91: -6.2261581 | BH91: -6.1849263 | BI91: -6.1414661 | BJ91: -6.0959329 | BK91: -6.048472 | BL91: -5.9992196 | BM91: -5.9483031 | BN91: -5.8958415 | BO91: -5.841946 | BP91: -5.7867202 | BQ91: -5.7302608 | BR91: -5.6551666 | BS91: -5.5655826 | BT91: -5.4770112 | BU91: 0.62061901 | BV91: 172.59561 | BW91: 2.678441 | BX91: 2.3430282 | BY91: 2.0070997 | BZ91: 1.6630448 | CA91: 1.3108926 | CB91: 0.95151029 | CC91: 0.58576454 | CD91: -0.23441141 | CE91: -0.42561768 | CF91: -0.60056184 | CG91: -0.76677333 | CH91: -0.92839361 | CI91: -1.0877426 | CJ91: -1.2461226 | CK91: -1.4042469 | CL91: -1.5624775 | CM91: -1.7209606 | CN91: -1.8797058 | CO91: -2.038634 | CP91: -2.1976063 | CQ91: -2.3564423 | CR91: -2.8714216 | CS91: -3.0839246 | CT91: -3.2850104 | CU91: -3.5001478 | CV91: -3.7459182 | CW91: -3.9726958 | CX91: -4.1816893 | CY91: -4.3739957 | CZ91: -4.5506197 | DA91: -4.7124878 | DB91: -4.8604599 | DC91: -4.995338 | DD91: -5.117873 | DE91: -5.2287701 | DF91: -5.3286937 | DG91: -5.4182704 | DH91: -5.4980923 | DI91: -5.5687197 | DJ91: -5.6306826 | DK91: -5.6844832 | DL91: -5.7305971 | DM91: -5.7694749 | DN91: -5.8015431 | DO91: -5.8272061 | DP91: -5.8468464 | DQ91: -5.8608262 | DR91: -5.8694879 | DS91: -5.8731555 | DT91: -5.872135 | DU91: -5.8667156 | DV91: -5.8571702 | DW91: -5.8437562 | DX91: -5.8267165 | DY91: -5.8062798 | DZ91: -5.7826614 | EA91: -5.7560642 | EB91: -5.7266787 | EC91: -5.6946842 | ED91: -5.660249 | EE91: -5.623531 | EF91: -5.5846784 | EG91: -5.5438302 | EH91: -5.5011164 | EI91: -5.4566589 | EJ91: -5.4105716 | EK91: -5.3454697 | EL91: -5.2655142 | EM91: -5.1862223 | EN91: 0.90246309 | EO91: 172.86883 | EP91: 2.9433447 | EQ91: 2.5999108 | ER91: 2.2562444 | ES91: 1.9047234 | ET91: 1.5453661 | EU91: 1.1790291 | EV91: 0.80656905 | EW91: 0.27657834 | EX91: 0.079110534 | EY91: -0.10188209 | EZ91: -0.27393732 | FA91: -0.4412046 | FB91: -0.60601153 | FC91: -0.7696676 | FD91: -0.9328932 | FE91: -1.096057 | FF91: -1.2593116 | FG91: -1.4226728 | FH91: -1.5860672 | FI91: -1.7493616 | FJ91: -1.9123811 | FK91: -2.4314104 | FL91: -2.6478348 | FM91: -2.8527181 | FN91: -3.0715338 | FO91: -3.3208675 | FP91: -3.5510977 | FQ91: -3.7634369 | FR91: -3.9589862 | FS91: -4.1387537 | FT91: -4.3036697 | FU91: -4.4545974 | FV91: -4.5923419 | FW91: -4.7176573 | FX91: -4.831252 | FY91: -4.933793 | FZ91: -5.0259098 | GA91: -5.1081971 | GB91: -5.1812178 | GC91: -5.2455043 | GD91: -5.3015612 | GE91: -5.3498663 | GF91: -5.3908724 | GG91: -5.4250082 | GH91: -5.4526799 | GI91: -5.4742721 | GJ91: -5.4901487 | GK91: -5.5006541 | GL91: -5.5061138 | GM91: -5.5068358 | GN91: -5.5031105 | GO91: -5.4952126 | GP91: -5.4834009 | GQ91: -5.4679196 | GR91: -5.4489989 | GS91: -5.4268556 | GT91: -5.4016935
